Workbook
Name a: #REF!
Name a: #REF!
Name a: #REF!
Name a: #REF!
Name a: #REF!
Name a: #REF!
Name a: #REF!
Name a: #REF!
Name a: #REF!
Name a: #REF!+#REF!+#REF!-SUM(#REF!,#REF!,#REF!,#REF!,#REF!,#REF!,#REF!)
Name a: #REF!+#REF!+#REF!-SUM(#REF!,#REF!,#REF!,#REF!,#REF!,#REF!,#REF!)
Name B: #REF!
Name B: #REF!
Name Database: [1]B!#REF!
Name fix2000.dbf: #REF!
Name fix2000.dbf: #REF!
Name fixlj2000.dbf: #REF!
Name fixlj2000.dbf: #REF!
Name m: #REF!
Name m: #REF!
Name n: #REF!
Name n: #REF!
Name Print_Area_MI: #REF!
Name Print_Area_MI: #REF!
Name S: #REF!
Name S: #REF!
Name UFPrn20001231102643: #REF!
Name UFPrn20001231102643: #REF!
Name UFPrn20050222110615: #REF!
Name UFPrn20050222110615: #REF!
Name Z_8F5F0A0B_1706_11D4_BA6C_B6B1FD54CC07_.wvu.PrintArea: #REF!
Name Z_8F5F0A0B_1706_11D4_BA6C_B6B1FD54CC07_.wvu.PrintArea: #REF!
Name Z_8F5F0A0B_1706_11D4_BA6C_B6B1FD54CC07_.wvu.PrintTitles: #REF!
Name Z_8F5F0A0B_1706_11D4_BA6C_B6B1FD54CC07_.wvu.PrintTitles: #REF!
Name Z_8F5F0A0B_1706_11D4_BA6C_B6B1FD54CC07_.wvu.PrintTitles: #REF!
Name Z_D6FB2721_935C_11BD_A306_F83717C5857D_.wvu.PrintArea: #REF!
Name Z_D6FB2721_935C_11BD_A306_F83717C5857D_.wvu.PrintArea: #REF!
Name Z_D6FB2721_935C_11BD_A306_F83717C5857D_.wvu.PrintArea: #REF!
Name Z_D6FB2721_935C_11BD_A306_F83717C5857D_.wvu.PrintTitles: #REF!
Name Z_D6FB2721_935C_11BD_A306_F83717C5857D_.wvu.PrintTitles: #REF!
Name Z_D6FB2721_935C_11BD_A306_F83717C5857D_.wvu.PrintTitles: #REF!
Name zjgch2000.dbf: #REF!
Name zjgch2000.dbf: #REF!
Name 啊: #REF!
Name 啊: #REF!
Name 啊: #REF!
Name 啊: #REF!
Name 啊: #REF!
Name 啊: #REF!
Name 啊: #REF!
Name 啊: #REF!
Name 啊: #REF!
Name 暗、、: [2]企业表一!$F$17
Name 本年度实现的可抵扣应纳税所得额: #REF!+#REF!+#REF!-SUM(#REF!,#REF!,#REF!,#REF!,#REF!,#REF!,#REF!)
Name 本年度实现的可抵扣应纳税所得额: #REF!+#REF!+#REF!-SUM(#REF!,#REF!,#REF!,#REF!,#REF!,#REF!,#REF!)
Name 本年度实现的可抵扣应纳税所得额: #REF!+#REF!+#REF!-SUM(#REF!,#REF!,#REF!,#REF!,#REF!,#REF!,#REF!)
Name 本年度实现的可抵扣应纳税所得额: #REF!+#REF!+#REF!-SUM(#REF!,#REF!,#REF!,#REF!,#REF!,#REF!,#REF!)
Name 本年度实现的可抵扣应纳税所得额: #REF!+#REF!+#REF!-SUM(#REF!,#REF!,#REF!,#REF!,#REF!,#REF!,#REF!)
Name 本年度实现的可抵扣应纳税所得额: #REF!+#REF!+#REF!-SUM(#REF!,#REF!,#REF!,#REF!,#REF!,#REF!,#REF!)
Name 本年度实现的可抵扣应纳税所得额: #REF!+#REF!+#REF!-SUM(#REF!,#REF!,#REF!,#REF!,#REF!,#REF!,#REF!)

Sheet  
Z1: 深圳市嘉信瑞税务师事务所 | IU1: 刁英锋 | IV1: 李树永
A4: 39859.622

Sheet Sheet1
C4: 企业清算所得纳税申报鉴证系统
C7: 客 户 名 称： | F7: 新疆通力房地产开发有限公司库尔勒二分公司
C9: 纳税人识别号： | F9: 91652801576209018D
C11: 审核期间： | F11: 45658 | G11: 至 | H11: 46022 | I11: 二〇〇七年度
C13: 税务师事务所： | F13: 新疆华政华瑞税务师事务所有限责任公司工作底稿
C15: 编 制 ： | F15: 王翠英 | G15: 编制日期： | H15: 46040
C17: 复 核 ： | F17: 刘洁 | G17: 复核日期： | H17: 46140
C19: 报告文号： | F19: 新华政华瑞巴鉴字[2024] 043号 | G19: 会计核算： | H19: 企业会计准则
A27: 共184张表

Sheet 目录（简版）
A1: 工作索引
A2: =CONCATENATE("被审核单位：",Sheet1!F7) -> 被审核单位：新疆通力房地产开发有限公司库尔勒二分公司
A3: ="纳税年度： "&YEAR(Sheet1!F11) -> 纳税年度： 2025 | D3: 业务类型：企业所得税汇算清缴
B4: 综合类 | D4: 调整项目
B5: 纳税调整汇总记录 | D5: 主营业务成本率鉴证表
B6: 应免税分配 | D6: 收入成本表
B7: 凭证检查表 | D7: 成本测试表
B8: 基础信息 | D8: 产销存
B9: 其他信息 | D9: 利息收入
B10: 人员、车辆表 | D10: 政府补助明细
B11: 报告用数据 | D11: 工资薪金和三项经费支出
B12: 调整事项 | D12: 固定资产折旧
B13: 弥补亏损 | D13: 无形资产、长期待摊费用
B14: 利润总额 | D14: 生产性生物资产
B15: 收入、成本类 | D15: 5000调整表
... B26: 管理费用 | D26: 其他
B27: 财务费用
B28: 4000期间费用
B29: 往来类
B30: 4-5-1应收账款
B31: 预付账款
B32: 其他应收款
B33: 4-6-1待摊费用'
B34: 4-11-1长、短期借款'
B35: 4-12-1应付账款'
B36: 4-12-2预收账款'
B37: 4-12-3其他应付款'
B38: 应收款询证函
B39: 应付款询证函

Sheet 底稿封面
E1: =Sheet1!F19 -> 新华政华瑞巴鉴字[2024] 043号
A4: 企业所得税汇算清缴审核
D12: 工
D13: 作
D14: 底
D15: 稿
A21: 委托单位： | D21: =Sheet1!F7 -> 新疆通力房地产开发有限公司库尔勒二分公司
A22: 委托项目： | D22: 企业所得税汇算清缴审核
A23: 受托单位： | D23: 新疆华政华瑞税务师事务所有限公司巴州分所
A25: 编制人： | C25: =Sheet1!F15 -> 王翠英 | E25: 日期： | F25: =Sheet1!H15 -> 46040
A27: 复核人： | C27: =Sheet1!F17 -> 刘洁 | E27: 日期： | F27: =Sheet1!H17 -> 46140

Sheet 签发单
A1: 新疆华政华瑞税务师事务所有限责任公司巴州分所
A2: XinJiang Huarui Certified Public AccountantsLimited
A3: 审核报告三级复核(签发)单 | G3: 索引
F4: 页次：1
A5: =签收单!C5 -> 新疆通力房地产开发有限公司库尔勒二分公司 | E5: 编制人 | F5: =Sheet1!F15 -> 王翠英
A6: 会计期间：2022年度 | E6: 日 期 | F6: =底稿封面!F27 -> 46140
A7: 复核人 | B7: 复核要点 | C7: 复核情况 | D7: 复核意见 | F7: 处理情况
A8: 项 目 负 责 人 | B8: 1、预定审核程序完成是否适当； | C8: 已 复 核 | D8: 已完成预定审计程序，审计证据充分恰当，审计工作底稿填写完整，审计标识、勾稽关系清晰，底稿的归类整理适当，审核结论明确。
B9: 2、审核证据是否充分、适当；
B10: 3、审核工作底稿的填写是否完整；
B11: 4、审核工作底稿的记录、审核标识是否清晰；
B12: 5、审核工作底稿的勾稽关系是否清晰；
B13: 6、审核工作底稿的归类整理是否适当； | D13: 复核人：
B14: 7、审核结论是否明确。 | D14: 日期：
A15: 部 门 经 理 | B15: 1、重要审核程序的制定执行是否已经实现审核目标； | C15: 已 复 核 | D15: 重要审计程序的制定执行已实现审计目标；审计证据充分、适当，审计项目之间的衔接充分合理，未存在重要漏审项目；调整项目或未予调整项目恰当；审计意见恰当，相关披露与审计意见一致。
B16: 2、审核项目的审核证据是否充分、适当；
B17: 3、各审核项目之间的衔接是否充分合理，是否存在重要漏审项目；
B18: 4、项目负责人对业务经理人员的监督、指导是否恰当；
B19: 5、所有调整项目或未予调整项目是否恰当； | D19: 复核人：
B20: 6、审核意见的确定是否恰当，相关的披露是否一致。 | D20: 日期：
A21: 公司（所）领导 | B21: 1、审核约定事项是否已实现； | C21: 已 复 核 | D21: 已实现审计约定事项； 重要审计程序的制定与实施恰当；重点审计领域测试充分；重点审计依据充分、适当； 重要审计事项恰当； 审计意见的确定恰当；审计报告的表述规范。
B22: 2、重要审核程序的制定与实施是否恰当；
B23: 3、重点审核领域的测试是否充分；
B24: 4、重点审核依据是否充分、适当；
B25: 5、重要审核事项是否恰当； | D25: 复核人：
B26: 6、 审核意见的确定是否恰当，审核报告的表述是否规范。 | D26: 日期：
A27: =[13]信息!B6&" 电话："&[13]信息!B8 -> #REF!

Sheet 签收单
A1: 新疆华政华瑞税务师事务所有限责任公司
A2: XinJiang Huarui Registered Tax Agent CO. , Ltd
A3: 税务审核报告签收单 | D3: 索引
C4: 页次：1
A5: 委托单位 | C5: =底稿封面!D21 -> 新疆通力房地产开发有限公司库尔勒二分公司
A6: 审核报告书编号 | C6: =Sheet1!F19 -> 新华政华瑞巴鉴字[2024] 043号
A7: 审核截止日 | C7: 44926
A8: 审核报告书提交日期 | C8: 2023年 月 日
A9: 审核报告书份数 | C9: 2份
A10: 收件人签字
A11: 收件日期 | C11: 2023年 月 日
A12: 事务所经办人 | C12: =Sheet1!F15 -> 王翠英
A13: 备 注

Sheet 1-5管理层声明书
A1: 管理层声明书
A2: 索引号：1-5
A3: 新疆华瑞税务师事务（所）有限公司巴州分所：
A4: 本公司已委托贵税务师事务所对本公司2021年度企业所得税年度汇算清缴纳税申报进行鉴证审核，并出具鉴证报告。为配合贵事务所的鉴证工作，本公司就已知的全部事项作出如下声明：
A5: 1.本公司已履行__2021_年__12_月_30__日与贵所签署的鉴证业务约定书中提及的责任，并承诺如下事项：
A6: （1）按照企业会计准则和《_______会计制度》和有关财务制度的规定编制2015年度财务报表，公允地反映本公司的财务状况、经营成果和现金流量情况，财务报表的编制基础与上年度保持一致，保证会计资料的真实性、准确性、完整性和合法性是我们的责任。
A7: （2）按照《中华人民共和国税收征收管理法》及其实施细则、《中华人民共和国企业所得税法》及其实施条例以及其他税收法律、法规、规范的要求，如实进行纳税申报，按照税收规定进行纳税调整，保证纳税资料的真实性、准确性、完整性和合法性是我们的责任。
A8: （3）建立、完善并有效实施与会计核算、纳税申报相关的内部控制，防止或发现并纠正错报，是我们的责任。
A9: 2.本公司向贵事务所提供如下工作条件：
A10: （1）允许接触全部涉及本次鉴证业务的相关会计数据和其他数据（如相关决议、合同、章程、股东会和董事会的会议记录等相关资料）；
A11: （2）允许接触全部涉及本次鉴证业务的相关人员。
A12: 3.本公司所有经济业务均已按规定入账，不存在账外资产或未计负债。
... A34: 财务负责人：（签名）
A35: 45678

Sheet 1-17交换意见记录
A1: 交换意见记录
A2: 索引号：1-17
A3: =利润总额!B2 -> 被审核单位: 新疆通力房地产开发有限公司库尔勒二分公司 | F3: 金额单位：元
A4: 会计期间或会计截止日： | B4: 2023年1月1日至2023年12月31日 | C4: 编制人 | D4: =Sheet1!F15 -> 王翠英 | E4: 日期 | F4: =Sheet1!H15 -> 46040
C5: 复核人 | D5: =Sheet1!F17 -> 刘洁 | E5: 日期 | F5: =Sheet1!H17 -> 46140
A6: 发现问题及处理意见 | D6: 交换意见后的处理结果
A7: 1、西部大开发：贵公司2023年若符合设在西部地区以《西部地区鼓励类产业目录》第一类 鼓励类 二十一 建筑 8、节能建筑、绿色建筑、装配式建筑技术、产品的研发与推广中的鼓励类产业项目为主营业务，且其当年度主营业务收入占企业收入总额70%以上，企业所得税汇算清缴时可享受西部地区鼓励类产业企业减按15%的税率征收企业所得税。 贵公司上述优惠政策未经我所专业审核，无法判断是否享受上述优惠政策，建议企业自行判断是否可享受西部地区鼓励类产业。
A8: 企业所得税
A9: 1、工资薪金：贵公司2023年1-12月账面在费用中列支工资、奖金6565838元，2023年度期末余额5007526.3元，2023年1-5月发放2022年度工资152940.57元，2024年发放2023年工资7526.3元，税法规定可税前扣除工资1582020.5元，纳税调增4983817.5元 | D9: 调整
A10: 2、福利费：贵公司2023年1-12月账面列支福利费31199.91元，未超工资薪金总额14%税前扣除限额，企业所得税汇算清缴时可据实扣除。
A11: 3、职工教育经费：贵公司2023年1-12月账面列支职工教育经费10686.00元，未超工资薪金总额8%税前扣除限额，企业所得税汇算清缴时可据实扣除。
A12: 4、工会经费：贵公司2023年1-12月账面列支工会经费31640.41元，已实际缴纳，企业所得税汇算清缴时可据实扣除。
A13: 6、业务招待费：贵公司2023年1-12月账面列支业务招待费80220.94元，税法允许按实际发生的业务招待费支出60%和年度销售（营业）收入5‰的比例孰低扣除4812.56元，建议企业所得税汇算清缴时调增应纳税所得额32088.38元。 | D13: 调整
A14: 7、广告费和业务宣传费支出：贵公司2023年账面在费用列支广告费和业务宣传费163892.21元，未超当年销售（营业）收入的15%税前扣除限额，企业所得税汇算清缴时可据实扣除。
A15: 8、税收滞纳金：贵公司2023年发生税收滞纳金331822.5元，企业所得税税前不可扣除，建议纳税调增331822.5元 | D15: 调整
A16: 9、无关支出：贵公司2023年发生美容院支出400000.00元，发生垫付业主子女上华山中学的赞助费用180000.00元，共计58万.属于无关支出，税前无法扣除，纳税调增580000.00元。 | D16: 调整
A17: 10、贵公司2022年水电费54万，2023年水电费94万，明显高于去年，本年度人员无重大变动，办公场所也无重大变更，水电费增加不符合实际，取得的水费票据有部分票据注明是*特行用水*，是否为非本单位发生的水电费，在本单位列支，轻贵单位予以确认。 | D17: 不调整
A18: 8、不合规票据：贵公司2023年1-12月账面列支不合规票据131506.85元，其中： （1）2023年确认支付高凤荣个人借款利息，131506.85元。未取得借款利息发票。属于不合规票据，税前不得扣除，调增应纳税所得额131506.85元 | D18: 调整
A19: 12、多计成本：贵公司2020年1-12月在费用中列支酒款等一次性进费用198,600.00，应计入库存商品科目，按照实际领用计入费用科目；建议调整账务，或企业所得税汇算清缴时应调增应纳税所得额198,600.00元。
A20: 9、贵公司2023年度列支归属于2019年及以后年度支付巴州群力物业服务费130257.63元，不得在当期税前扣除，纳税调增130257.63元 | D20: 不调整
A21: 10、房地产企业销售未完工产品预计利润： 贵公司本纳税年度发生房地产开发企业特定业务计算的纳税调整增加经审核减为166795050.63元。包括： ① ②贵公司以前年度未完工开发项目预售收入181801652元，已按预计利润-16679050.64元计入当年纳税所得，本纳税年度该开发项目完工，该预计利润转回数-16679050.64元，应纳税调整减少-16679050.64元。 贵公司本纳税年度发生房地产开发企业特定业务计算的纳税调整增加经审核增加为-16679050.64元。 | D21: 调整
A22: 11.贵公司截止2024年5月18日账面开发成本465453659.90元（含暂估），《房地产开发经营业务企业所得税处理办法》（国税发〔2009〕31号）第三十二条规定，除以下几项预提（应付）费用外，计税成本均应为实际发生的成本。（一）出包工程未最终办理结算而未取得全额发票的，在证明资料充分的前提下，其发票不足金额可以预提，但最高不得超过合同总金额的10%。贵公司截止2024年5月18日，1-5期暂估成本41544704.66元，经对贵公司暂估金额进行确认可暂估20337523.01元，，应纳税调增12595710.09元。详见附件（2023年汇算数据5.18日确认） | D22: 2023年汇算数据 (4.28确认)'!A1 | L22: 12595710
A23: 二.房产税
A24: 1.沁园锦苑35#楼目前的作为贵公司的办公室和售房部使用，属于自用房产，应按房屋余值缴纳房产税，贵公司账面35#成本7372885.11元，贵公司，实际35#缴纳的从价房产税的原值2132298.57元，明显偏低。建议按账面成本7372885.11元。
A26: （三）增值税
A27: 1.沁园锦苑3期的3#楼目前的由九重天足浴中心在用，房产企业开发项目已实际投入使用，应按投资性房地产核算，确认租金收入，租金按税法缴纳9%的不动产租赁增值税。
A28: （四）契税
A29: 贵公司城市基础配套设施费的契税，未足额缴纳，现已进入清算阶段，建议及时申报契税，作为土地增值税申报的扣除成本。
A30: 贵公司2023年1-12月已预缴企业所得税14720705.77元。
D31: 签字盖章：

Sheet 报告用数据
A1: 序 号 | B1: 项 目 | C1: 金额
A2: 1 | B2: 一、利润总额 | C2: =调整表!B49 -> 29089535 | D2: 期末存货余额 | E2: 0
A3: 2 | B3: 加：纳税调整增加额 | C3: ='A105000纳税调整项目明细表 '!E50 -> 8276509.5 | D3: 期末预收账款余额 | E3: 0
A4: 3 | B4: 减：纳税调整减少额 | C4: ='A105000纳税调整项目明细表 '!F50 -> 19041551 | D4: 应付账款余额 | E4: 0
A5: 4 | B5: 减：免税、减计收入及加计扣除 | C5: =调整表!B51 -> 0 | D5: 其他应付款余额 | E5: 0
A6: 5 | B6: 二、纳税调整后所得 | C6: =调整表!B52 -> 40000334 | D6: 招待费会计 | E6: =调整表!D25 -> 102905.92
A7: 6 | B7: 减：所得减免 | C7: =调整表!B53 -> 0 | D7: 招待费税收 | E7: =调整表!E25 -> 61743.55
A8: 7 | B8: 减：弥补以前年度亏损 | C8: =调整表!B54 -> 0 | D8: 营业收入 | E8: =调整表!D49 -> 2.707136e+08
A9: 8 | B9: 三、应纳税所得额 | C9: =调整表!B55 -> 40000334 | D9: 收入的0.05% | E9: =调整表!D50 -> 1353568
A10: 9 | B10: 税 率 | C10: 0.25 | D10: 招待费的60% | E10: =调整表!D51 -> 61743.552
A11: 10 | B11: 四、应纳所得税额 | C11: =C9*C10 -> 10000084 | D11: 招待费调增 | E11: =调整表!F25 -> 41162.37
A12: 11 | B12: 减：减免所得税额 | C12: =调整表!B57 -> 0
A13: 12 | B13: 减：抵免所得税额 | C13: 0
A14: 13 | B14: 五、应纳税额 | C14: =调整表!B58 -> 10000084
A15: 14 | B15: 减:本年累计实际已预缴的所得税额 | C15: =调整表!D56 -> 9826650.5
A16: 15 | B16: 六、本年应补（退）的所得税额 | C16: =C14-C15 -> 173433.07
B18: 申报表项目 | C18: 账载金额 | D18: 利润表项目 | E18: 审核确认数 | F18: 调整数
B19: 营业收入 | C19: =利润总额!D6 -> 2.7020849e+08 | D19: =利润总额!H6 -> 2.7020849e+08 | E19: =利润总额!G6 -> 2.7020849e+08 | F19: =E19-D19 -> 0
B20: 营业成本 | C20: =利润总额!D9 -> 2.2479137e+08 | D20: =利润总额!H9 -> 2.2479137e+08 | E20: =利润总额!G9 -> 2.2747783e+08 | F20: =E20-D20 -> 2686454.7
B21: 税金及附加 | C21: =利润总额!D12 -> 4250790.2 | D21: =利润总额!H12 -> 4250790.2 | E21: =利润总额!G12 -> 4250790.2 | F21: =E21-D21 -> 0
B22: 销售费用 | C22: =利润总额!D13 -> 5231485.5 | D22: =利润总额!H13 -> 5231485.5 | E22: =利润总额!G13 -> 5231485.5 | F22: =E22-D22 -> 0
B23: 管理费用 | C23: =利润总额!D14 -> 2693755.5 | D23: =利润总额!H14 -> 2693755.5 | E23: =利润总额!G14 -> 2693755.5 | F23: =E23-D23 -> 0
B24: 财务费用 | C24: =利润总额!D15 -> 1464887.5 | D24: =利润总额!H15 -> 1464887.5 | E24: =利润总额!G15 -> 1464887.5 | F24: =E24-D24 -> 0
B25: 资产减值损失 | C25: =利润总额!D16 -> 0 | D25: =利润总额!H16 -> 0 | E25: =利润总额!G16 -> 0 | F25: =E25-D25 -> 0
B26: 公允价值变动净收益 | C26: =利润总额!D17 -> 0 | D26: =利润总额!H17 -> 0 | E26: =利润总额!G17 -> 0 | F26: =E26-D26 -> 0
B27: 投资收益 | C27: =利润总额!D18 -> 0 | D27: =利润总额!H18 -> 0 | E27: =利润总额!G18 -> 0 | F27: =E27-D27 -> 0
B28: 营业外收入 | C28: =利润总额!D20 -> 11014.59 | D28: =利润总额!H20 -> 11014.59 | E28: =利润总额!G20 -> 11014.59 | F28: =E28-D28 -> 0
B29: 营业外支出 | C29: =利润总额!D21 -> 11221.12 | D29: =利润总额!H21 -> 11221.12 | E29: =利润总额!G21 -> 11221.12 | F29: =E29-D29 -> 0
B30: 以前年度损益调整 | F30: =E30-D30 -> 0
B31: 利润总额 | C31: =利润总额!D22 -> 31775990 | D31: =利润总额!H22 -> 31775990 | E31: =利润总额!G22 -> 29089535 | F31: =E31-D31 -> -2686454.7
A33: 行次 | B33: 纳税调整 | C33: 账载金额 | D33: 税收金额 | E33: 纳税调整 | F33: 纳税调整 | G33: 结转以后年度金额
B34: 项目 | E34: 增加额 | F34: 减少额 | H34: 备注
A35: 1 | B35: 投资收益 | C35: =调整表!D15 -> 0 | D35: =调整表!E15 -> 0 | E35: =MAX(C35-D35,0) -> 0 | F35: =MAX(D35-C35,0) -> 0
A36: 2 | B36: 不征税收入 | C36: =调整表!D13 -> 0 | D36: =调整表!E13 -> 0 | F36: =MAX(D36-C36,0) -> 0
A37: 3 | B37: 职工薪酬 | C37: ='5050职工薪酬调整表'!C20 -> 3959114.8 | D37: ='5050职工薪酬调整表'!G20 -> 3959114.8 | E37: =MAX('5050职工薪酬调整表'!H20,0) -> 0.01 | F37: =-MIN('5050职工薪酬调整表'!H20,0) -> 0 | G37: ='5050职工薪酬调整表'!I20 -> 0
A38: 4 | B38: 业务招待费 | C38: =调整表!D25 -> 102905.92 | D38: =调整表!E25 -> 61743.55 | E38: =MAX(C38-D38,0) -> 41162.37
A39: 5 | B39: 广告费和业务宣传费 | C39: =调整表!D26 -> 963921.59 | D39: =调整表!E26 -> 963921.59 | E39: =MAX(C39-D39,0) -> 0 | F39: =MAX(D39-C39,0) -> 0 | G39: =E39 -> 0
A40: 6 | B40: 捐赠支出 | C40: =A105070捐赠支出纳税调整明细表!C12 -> 0 | D40: =A105070捐赠支出纳税调整明细表!F12 -> 0 | E40: =A105070捐赠支出纳税调整明细表!G12 -> 0 | F40: =A105070捐赠支出纳税调整明细表!H12 -> 0 | G40: =A105070捐赠支出纳税调整明细表!I12 -> 0
A41: 7 | B41: 罚款支出 | C41: =调整表!D29 -> 0 | D41: =调整表!E29 -> 0 | E41: =MAX(C41-D41,0) -> 0
A42: 8 | B42: =调整表!A30 -> 税收滞纳金、加收利息 | C42: =调整表!D30 -> 0 | D42: =调整表!E30 -> 0 | E42: =MAX(C42-D42,0) -> 0
A43: 9 | B43: 赞助支出 | C43: =调整表!D31 -> 0 | D43: =调整表!E31 -> 0 | E43: =MAX(C43-D43,0) -> 0
A44: 10 | B44: 不征税收入用于支出所形成的费用 | C44: =调整表!D14 -> 0 | D44: =调整表!E14 -> 0 | E44: =MAX(C44-D44,0) -> 0
A45: 11 | B45: 预提费用 | C45: =调整表!D33 -> 0 | D45: =调整表!E33 -> 0 | E45: =MAX(C45-D45,0) -> 0 | F45: =MAX(D45-C45,0) -> 0
A46: 12 | B46: 无关支出 | C46: =调整表!D34 -> 10860 | D46: =调整表!E34 -> 0 | E46: =MAX(C46-D46,0) -> 10860
A47: 13 | B47: 党组织工作经费 | C47: =调整表!D20 -> 0 | D47: =调整表!E20 -> 0 | E47: =MAX(C47-D47,0) -> 0 | F47: =-MIN(C47-D47,0) -> 0 | G47: =E47 -> 0
A48: 14 | B48: 不合规票据 | C48: =调整表!D36 -> 3224 | D48: =调整表!E36 -> 0 | E48: =MAX(C48-D48,0) -> 3224
A49: 15 | B49: 跨期票据 | C49: =调整表!D35 -> 0 | D49: =调整表!E35 -> 0 | E49: =MAX(C49-D49,0) -> 0
A50: 16 | B50: 商业保险 | C50: =调整表!D37 -> 0 | D50: =调整表!E37 -> 0 | E50: =MAX(C50-D50,0) -> 0
A51: 17 | B51: 资产折旧、摊销 | C51: =A105080资产折旧、摊销情况及纳税调整明细表!E41 -> 6467.36 | D51: =A105080资产折旧、摊销情况及纳税调整明细表!H41 -> 6467.36 | E51: =MAX(C51-D51,0) -> 0 | F51: =MAX(D51-C51,0) -> 0
A52: 18 | B52: 资产减值损失 | C52: =调整表!D42 -> 0 | D52: =调整表!E42 -> 0 | E52: =MAX(C52-D52,0) -> 0
A53: 19 | B53: 非正常损失 | C53: =调整表!D43 -> 0 | D53: =调整表!E43 -> 0 | E53: =MAX(C53-D53,0) -> 0
A54: 20 | B54: 房地产开发企业特定业务计算的纳税调整额 | D54: =调整表!E11-调整表!E12 -> -8673967.3 | E54: =MAX(C54-D54,0) -> 8673967.3 | F54: =MAX(D54-C54,0) -> 0
B55: 合计 | C55: =SUBTOTAL(109,C35:C54) -> 5046493.7 | D55: =SUBTOTAL(109,D35:D54) -> -3682720 | E55: =SUBTOTAL(109,E35:E54) -> 8729213.7 | F55: =SUBTOTAL(109,F35:F54) -> 0 | G55: =SUBTOTAL(109,G35:G54) -> 0

Sheet 1-4基础信息
A1: 新疆华政华瑞税务师事务所有限责任公司工作底稿 | K1: 编 制： | L1: =Sheet1!F15 -> 王翠英 | N1: 日 期： | O1: =Sheet1!H15 -> 46040
A2: =利润总额!B2 -> 被审核单位: 新疆通力房地产开发有限公司库尔勒二分公司 | K2: 复 核： | L2: =Sheet1!F17 -> 刘洁 | N2: 日 期： | O2: =Sheet1!H17 -> 46140
A3: =利润总额!B3 -> 纳税年度: 2025年度 | K3: 索 引： | L3: Z5 | S3: 国有
A4: 企业基本情况 索引号1-4 | S4: 非国有
A5: 企业名称 | C5: =Sheet1!F7 -> 新疆通力房地产开发有限公司库尔勒二分公司 | K5: 经济类型 | N5: 国有 | O5: 有限责任公司 | Q5: 季度 | R5: 从业人数（人） | U5: 105资产总额（万元） | X5: 备注
K6: 税收优惠 | R6: 季初人数 | S6: 季末人数 | T6: 季度平均人数 | U6: 季初资产总额 | V6: 季末资产总额 | W6: 季度平均资产总额
A7: 企业注册地址 | C7: 新疆巴州库尔勒市人民东路一州大酒店旁通力大厦 | K7: 一般纳税人还是小规模纳税人 | N7: 一般 | Q7: 1 | T7: =(R7+S7)/2 -> 0 | W7: =(U7+V7)/2 -> 0
A8: 纳税人识别号： | E8: =Sheet1!F9 -> 91652801576209018D | K8: 所得税查账征收还是核定征收 | N8: 查账 | Q8: 2 | T8: =(R8+S8)/2 -> 0 | W8: =(U8+V8)/2 -> 0
A9: 通行密码： | K9: 所得税主管税务机关 | Q9: 3 | T9: =(R9+S9)/2 -> 0 | W9: =(U9+V9)/2 -> 0
A10: 其他基本信息 | C10: 是否有房、地、车？ | L10: 是 | Q10: 4 | T10: =(R10+S10)/2 -> 0 | W10: =(U10+V10)/2 -> 0
C11: 停产还是正常经营？ | L11: 经营期 | Q11: 全年季平均值 | R11: =ROUNDUP(SUM(T7:T10)/4,0) -> 0 | U11: =SUM(W7:W10)/4 -> 0
C12: 是否存在上年结转职教费、广宣费、资本化支出的后续处理等特殊事项 | Q12: 月份 | R12: 人数 | S12: 申报工资总额 | U12: 代扣代缴个人所得税税款 | W12: 备注
A13: 经营范围 | L13: 经营期限 | N13: 长期 | Q13: 1 | S13: 0 | U13: 0
L14: 成立日期 | Q14: 2
L15: 注册资本（万元） | Q15: 3
A16: 法人代表 | F16: 会计机构负责人 | M16: 联系电话 | Q16: 4
A17: 300企业主要股东及分红情况（前10位股东） | Q17: 5
A18: 股东名称 | B18: 证件种类 | E18: 证件号码 | I18: 投资比例 | K18: 当年（决议日）分配的股息、红利等权益性投资收益金额 | M18: 国籍（注册地址） | N18: 认缴出资额 | O18: 实缴出资额 | P18: 实缴出资比例 | Q18: 6
I19: =IFERROR(N19/$N$30,0) -> 0 | O19: =N19 -> 0 | P19: =IFERROR(O19/$O$30,0) -> 0 | Q19: 7
I20: =IFERROR(N20/$N$30,0) -> 0 | O20: =N20 -> 0 | P20: =IFERROR(O20/$O$30,0) -> 0 | Q20: 8
I21: =IFERROR(N21/$N$30,0) -> 0 | O21: =N21 -> 0 | P21: =IFERROR(O21/$O$30,0) -> 0 | Q21: 9
I22: =IFERROR(N22/$N$30,0) -> 0 | O22: =N22 -> 0 | P22: =IFERROR(O22/$O$30,0) -> 0 | Q22: 10
I23: =IFERROR(N23/$N$30,0) -> 0 | O23: =N23 -> 0 | P23: =IFERROR(O23/$O$30,0) -> 0 | Q23: 11
I24: =IFERROR(N24/$N$30,0) -> 0 | P24: =IFERROR(O24/$O$30,0) -> 0 | Q24: 12
I25: =IFERROR(N25/$N$30,0) -> 0 | P25: =IFERROR(O25/$O$30,0) -> 0 | Q25: 合计 | R25: =SUM(R13:R24) -> 0 | S25: =SUM(S14:S24) -> 0 | U25: =SUM(U14:U24) -> 0
I26: =IFERROR(N26/$N$30,0) -> 0 | P26: =IFERROR(O26/$O$30,0) -> 0
I27: =IFERROR(N27/$N$30,0) -> 0 | P27: =IFERROR(O27/$O$30,0) -> 0
I28: =IFERROR(N28/$N$30,0) -> 0 | P28: =IFERROR(O28/$O$30,0) -> 0
A29: 其余股东合计 | B29: —— | E29: —— | I29: =IFERROR(N29/$N$30,0) -> 0 | L29: 超过10位的其余股东 | P29: =IFERROR(O29/$O$30,0) -> 0 | R29: 超过10位的其余股东
A30: 合计 | I30: =SUM(I19:J29) -> 0 | K30: =SUM(K19:L29) -> 0 | N30: =SUM(N19:N29) -> 0 | O30: =SUM(O19:O29) -> 0 | P30: =SUM(P19:P29) -> 0
A31: 对外投资概况 | B31: 名称 | H31: 投资比例 | J31: 名称 | M31: 投资总额(万元) | O31: 投资比例
A37: 委托项目 | B37: 类别 | D37: 所得税汇算清缴 | I37: 前事务所名称及审核报告编号
B38: 目的
B39: 范围
A40: 六、基本税（费）项目及税（费）率
A41: （一）税（费）项目 | E41: 计税依据 | N41: 说明 | O41: 税（费）率/征收率
A42: 增值税 | E42: 按销售应税货物、提供应税劳务和应税服务的销售额计算销项税额
A43: 消费税 | E43: 按应税销售额、应税销售量（从价计征、从量计征、从价从量复合计征）
A44: 资源税 | E44: 按应税销售额、应税销售量（从价定率、从量定额）
A45: 城市维护建设税 | E45: 按实缴流转税税额
A46: 教育费附加 | E46: 按实缴流转税税额
A47: 地方教育费附加 | E47: 按实缴流转税税额
A48: 地方水利建设基金 | E48: 按实缴流转税税额
A49: 文化事业建设费 | E49: 按应税销售额
A50: 土地增值税 | E50: 按增值额与扣除项目金额
A51: 房产税 | E51: 按房屋计税余值或者应税租金收入
A52: 城镇土地使用税 | E52: 按土地应税面积
A53: 企业所得税 | E53: 按应纳税所得额
A54: （二）主要的税收优惠
A55: 优惠项目 | E55: 国家文件依据 | K55: 具体优惠政策规定 | O55: 税务机关批准文号 （属备案的注明是否已办备案）

Sheet 利润总额
A1: 新疆华政华政华瑞税务师事务所有限公司巴州分所工作底稿 | E1: ="编制： "&Sheet1!F15 -> 编制： 王翠英 | F1: 日期： | G1: =Sheet1!H15 -> 46040
B2: ="被审核单位: "&Sheet1!F7 -> 被审核单位: 新疆通力房地产开发有限公司库尔勒二分公司 | E2: ="复合： "&Sheet1!F17 -> 复合： 刘洁 | F2: 日期： | G2: =Sheet1!H17 -> 46140
B3: ="纳税年度: "&YEAR(Sheet1!F11)&"年度" -> 纳税年度: 2025年度 | E3: 索 引： Y12
B4: 利润总额审定表
B5: 项目 | D5: 本期未审数 | E5: 审计调整(借方) | F5: 审计调整(贷方) | G5: 本期审定数 | H5: 利润表 | I5: 差额
B6: 一、营业收入 | D6: =主营业务收入!B18+其他业务收入、成本!C20 -> 2.7020849e+08 | E6: 0 | F6: =SUM(F7:F8) -> 0 | G6: =主营业务收入!B20+其他业务收入、成本!F20 -> 2.7020849e+08 | H6: 2.7020849e+08 | I6: =G6-H6 -> 0
B7: 其中：主营业务收入 | D7: =主营业务收入!B18 -> 2.6924186e+08 | F7: =G7-D7 -> 0 | G7: =主营业务收入!B20 -> 2.6924186e+08 | H7: 2.6924186e+08 | I7: =G7-H7 -> 0
B8: 其他业务收入 | D8: =其他业务收入、成本!C20 -> 966627.23 | F8: =G8-D8 -> 0 | G8: =其他业务收入、成本!F20 -> 966627.23 | H8: 966627.23 | I8: =G8-H8 -> 0
B9: 减:营业成本 | D9: =SUM(D10:D11) -> 2.2479137e+08 | E9: 2686454.7 | F9: =SUM(F10:F11) -> 0 | G9: =SUM(G10:G11) -> 2.2747783e+08 | H9: 2.2479137e+08 | I9: =G9-H9 -> 2686454.7
B10: 其中：主营业务成本 | D10: =主营业务成本!B18 -> 2.2479137e+08 | E10: 2686454.7 | G10: =SUM(D10:E10) -> 2.2747783e+08 | H10: 2.2479137e+08 | I10: =G10-H10 -> 2686454.7 | J10: 主营业务成本增加额属于按企业几税务局要求增肌的预计毛利部分成本 | K10: =G7-G10 -> 41764033
B11: 其他业务成本 | D11: =其他业务收入、成本!G20 -> 0 | G11: =其他业务收入、成本!J20 -> 0 | H11: 0 | I11: =G11-H11 -> 0 | P11: 15186451
B12: 税金及附加 | D12: =税金及附加!E18 -> 4250790.2 | E12: =税金及附加!F18 -> 0 | F12: =税金及附加!G18 -> 0 | G12: =税金及附加!H18 -> 4250790.2 | H12: 4250790.2 | I12: =G12-H12 -> 0 | P12: 3532088.2
B13: 销售费用 | D13: =销售费用!C56 -> 5231485.5 | E13: =销售费用!D56 -> 0 | F13: =销售费用!E56 -> 0 | G13: =销售费用!F56 -> 5231485.5 | H13: 5231485.5 | I13: =G13-H13 -> 0 | P13: =P11+P12 -> 18718539
B14: 管理费用 | D14: =管理费用!C72 -> 2693755.5 | E14: =管理费用!D72 -> 41004.24 | F14: =管理费用!E72 -> 41004.24 | G14: =管理费用!F72 -> 2693755.5 | H14: 2693755.5 | I14: =G14-H14 -> 0 | P14: 18549931
B15: 财务费用 | D15: =财务费用!C14 -> 1464887.5 | E15: =财务费用!D14 -> 0 | F15: =财务费用!E14 -> 0 | G15: =D15+E15-F15 -> 1464887.5 | H15: 1464887.5 | I15: =G15-H15 -> 0 | P15: =P13-P14 -> 168607.92
B16: 资产减值损失 | G16: =D16+E16-F16 -> 0 | I16: =G16-H16 -> 0
B17: 加:公允价值变动收益(损失以“-”号填列) | E17: 0 | F17: 0 | G17: 0 | I17: =G17-H17 -> 0
B18: 投资收益(损失以“-”号填列) | E18: 0 | F18: 0 | G18: =D18-E18+F18 -> 0 | I18: =G18-H18 -> 0
B19: 二、营业利润(亏损以“-”号填列) | D19: =D6-D9-D12-D13-D14-D15-D16+D17+D18 -> 31776196 | E19: =E6-E9-E12-E13-E14-E15-E16+E17+E18 -> -2727458.9 | F19: =F6-F9-F12-F13-F14-F15-F16+F17+F18 -> -41004.24 | G19: =G6-G9-G12-G13-G14-G15-G16+G17+G18 -> 29089742 | H19: 31776196 | I19: =G19-H19 -> -2686454.7
B20: 加:营业外收入 | D20: =营业外收入鉴证表!C23 -> 11014.59 | E20: =营业外收入鉴证表!D23 -> 0 | F20: =营业外收入鉴证表!E23 -> 0 | G20: =营业外收入鉴证表!F23 -> 11014.59 | H20: 11014.59 | I20: =G20-H20 -> 0
B21: 减:营业外支出 | D21: =营业外支出!C20 -> 11221.12 | E21: =营业外支出!D20 -> 0 | F21: =营业外支出!E20 -> 0 | G21: =营业外支出!F20 -> 11221.12 | H21: 11221.12 | I21: =G21-H21 -> 0
B22: 三、利润总额 | D22: =D19+D20-D21 -> 31775990 | E22: =E19+E20-E21 -> -2727458.9 | F22: =F19+F20-F21 -> -41004.24 | G22: =G19+G20-G21 -> 29089535 | H22: =H19+H20-H21 -> 31775990 | I22: =G22-H22 -> -2686454.7
B23: 项目 | D23: 账载金额 | E23: 审定金额 | F23: 差额 | G23: 备注
B24: 所得税费用 | I24: =I22-I23 -> -2686454.7
B25: 净利润 | I25: =I23-I24 -> 2686454.7
B26: 提取盈余公积 | F26: =E26-D26 -> 0
B27: 分配股利 | F27: =E27-D27 -> 0
B28: 未分配利润年初 | E28: =D28 -> 0 | F28: =E28-D28 -> 0
B29: 补提上年度所得税 | F29: =E29-D29 -> 0
B30: 以前年度损益调整 | F30: =E30-D30 -> 0
B31: 未分配利润年末 | D31: =D25-D26-D27+D28-D29+D30 -> 0 | E31: =E25-E26-E27+E28-E29+E30 -> 0 | F31: =E31-D31 -> 0

Sheet 调整表
A1: 新疆华政华政华瑞税务师事务所有限公司巴州分所工作底稿 | D1: 编 制： | E1: =Sheet1!F15 -> 王翠英 | F1: 日期： | G1: =Sheet1!H15 -> 46040
A2: ='目录（简版）'!A2 -> 被审核单位：新疆通力房地产开发有限公司库尔勒二分公司 | D2: 复 核： | E2: =Sheet1!F17 -> 刘洁 | F2: 日期： | G2: =Sheet1!H17 -> 46140
A3: 项 目：纳税调整汇总记录 | D3: 索 引： | E3: Z3
A4: =利润总额!B3 -> 纳税年度: 2025年度
A5: 项目 | B5: 账载金额 | C5: 调整账载金额 | D5: 调整后账载金额 | E5: 税法可列 | F5: 纳税调整额 | G5: 说明
A6: 营业收入 | B6: =主营业务收入!B18+其他业务收入、成本!C20 -> 2.7020849e+08 | D6: =SUM(B6:C6) -> 2.7020849e+08 | E6: =D6 -> 2.7020849e+08 | F6: =E6-D6 -> 0
A7: 营业成本 | B7: =主营业务成本!B18 -> 2.2479137e+08 | D7: =SUM(B7:C7) -> 2.2479137e+08 | E7: =D7 -> 2.2479137e+08 | F7: =D7-E7 -> 0 | I7: =E6-E7 -> 45417115
A8: 利润总额 | B8: =利润总额!D22 -> 31775990 | C8: =利润总额!F22-利润总额!E22 -> 2686454.7 | D8: =SUM(B8:C8) -> 34462445 | E8: =D8 -> 34462445 | F8: =E8-D8 -> 0
A9: 视同销售收入 | C9: =SUMIF(凭证检查表!H7:H5005,调整事项!B2,凭证检查表!G7:G5005) -> 505107.23 | D9: =SUM(B9:C9) -> 505107.23 | E9: =D9 -> 505107.23 | F9: =E9 -> 505107.23
A10: 视同销售成本 | C10: =C9 -> 505107.23 | D10: =SUM(B10:C10) -> 505107.23 | E10: =D10 -> 505107.23 | F10: =-E10 -> -505107.23
A11: 房产企业销售未完工产品的收入 | D11: =B11-C11 -> 0 | E11: =预计毛利计算表表!H25 -> 10367584 | F11: =E11 -> 10367584 | G11: 特殊事项
A12: 房产企业销售的未完工产品转完工产品确认的销售收入 | E12: =预计毛利计算表表!I17 -> 19041551 | F12: =-E12 -> -19041551 | G12: 特殊事项 | I12: =D12/1.09 -> 0
A13: 不征税收入 | B13: ='5040不征税'!F16 -> 0 | D13: =SUM(B13:C13) -> 0 | F13: =-D13 -> 0
A14: 不征税支出 | B14: ='5040不征税'!M16 -> 0 | D14: =SUM(B14:C14) -> 0 | F14: =D14 -> 0
A15: 投资收益（权益法） | D15: =SUM(B15:C15) -> 0 | E15: 0 | F15: =E15-D15 -> 0
A16: 工资 | B16: =工资薪金和三项经费支出!C14 -> 3395912.4 | C16: =工资薪金和三项经费支出!C15 -> 0 | D16: =SUM(B16:C16) -> 3395912.4 | E16: =工资薪金和三项经费支出!C18 -> 3395912.4 | F16: =D16-E16 -> 0 | H16: 收入类 | L16: 10400000
A17: 福利费 | B17: =工资薪金和三项经费支出!D14 -> 27676 | C17: =工资薪金和三项经费支出!D15 -> 11867.02 | D17: =SUM(B17:C17) -> 39543.02 | E17: =工资薪金和三项经费支出!D18 -> 39543.02 | F17: =D17-E17 -> 0 | H17: =F15+F13+F6+F9+N("少计收入+不征税收入+视同销售收入+投资收益") -> 505107.23
A18: 职教费 | B18: =工资薪金和三项经费支出!F14 -> 200051 | C18: =工资薪金和三项经费支出!F15 -> 0 | D18: =SUM(B18:C18) -> 200051 | E18: =工资薪金和三项经费支出!F18 -> 200051 | F18: =D18-E18 -> 0 | H18: 其中：收入类调增
A19: 工会经费 | B19: =工资薪金和三项经费支出!E14 -> 67918.25 | C19: =工资薪金和三项经费支出!E15 -> 0 | D19: =SUM(B19:C19) -> 67918.25 | E19: =工资薪金和三项经费支出!E18 -> 67918.24 | G19: 超过工资总额的2% | H19: =F6+F9+MAX(F15,0)+N("少计收入+视同销售收入+投资收益账面负数") -> 505107.23 | J19: =D19/0.02 -> 3395912.5 | L19: 7247.15
A20: 党组织工作经费 | B20: ='4000期间费用明细表 '!E30+'4000期间费用明细表 '!C30+'4000期间费用明细表 '!G30 -> 0 | C20: =SUMIF(凭证检查表!H7:H5005,调整事项!B19,凭证检查表!G7:G5005) -> 0 | D20: =SUM(B20:C20) -> 0 | E20: =MIN(E16*0.01,D20) -> 0 | F20: =D20-E20 -> 0
A21: 社保 | B21: =工资薪金和三项经费支出!G14 -> 218390.18 | C21: 0 | D21: =SUM(B21:C21) -> 218390.18 | E21: =工资薪金和三项经费支出!G18 -> 218390.18 | F21: =D21-E21 -> 0
A22: 住房公积金 | B22: =工资薪金和三项经费支出!H14 -> 37300 | D22: =SUM(B22:C22) -> 37300 | E22: =工资薪金和三项经费支出!H18 -> 37300 | F22: =D22-E22 -> 0
A23: 补充养老保险（年金） | B23: =工资薪金和三项经费支出!I14 -> 0 | C23: =工资薪金和三项经费支出!I15 -> 0 | D23: =SUM(B23:C23) -> 0 | E23: =工资薪金和三项经费支出!I18 -> 0 | F23: =D23-E23 -> 0 | H23: 其中：收入类调减
A24: 补充医疗保险 | B24: =工资薪金和三项经费支出!J14 -> 0 | C24: =工资薪金和三项经费支出!J15 -> 0 | D24: =SUM(B24:C24) -> 0 | E24: =工资薪金和三项经费支出!J18 -> 0 | F24: =D24-E24 -> 0 | H24: =-F13-MIN(F15,0)+N("不征税收入+投资收益账面正数") -> 0
A25: 业务招待费 | B25: =销售费用!C18+管理费用!C18 -> 73768.7 | C25: =SUMIF(凭证检查表!H7:H5005,调整事项!B24,凭证检查表!G7:G5005) -> 29137.22 | D25: =SUM(B25:C25) -> 102905.92 | E25: =ROUND(MIN(D25*0.6,D49*0.005),2) -> 61743.55 | F25: =D25-E25 -> 41162.37 | H25: 扣除类合计 | L25: 82473.33
A26: 广告费和业务宣传费 | B26: =销售费用!C19+管理费用!C19 -> 963921.59 | C26: =销售费用!D19-销售费用!E19+管理费用!D19-管理费用!E19 -> 0 | D26: =SUM(B26:C26) -> 963921.59 | E26: =A105060广告费和业务宣传费跨年度纳税调整明细表!C4-A105060广告费和业务宣传费跨年度纳税调整明细表!C16 -> 963921.59 | F26: =D26-E26 -> 0 | H26: =F48-H34-H17-H40-H49+N("总调整额-收入类-资产类-特殊事项-其他调整") -> #REF!
A27: 捐赠 | B27: =SUMIF(凭证检查表!$H$7:$H$5005,调整事项!B26,凭证检查表!$G$7:$G$5005) -> 0 | D27: =SUM(B27:C27) -> 0 | F27: =D27-E27 -> 0 | H27: 其中：扣除类调增
A28: 利息支出 | B28: =SUMIF(凭证检查表!$H$7:$H$5005,调整事项!B27,凭证检查表!$E$7:$E$5005) -> 0 | D28: =SUM(B28:C28) -> 0 | E28: =D28-SUMIF(凭证检查表!$H$7:$H$5005,调整事项!B27,凭证检查表!$G$7:$G$5005) -> 0 | F28: =D28-E28 -> 0 | H28: =MAX(SUM(F16:F24),0)+MAX(F25,0)+MAX(F26,0)+MAX(F27,0)+MAX(F28,0)+MAX(F29,0)+MAX(F30,0)+MAX(F31,0)+MAX(F32,0)+MAX(F33,0)+MAX(F34,0)+MAX(F35,0)+MAX(F39,0)+MAX(F37,0)+MAX(#REF!,0) -> #REF!
A29: 罚款 | B29: =SUMIF(凭证检查表!$H$7:$H$5005,调整事项!B28,凭证检查表!$G$7:$G$5005) -> 0 | D29: =SUM(B29:C29) -> 0 | F29: =D29-E29 -> 0 | H29: 其中：扣除类调减
A30: 税收滞纳金、加收利息 | B30: =SUMIF(凭证检查表!$H$7:$H$5005,调整事项!B29,凭证检查表!$G$7:$G$5005) -> 0 | D30: =SUM(B30:C30) -> 0 | F30: =D30-E30 -> 0 | H30: =-MIN(F18,0)-MIN(F26,0)-MIN(F10,0)-MIN(#REF!,0)-MIN(SUM(F16:F24),0) -> #REF!
A31: 赞助支出 | B31: =SUMIF(凭证检查表!$H$7:$H$5005,调整事项!B30,凭证检查表!$G$7:$G$5005) -> 0 | D31: =SUM(B31:C31) -> 0 | F31: =D31-E31 -> 0 | G31: 以前年度结转公益性捐赠支出 | H31: 扣除类-其他
A32: 佣金和手续费 | B32: =SUMIF(凭证检查表!$H$7:$H$5005,调整事项!B32,凭证检查表!$G$7:$G$5005) -> 0 | D32: =SUM(B32:C32) -> 0 | E32: =MIN(D49*5%,D32) -> 0 | F32: =D32-E32 -> 0 | H32: =F35+F39+F37+F7+#REF!+N("多结转成本+跨期票据+不合规票据+商业保险+资本性支出") -> #REF!
A33: 归属于当年的费用 | D33: =SUM(B33:C33) -> 0 | F33: =D33-E33 -> 0 | H33: 资产类合计
A34: 无关支出 | B34: =SUMIF(凭证检查表!$H$7:$H$5005,调整事项!B35,凭证检查表!$G$7:$G$5005) -> 10860 | D34: =SUM(B34:C34) -> 10860 | F34: =D34-E34 -> 10860 | H34: =F40+F41+#REF!+F43+F42+N("折旧+摊销+资产减值损失+资产损失+资本性支出") -> #REF!
A35: 跨期票据 | B35: =凭证检查表!G9 -> 0 | D35: =SUM(B35:C35) -> 0 | F35: =D35-E35 -> 0 | H35: 其中：资产类调增
A36: 不合规票据 | B36: =SUMIF(凭证检查表!$H$7:$H$5005,调整事项!B38,凭证检查表!$G$7:$G$5005) -> 3224 | D36: =SUM(B36:C36) -> 3224 | F36: =D36-E36 -> 3224 | H36: =MAX(F40,0)+MAX(F41,0)+MAX(F42,0)+MAX(F43,0) -> 0
A37: 商业保险 | B37: =SUMIF(凭证检查表!$H$7:$H$5005,调整事项!B39,凭证检查表!$G$7:$G$5005) -> 0 | D37: =SUM(B37:C37) -> 0 | F37: =D37-E37 -> 0 | H37: 其中：资产类调减
A38: 以前年度损益调整 | B38: =SUMIF(凭证检查表!$H$7:$H$5005,调整事项!B40,凭证检查表!$G$7:$G$5005) -> 0
A39: 其他扣除事项 | D39: =SUM(B39:C39) -> 0 | F39: =[19]二期税代单方面积核算!$D$20+[19]一期税代单方面积核算!$C$25 -> 19529520 | G39: 暂估成本多结转主营业务成本 | H39: 特殊事项（房产企业）
A40: 固定资产折旧 | B40: =固定资产折旧!L57 -> 6467.36 | D40: =SUM(B40:C40) -> 6467.36 | E40: =固定资产折旧!P57 -> 6467.36 | F40: =D40-E40 -> 0 | H40: =F11+F12+N("房产企业期末预收账款*0.1或0.05-期初预收账款*0.1或0.05") -> -8673967.3
A41: 无形资产、长期待摊 | B41: ='无形资产，长期待摊费用'!F7 -> 0 | D41: ='无形资产，长期待摊费用'!F7+'无形资产，长期待摊费用'!F28 -> 0 | E41: ='无形资产，长期待摊费用'!I7+'无形资产，长期待摊费用'!I28 -> 0 | F41: =D41-E41 -> 0 | H41: 其中：特殊事项调增
A42: 资产减值损失 | D42: =B42+C42 -> 0 | F42: =D42-E42 -> 0 | H42: =F11+N("期末预收账款的预计毛利") -> 10367584
A43: 资产损失 | B43: =SUMIF(凭证检查表!$H$7:$H$5005,调整事项!B45,凭证检查表!$G$7:$G$5005) -> 0 | D43: =SUM(B43:C43) -> 0 | F43: =D43-E43 -> 0 | H43: 其中：特殊事项调减
A44: 其他收入调整 | B44: =SUMIF(凭证检查表!$H$7:$H$5005,调整事项!B46,凭证检查表!$G$7:$G$5005) -> 0 | D44: =SUM(B44:C44) -> 0 | E44: =SUMIF(凭证检查表!$H$7:$H$5005,调整事项!B11,凭证检查表!$G$7:$G$5005) -> 0 | F44: =E44 -> 0
A45: 特殊行业准备金 | F45: =D45-E45 -> 0
A46: 保险费 | D46: =B46-C46 -> 0 | F46: =D46-E46 -> 0
A47: 成本结转调整 | H47: =-F12+N("期初预收账款的预计毛利") -> 19041551 | J47: =310000*0.15 -> 46500
A48: 合计 | B48: =SUM(B16:B43) -> 5005489.5 | C48: =SUM(C16:C43) -> 41004.24 | D48: =SUM(D16:D43) -> 5046493.7 | E48: =SUM(E16:E43) -> 4991247.3 | F48: =SUM(F11:F47) -> 10910799 | H48: 其他
A49: 利润总额 | B49: =利润总额!G22 -> 29089535 | C49: 营业收入（含视同） | D49: =利润总额!G6+C9+D11-D12 -> 2.707136e+08 | E49: 平均人数 | F49: 84 | H49: =#REF! -> #REF!
A50: 加：纳税调整 | B50: =F48 -> 10910799 | C50: 收入*0.005 | D50: =D49*0.005 -> 1353568 | E50: 平均资产（万元） | F50: 161219.48 | H50: 合计：纳税调增
A51: 减：免税、减计收入 | C51: 招待费*0.6 | D51: =D25*0.6 -> 61743.552 | E51: 平均工资（元/人/月） | F51: =IFERROR(工资薪金和三项经费支出!C16/F49/12,0) -> 3368.9607 | H51: =H19+H28+H36+H42+H49 -> #REF!
A52: 纳税调整后所得 | B52: =B49+B50-B51 -> 40000334 | C52: 收入*0.15 | D52: =D49*0.15 -> 40607039 | E52: =(YEAR(Sheet1!$F$11)-5)&"年所得税" -> 2020年所得税 | F52: =弥补亏损!D14 -> 0 | G52: =44695951*0.12 -> 5363514.1 | H52: 合计：纳税调减
A53: 减：所得减免 | C53: 利润总额*0.12 | D53: =B49*0.12 -> 3490744.2 | E53: =(YEAR(Sheet1!$F$11)-5)&"年所得税" -> 2020年所得税 | F53: =弥补亏损!D13 -> 0 | H53: =H24+H30+#REF!+H47 -> #REF!
A54: 减：弥补亏损 | B54: =弥补亏损!L15 -> 0 | C54: 所得税税负 | D54: =IFERROR(B58/D49,0) -> 0.036939717 | E54: =(YEAR(Sheet1!$F$11)-4)&"年所得税" -> 2021年所得税 | F54: =弥补亏损!D12 -> 0 | H54: =B58-D56 -> 173433.07
A55: 应纳税所得额 | B55: =MAX(B52-B53-B54,0) -> 40000334 | C55: 预缴所得税(含抵税） | E55: =(YEAR(Sheet1!$F$11)-3)&"年所得税" -> 2022年所得税 | F55: =弥补亏损!D11 -> 0 | G55: 0
A56: 应交企业所得税 | B56: =MAX(B55*0.25,0) -> 10000084 | C56: 本年预缴所得税 | D56: 9826650.5 | E56: =(YEAR(Sheet1!$F$11)-2)&"年所得税" -> 2023年所得税
A57: 减免企业所得税 | B57: 0 | C57: 以前可抵税额 | D57: =其他信息!D11 -> 0 | E57: =(YEAR(Sheet1!$F$11)-1)&"年所得税" -> 2024年所得税
A58: 应纳税额 | B58: =B56-B57 -> 10000084 | C58: 应补税 | D58: =B58-D56 -> 173433.07 | E58: 应税所得纳税调整（仅考虑对应免税有影响的三项费用的纳税调整） | F58: =F48-F31-F42-F43 -> 10910799

Sheet 人员车辆
A1: =YEAR(Sheet1!F11)&"年度"&Sheet1!F9&"人员、车辆情况表" -> 2025年度91652801576209018D人员、车辆情况表
A2: 序号 | B2: 职工姓名 | C2: 部门 | D2: 月份 | E2: 工资总额 | F2: 车辆（车号） | G2: 年行驶里程 | H2: 单位油耗 | I2: 可扣除油料费用
A3: 1 | D3: 1月
A4: 2 | D4: 2月
A5: 3 | D5: 3月
A6: 4 | D6: 4月
A7: 5 | D7: 5月
A8: 6 | D8: 6月
A9: 7 | D9: 7月
A10: 8 | D10: 8月
A11: 9 | D11: 9月
A12: 10 | D12: 10月
A13: 11 | D13: 11月
A14: 12 | D14: 12月
A15: 13 | D15: 年终奖
A16: 14
A17: 15
A18: 16
A19: 17
A20: 18
A21: 合计 | E21: =SUM(E3:E15) -> 0 | G21: =SUM(G3:G20) -> 0 | I21: =SUM(I3:I20) -> 0

Sheet 2023年汇算数据 (5.18确认)
A1: 税务局确认2020-2022结转成本
C2: 实际成本 | D2: 暂估成本 | E2: 公共设施分摊成本 | F2: 实际开发成本 | G2: 总可售面积 | H2: 单位成本 | I2: 截止清算时间已售面积 | J2: 2020年结转面积 | K2: 2020年可结转金额 | L2: 2021年结转销售面积 | M2: 2021年可结转金额 | N2: 2022年结转销售面积 | O2: 2022年可结转金额 | P2: 2023年结转销售面积 | Q2: 2023年可结转金额
A3: 春和景苑 | C3: 28234494 | D3: 2324150.5 | F3: =C3-D3 -> 25910344 | G3: 12227.4 | H3: =F3/G3 -> 2119.0395 | I3: 9918 | L3: 9918 | M3: =H3*L3 -> 21016634 | N3: 1051 | O3: =H3*N3 -> 2227110.5
A4: 沁春景苑1期一批次 | B4: 19、20、23.24 | C4: 58989418 | D4: 24989.59 | E4: 6455888.8 | F4: =C4-D4+E4 -> 65420317 | G4: 18332.84 | H4: =F4/G4+0.05 -> 3568.527 | I4: 16964.23 | J4: 16964.23 | K4: =H4*J4+76.39 -> 60537389 | L4: 330.856 | M4: =H4*L4+1.48 -> 1180670 | N4: 284.62 | O4: =H4*N4+15.57 -> 1015689.7
A5: 沁春景苑1期2批次 | B5: 25-36，不包含31# | C5: 84989775 | D5: 1007039 | E5: 10857586 | F5: =C5-D5+E5 -> 94840323 | G5: 30811.86 | H5: =F5/G5 -> 3078.046 | I5: 29924 | L5: 29924 | M5: =H5*L5 -> 92107449 | N5: 865.38 | O5: =H5*N5 -> 2663679.5
A6: 沁春景苑2期 | B6: 1.2.3.4-11.16.17 | C6: 1.3410189e+08 | D6: 35833187 | E6: 16798609 | F6: =C6-D6+E6 -> 1.1506731e+08 | G6: 47708.35 | H6: =F6/G6 -> 2411.8903 | I6: 46204 | N6: 46204 | O6: =H6*N6 -> 1.1143898e+08
A7: 天鹅水景 | E7: 8682733.8 | F7: =C7-D7+E7 -> 8682733.8 | G7: 24659.12 | H7: =F7/G7 -> 352.11045
A8: 沁春景苑三期1批次 | B8: 12.13.14.15. | E8: 9200424.2 | F8: =C8-D8+E8 -> 9200424.2 | G8: 26129.37 | H8: =F8/G8 -> 352.11045
A9: 沁春景苑三期3批次 | B9: 18.21.22 | E9: 9573612.5 | F9: =C9-D9+E9 -> 9573612.5
A10: 天鹅水景 | O10: 31633953
E11: =SUM(E4:E9) -> 61568854 | K11: =SUM(K3:K9) -> 60537389 | M11: =SUM(M3:M9) -> 1.1430475e+08 | O11: =SUM(O3:O10) -> 1.4897941e+08
K12: 60537389 | M12: 1.1430475e+08 | O12: 1.4897941e+08
C13: 开发产品账面数据
E14: =#REF!-#REF!-#REF! -> #REF! | F14: 4.6533386e+08 | N14: =N20-N15 -> 4.2879
F15: =#REF!-F14 -> #REF! | N15: 23798705 | O15: =O16-M20 -> 5801441.6 | P15: =P16-N20 -> 32448577
F16: 2604075.8 | G16: =G17-G20 -> -35561.05 | H16: =H17-H20 -> -35561.046 | L16: 3018.3464 | M16: =L16*(M25+M26)-N25 -> -6130534.7 | O16: 5812802.9 | P16: 56247286
F17: =F15-F16 -> #REF! | G17: 4125993.2 | H17: 1801842.7 | I17: =G17-H17 -> 2324150.5 | L17: 3341.4924 | M17: =L17*(M21+M22)-N21 -> -2411957.1 | N17: =23798705.03/2094.73 -> 11361.228
C18: 开发产品账面数据 | H18: =G20-H20 -> 2324150.5
A19: 项目名称 | B19: 设计楼号 | C19: 账面开发产品（2023.12.31） | D19: 2024年1-4月发生额 | E19: 账面开发产品 | F19: 账面开发成本（含暂估-含余额调节） | G19: 截至2024年3月账面暂估金额 | H19: 可暂估的成本 | I19: 公共设施分摊成本 | J19: 实际开发成本 | K19: 总可售面积 | L19: 单位成本 | M19: 截至2023年12月已售面积 | N19: 截至2023年总可结转成本 | O19: 2020年已结转成本 | P19: 2021年已结转成本 | Q19: 2022年已结转成本 | R19: 2023年账面实际确认成本 | S19: 2023年可结转金额 | T19: 应调增应纳税所得额 | U19: 施姐账面应调整金额 | V19: 差额 | W19: 沁春锦苑一期 | X19: -3560252.6 | Y19: 19-24，同时包含35.36#商业
A20: 春和景苑 | C20: 27937208 | E20: =C20+D20 -> 27937208 | F20: 27937208 | G20: 4161554.3 | H20: 1837403.8 | J20: =E20-G20+H20 -> 25613057 | K20: 12227.4 | L20: =ROUND(J20/K20,2) -> 2094.73 | M20: 11361.23 | N20: =L20*M20 -> 23798709 | P20: =M3 -> 21016634 | Q20: =O3 -> 2227110.5 | R20: 2714430.2 | S20: =N20-O20-P20-Q20 -> 554964.87 | T20: =R20-S20 -> 2159465.3 | U20: =-T20 -> -2159465.3 | V20: =U20+T20 -> 0 | W20: 沁春锦苑二期项目 | X20: -23165350 | Y20: 25-30,同时32.33.34商业
A21: 沁春景苑1期一批次 | B21: 19、20、23.24住宅 | C21: 71546564 | D21: 128358.82 | E21: =C21+D21 -> 71674922 | F21: =54106989.07 -> 54106989 | I21: =N42 -> 6999922 | J21: =E21-G21-G22+H21+H22 -> 71674922 | K21: 18332.56 | L21: =ROUND((J21+J22)/(K21+K22),2) -> 3476.42 | M21: 17579.71 | N21: =L21*(M21+M22) -> 62144275 | O21: =K4 -> 60537389 | P21: =M4 -> 1180670 | Q21: =O4 -> 1015689.7 | R21: -3560252.6 | S21: =N21-O21-P21-Q21 -> -589473.05 | T21: =R21-S21 -> -2970779.5 | U21: 2970781.5 | V21: =T21+U21 -> 1.9480121 | W21: 沁春锦苑三期 | X21: 25305563 | Y21: 1.2.3#商业4-17#住宅
A22: 35.36#商业 | F22: =12240006.23-4686514.34+2844642.7 -> 10398135 | G22: 118348.62 | H22: 118348.62 | I22: =N43 -> 872447.27 | K22: 2284.91 | M22: 296.23 | W22: 沁春锦苑四期 | X22: 1.2464663e+08 | Y22: 12-15.38，+18.21.22住宅
A23: 沁春景苑1期2批次 | B23: 25-30#住宅 | C23: 81093522 | D23: 48702.04 | E23: =C23+D23 -> 81142224 | F23: 60430559 | G23: 374285.69 | H23: 286349.8 | I23: =N44 -> 9740629.3 | J23: =E23-G23-G24+H23+H24 -> 80522253 | K23: 25510.38 | L23: =ROUND((J23+J24)/(K23+K24),2) -> 2822.67 | M23: 24860.14 | N23: =L23*(M23+M24) -> 71101268 | P23: =M5 -> 92107449 | Q23: =O5 -> 2663679.5 | R23: -23165350 | S23: =N23-O23-P23-Q23 -> -23669860 | T23: =R23-S23 -> 504509.43 | U23: -504508.93 | V23: =T23+U23 -> 0.50089212 | W23: 通力华庭 | X23: 7608902.8
A24: 二期商铺32、33、34 | F24: 9784613.8 | G24: 589446.35 | H24: 57411.299 | I24: =N45 -> 1151817 | K24: 3016.57 | M24: 329.22619 | W24: 春和景苑 | X24: 2714430.2
A25: 沁春景苑2期 | B25: 4-11.16.17 | C25: 1.5681687e+08 | D25: 953137.3 | E25: =C25+D25 -> 1.5777001e+08 | F25: 1.2015676e+08 | G25: 14585442 | H25: 8094381.1 | I25: =N46 -> 16509521 | J25: =E25-G25-G26+H25+H26 -> 1.5080636e+08 | K25: 43237.88 | L25: =ROUND((J25+J26)/(K25+K26),2) -> 3161.01 | M25: 42753.043 | N25: =L25*(M25+M26) -> 1.3583478e+08 | Q25: =O6 -> 1.1143898e+08 | R25: 25305563 | S25: =N25-O25-P25-Q25 -> 24395803 | T25: =R25-S25 -> 909760.65 | U25: =-T25 -> -909760.65 | V25: =T25+U25 -> 0
A26: 1.2.3#商业 | F26: =17433308+4686514.34-2844642.7 -> 19275180 | G26: 885496.34 | H26: 412910.33 | I26: =N47 -> 1706959.7 | K26: 4470.47 | M26: 218.91304
A27: 沁春景苑三期1批次 | B27: 12.13.14.15.38# | C27: 1.2793969e+08 | D27: -1010395.5 | E27: =C27+D27 -> 1.269293e+08 | F27: 57039521 | G27: 12784718 | H27: 4980094.9 | I27: =N48 -> 9415592.7 | J27: =E27-G27-G28+H27+H28 -> 1.1562988e+08 | K27: 24659.12 | L27: =ROUND((J27+J28)/(K27+K28),2) -> 2283.02 | M27: 49344.235 | N27: =L27*(M27+M28) -> 1.1265388e+08 | R27: 1.2464663e+08 | S27: =N27-O27-P27-Q27 -> 1.1265388e+08 | T27: =R27-S27 -> 11992754 | U27: =-T27 -> -11992754 | V27: =T27+U27 -> 0
A28: 沁春景苑三期3批次 | B28: 18.21.22 | F28: 52583058 | G28: 8045413.7 | H28: 4550623.2 | I28: =N49 -> 9923285.3 | K28: 25988.75
A29: 通力华庭（商业） | K29: 2561.93 | L29: =J29/K29 -> 0 | N29: =L29*M29 -> 0 | S29: =N29-O29-P29-Q29 -> 0 | T29: =R29-S29 -> 0
A30: 通力华庭（住宅） | T30: =R30-S30 -> 0
A31: =SUM(A20:A28) -> 0 | B31: =SUM(B20:B28) -> 0 | C31: =SUM(C20:C30) -> 4.6533386e+08 | D31: =SUM(D20:D30) -> 119802.64 | E31: =SUM(E20:E30) -> 4.6545366e+08 | F31: =SUM(F20:F28) -> 4.1171203e+08 | G31: =SUM(G20:G28) -> 41544705 | H31: =SUM(H20:H28) -> 20337523 | I31: =SUM(I20:I28) -> 56320175 | J31: =SUM(J20:J28) -> 4.4424648e+08 | K31: =SUM(K20:K28) -> 159728.04 | L31: =SUM(L20:L28) -> 13837.85 | M31: =SUM(M20:M28) -> 146742.73 | ... S31: =SUM(S20:S28) -> 1.1334531e+08 | T31: =SUM(T20:T30) -> 12595710 | U31: =SUM(U20:U30) -> -12595708 | V31: =SUM(V20:V30) -> 2.4489042
J32: 159728.04
F33: =F31+I31 -> 4.680322e+08 | H33: =G31-H31 -> 21207182 | I33: =K31-J32 -> 0 | K33: 146742.73 | T33: 28263945
E34: =E31-F31-I31 -> -2578541.7 | F34: 4.6533386e+08 | T34: =T31-T33 -> -15668235
F35: =F33-F34 -> 2698344.3 | M35: =M36-K40 -> -30904.92 | O35: =O36-M40 -> -36451.56 | P35: =P36-N40 -> -72888.05
F36: 2604075.8 | M36: 3377073.8 | O36: 5812802.9 | P36: 56247286
F37: =F35-F36 -> 94268.5
K38: =K11-K12 -> -0.0010750815 | M38: =M11-M12 -> 0.0020007342 | O38: =O11-O12 -> -0.00019454956
E39: 大门 | F39: 公共配套 | G39: 机械停车设备 | H39: 开发间接费用 | I39: 垃圾站 | J39: 人防工程 | K39: 社区用房 | L39: 污水处理 | M39: 幼儿园
C40: 总可售面积 | D40: 可分摊比例 | E40: 527803.43 | F40: 9085860.8 | G40: 1987055.7 | H40: 7184365.8 | I40: 210481.42 | J40: 24831512 | K40: 3407978.7 | L40: 3235862.6 | M40: 5849254.4 | N40: =SUM(E40:M40) -> 56320175
A41: 春和景苑 | E41: =$E$40*D41 -> 0 | F41: =$F$40*D41 -> 0 | G41: =$G$40*D41 -> 0 | H41: =$H$40*D41 -> 0 | I41: =$I$40*D41 -> 0 | J41: =$J$40*D41 -> 0 | K41: =$K$40*D41 -> 0 | L41: =L40*$D$41 -> 0 | M41: =$M$40*D41 -> 0 | N41: =SUM(E41:M41) -> 0
A42: 沁春景苑1期一批次 | B42: 19、20、23.24住宅 | C42: 18332.56 | D42: =C42/$C$50 -> 0.124288 | E42: =$E$40*D42 -> 65599.634 | F42: =$F$40*D42 -> 1129263.5 | G42: =$G$40*D42 -> 246967.18 | H42: =$H$40*D42 -> 892930.48 | I42: =$I$40*D42 -> 26160.315 | J42: =$J$40*D42 -> 3086259 | K42: =$K$40*D42 -> 423570.87 | L42: =$L$40*D42 -> 402178.9 | M42: =$M$40*D42 -> 726992.15 | N42: =SUM(E42:M42) -> 6999922
A43: 35.36#商业 | C43: 2284.91 | D43: =C43/$C$50 -> 0.015490848 | E43: =$E$40*D43 -> 8176.1227 | F43: =$F$40*D43 -> 140747.69 | G43: =$G$40*D43 -> 30781.177 | H43: =$H$40*D43 -> 111291.92 | I43: =$I$40*D43 -> 3260.5357 | J43: =$J$40*D43 -> 384661.18 | K43: =$K$40*D43 -> 52792.48 | L43: =$L$40*D43 -> 50126.256 | M43: =$M$40*D43 -> 90609.911 | N43: =SUM(E43:M43) -> 872447.27
A44: 沁春景苑1期2批次 | B44: 25-30#住宅 | C44: 25510.38 | D44: =C44/$C$50 -> 0.17295098 | E44: =$E$40*D44 -> 91284.12 | F44: =$F$40*D44 -> 1571408.5 | G44: =$G$40*D44 -> 343663.22 | H44: =$H$40*D44 -> 1242543.1 | I44: =$I$40*D44 -> 36402.968 | J44: =$J$40*D44 -> 4294634.3 | K44: =$K$40*D44 -> 589413.25 | L44: =$L$40*D44 -> 559645.6 | M44: =$M$40*D44 -> 1011634.3 | N44: =SUM(E44:M44) -> 9740629.3 | O44: =O3+O4+O5+O6+#REF! -> #REF!
A45: 二期商铺32、33、34 | C45: 3016.57 | D45: =C45/$C$50 -> 0.020451233 | E45: =$E$40*D45 -> 10794.231 | F45: =$F$40*D45 -> 185817.06 | G45: =$G$40*D45 -> 40637.739 | H45: =$H$40*D45 -> 146929.14 | I45: =$I$40*D45 -> 4304.6046 | J45: =$J$40*D45 -> 507835.04 | K45: =$K$40*D45 -> 69697.368 | L45: =$L$40*D45 -> 66177.381 | M45: =$M$40*D45 -> 119624.47 | N45: =SUM(E45:M45) -> 1151817
A46: 沁春景苑2期 | B46: 4-11.16.17 | C46: 43237.88 | D46: =C46/$C$50 -> 0.2931369 | E46: =$E$40*D46 -> 154718.66 | F46: =$F$40*D46 -> 2663401 | G46: =$G$40*D46 -> 582479.33 | H46: =$H$40*D46 -> 2106002.7 | I46: =$I$40*D46 -> 61699.87 | J46: =$J$40*D46 -> 7279032.3 | K46: =$K$40*D46 -> 999004.31 | L46: =$L$40*D46 -> 948550.73 | M46: =$M$40*D46 -> 1714632.3 | N46: =SUM(E46:M46) -> 16509521
A47: 1.2.3#商业 | C47: 4470.47 | D47: =C47/$C$50 -> 0.03030814 | E47: =$E$40*D47 -> 15996.74 | F47: =$F$40*D47 -> 275375.54 | G47: =$G$40*D47 -> 60223.961 | H47: =$H$40*D47 -> 217744.76 | I47: =$I$40*D47 -> 6379.3003 | J47: =$J$40*D47 -> 752596.93 | K47: =$K$40*D47 -> 103289.49 | L47: =$L$40*D47 -> 98072.976 | M47: =$M$40*D47 -> 177280.02 | N47: =SUM(E47:M47) -> 1706959.7
A48: 沁春景苑三期1批次 | B48: 12.13.14.15.38# | C48: 24659.12 | D48: =C48/$C$50 -> 0.16717975 | E48: =$E$40*D48 -> 88238.045 | F48: =$F$40*D48 -> 1518971.9 | G48: =$G$40*D48 -> 332195.47 | H48: =$H$40*D48 -> 1201080.5 | I48: =$I$40*D48 -> 35188.231 | J48: =$J$40*D48 -> 4151325.9 | K48: =$K$40*D48 -> 569745.03 | L48: =$L$40*D48 -> 540970.7 | M48: =$M$40*D48 -> 977876.89 | N48: =SUM(E48:M48) -> 9415592.7
A49: 沁春景苑三期3批次 | B49: 18.21.22 | C49: 25988.75 | D49: =C49/$C$50 -> 0.17619415 | E49: =$E$40*D49 -> 92995.877 | F49: =$F$40*D49 -> 1600875.5 | G49: =$G$40*D49 -> 350107.59 | H49: =$H$40*D49 -> 1265843.2 | I49: =$I$40*D49 -> 37085.595 | J49: =$J$40*D49 -> 4375167.1 | K49: =$K$40*D49 -> 600465.91 | L49: =$L$40*D49 -> 570140.06 | M49: =$M$40*D49 -> 1030604.4 | N49: =SUM(E49:M49) -> 9923285.3
C50: =SUM(C41:C49) -> 147500.64 | E50: =SUM(E41:E49) -> 527803.43 | F50: =SUM(F41:F49) -> 9085860.8 | G50: =SUM(G41:G49) -> 1987055.7 | H50: =SUM(H41:H49) -> 7184365.8 | I50: =SUM(I41:I49) -> 210481.42 | J50: =SUM(J41:J49) -> 24831512 | K50: =SUM(K41:K49) -> 3407978.7 | L50: =SUM(L41:L49) -> 3235862.6 | ... N50: =SUM(N41:N49) -> 56320175
C51: 12227.4 | F51: =F40-F50 -> 0 | G51: =G40-G50 -> 0 | H51: =H40-H50 -> 0 | I51: =I40-I50 -> 0 | J51: =J40-J50 -> 0 | K51: =K40-K50 -> 0 | L51: =L40-L50 -> 0 | M51: =M40-M50 -> 0 | N51: =N40-N50 -> 0
C52: =SUM(C50:C51) -> 159728.04 | D52: 159728.04 | E52: =D52-C52 -> 0
A54: 项目 | B54: 2020年账结转收入 | C54: 2020年税务局确认收入 | D54: 差异 | E54: 2021年账结转收入 | F54: 2021年税务局确认收入 | G54: 差异 | H54: 2022年账结转收入 | I54: 2022年税务局确认收入 | J54: 差异
A55: 春和景苑 | D55: =B55-C55 -> 0 | E55: 32525829 | F55: 33389458 | G55: =E55-F55 -> -863628.54 | H55: 4709984.4 | I55: 3937942.2 | J55: =H55-I55 -> 772042.19
A56: 沁春景苑1期一批次 | B56: 68232977 | C56: 68232977 | D56: =B56-C56 -> 0 | E56: 2685917.4 | F56: 2020779.8 | G56: =E56-F56 -> 665137.6 | H56: 3205453.2 | I56: 1649489.9 | J56: =H56-I56 -> 1555963.3
A57: 沁春景苑1期2批次 | D57: =B57-C57 -> 0 | E57: 94702913 | F57: 96759280 | G57: =E57-F57 -> -2056366.9 | H57: 7311237.6 | I57: 6484228.4 | J57: =H57-I57 -> 827009.19
A58: 沁春景苑2期 | D58: =B58-C58 -> 0 | G58: =E58-F58 -> 0 | H58: 1.7880982e+08 | I58: 1.8216532e+08 | J58: =H58-I58 -> -3355500
A59: 天鹅水景 | D59: =B59-C59 -> 0 | G59: =E59-F59 -> 0 | J59: =H59-I59 -> 0
A60: 沁春景苑三期1批次 | D60: =B60-C60 -> 0 | G60: =E60-F60 -> 0 | J60: =H60-I60 -> 0
A61: 沁春景苑三期3批次 | D61: =B61-C61 -> 0 | G61: =E61-F61 -> 0 | J61: =H61-I61 -> 0
A62: 天鹅水景 | D62: =B62-C62 -> 0 | G62: =E62-F62 -> 0 | H62: 41042218 | I62: 41042218 | J62: =H62-I62 -> 0
A63: 通力华庭（老项目） | B63: 841821.9 | C63: 841821.9 | D63: =B63-C63 -> 0 | G63: =E63-F63 -> 0 | H63: 909961.9 | I63: 909961.9 | J63: =H63-I63 -> 0
A64: 其他业务收入（房租） | B64: 200952.38 | C64: 200952.38 | D64: =B64-C64 -> 0 | E64: 203888.16 | F64: 203888.16 | G64: =E64-F64 -> 0 | H64: 203888.16 | I64: 203888.16 | J64: =H64-I64 -> 0
A65: 其他业务收入（销售材料） | E65: 1769785.8 | F65: 1769785.8 | G65: =E65-F65 -> 0 | J65: =H65-I65 -> 0
A66: 合计 | B66: =SUM(B55:B65) -> 69275751 | C66: =SUM(C55:C65) -> 69275751 | D66: =SUM(D55:D65) -> 0 | E66: =SUM(E55:E65) -> 1.3188833e+08 | F66: =SUM(F55:F65) -> 1.3414319e+08 | G66: =SUM(G55:G65) -> -2254857.9 | H66: =SUM(H55:H65) -> 2.3619257e+08 | I66: =SUM(I55:I65) -> 2.3639305e+08 | J66: =SUM(J55:J65) -> -200485.34
B68: 69275751 | C68: 69275751 | E68: 1.3188833e+08 | F68: 1.3414319e+08 | H68: 2.3619257e+08 | I68: 2.3639305e+08
A71: 项目 | B71: 2020年账结转成本 | C71: 2020年税务局确认成本 | D71: 差异 | E71: 2021年账结转成本 | F71: 2021年税务局确认成本 | G71: 差异 | H71: 2022年账结转成本 | I71: 2022年税务局确认成本 | J71: 差异
A72: 春和景苑 | D72: =B72-C72 -> 0 | E72: 21773771 | F72: 21016634 | G72: =E72-F72 -> 757136.98 | H72: 2531249.1 | I72: 2227110.5 | J72: =H72-I72 -> 304138.53 | K72: =J72+G72+D72 -> 1061275.5 | L72: -1061275.5 | M72: =L72+K72 -> -0.0028535104
A73: 沁春景苑1期一批次 | B73: 56856635 | C73: 60537389 | D73: =B73-C73 -> -3680753.9 | E73: 1563368.7 | F73: 1180670 | G73: =E73-F73 -> 382698.64 | H73: 3724419.2 | I73: 1015689.7 | J73: =H73-I73 -> 2708729.5 | K73: =J73+G73+D73 -> -589325.79 | L73: 589323.84 | M73: =L73+K73 -> -1.9528122
A74: 沁春景苑1期2批次 | D74: =B74-C74 -> 0 | E74: 67839742 | F74: 92107449 | G74: =E74-F74 -> -24267707 | H74: 945272.39 | I74: 2663679.5 | J74: =H74-I74 -> -1718407.1 | K74: =J74+G74+D74 -> -25986114 | L74: 25986113 | M74: =L74+K74 -> -0.50576365
A75: 沁春景苑2期 | D75: =B75-C75 -> 0 | G75: =E75-F75 -> 0 | H75: 1.3138098e+08 | I75: 1.1143898e+08 | J75: =H75-I75 -> 19942003 | K75: =J75+G75+D75 -> 19942003 | L75: -19942003 | M75: =L75+K75 -> 0.00069800019
A76: 天鹅水景 | D76: =B76-C76 -> 0 | G76: =E76-F76 -> 0 | J76: =H76-I76 -> 0 | K76: =J76+G76+D76 -> 0
A77: 沁春景苑三期1批次 | D77: =B77-C77 -> 0 | G77: =E77-F77 -> 0 | J77: =H77-I77 -> 0 | K77: =J77+G77+D77 -> 0
A78: 沁春景苑三期3批次 | D78: =B78-C78 -> 0 | G78: =E78-F78 -> 0 | J78: =H78-I78 -> 0 | K78: =J78+G78+D78 -> 0
A79: 天鹅水景 | D79: =B79-C79 -> 0 | G79: =E79-F79 -> 0 | H79: 31633953 | I79: 31633953 | J79: =H79-I79 -> 0 | K79: =J79+G79+D79 -> 0
A80: 通力华庭（老项目） | B80: 885754.36 | C80: =2384.11*209.79 -> 500162.44 | D80: =B80-C80 -> 385591.92 | G80: =E80-F80 -> 0 | H80: 519116.12 | I80: =217.74*2384.11 -> 519116.11 | J80: =H80-I80 -> 0.0085999999 | K80: =J80+G80+D80 -> 385591.93
A81: 其他业务收入（房租） | D81: =B81-C81 -> 0 | E81: 108106.2 | G81: =E81-F81 -> 108106.2 | J81: =H81-I81 -> 0 | K81: =J81+G81+D81 -> 108106.2
A82: 其他业务收入（销售材料） | E82: 1722796.6 | F82: 1722796.6 | G82: =E82-F82 -> 0 | J82: =H82-I82 -> 0 | K82: =J82+G82+D82 -> 0
A83: 合计 | B83: =SUM(B72:B82) -> 57742389 | C83: =SUM(C72:C82) -> 61037551 | D83: =SUM(D72:D82) -> -3295162 | E83: =SUM(E72:E82) -> 93007784 | F83: =SUM(F72:F82) -> 1.1602755e+08 | G83: =SUM(G72:G82) -> -23019765 | H83: =SUM(H72:H82) -> 1.7073499e+08 | I83: =SUM(I72:I82) -> 1.4949853e+08 | ... K83: =SUM(K72:K82) -> -5078462.9
B85: 57742389 | C85: 61037551 | E85: 93007784 | F85: 1.1602755e+08 | H85: 1.7073499e+08 | I85: 1.4949853e+08

Sheet 税务局数据 (定稿2023.12.20)
B1: 税务局确认2020-2022结转成本
D2: 实际成本 | E2: 暂估成本 | F2: 公共设施分摊成本 | G2: 实际开发成本 | H2: 总可售面积 | I2: 单位成本 | J2: 截止清算时间已售面积 | K2: 2020年结转面积 | L2: 2020年可结转金额 | M2: 2021年结转销售面积 | N2: 2021年可结转金额 | O2: 2022年结转销售面积 | P2: 2022年可结转金额 | Q2: 2023年结转销售面积 | R2: 2023年可结转金额
B3: 春和景苑 | D3: 28234494 | E3: 2324150.5 | G3: =D3-E3 -> 25910344 | H3: 12227.4 | I3: =G3/H3 -> 2119.0395 | J3: 9918 | M3: 9918 | N3: =I3*M3 -> 21016634 | O3: 1051 | P3: =I3*O3 -> 2227110.5
B4: 沁春景苑1期一批次 | C4: 19、20、23.24 | D4: 58989418 | E4: 24989.59 | F4: 6455888.8 | G4: =D4-E4+F4 -> 65420317 | H4: 18332.84 | I4: =G4/H4+0.05 -> 3568.527 | J4: 16964.23 | K4: 16964.23 | L4: =I4*K4+76.39 -> 60537389 | M4: 330.856 | N4: =I4*M4+1.48 -> 1180670 | O4: 284.62 | P4: =I4*O4+15.57 -> 1015689.7
B5: 沁春景苑1期2批次 | C5: 25-36，不包含31# | D5: 84989775 | E5: 1007039 | F5: 10857586 | G5: =D5-E5+F5 -> 94840323 | H5: 30811.86 | I5: =G5/H5 -> 3078.046 | J5: 29924 | M5: 29924 | N5: =I5*M5 -> 92107449 | O5: 865.38 | P5: =I5*O5 -> 2663679.5
B6: 沁春景苑2期 | C6: 1.2.3.4-11.16.17 | D6: 1.3410189e+08 | E6: 35833187 | F6: 16798609 | G6: =D6-E6+F6 -> 1.1506731e+08 | H6: 47708.35 | I6: =G6/H6 -> 2411.8903 | J6: 46204 | O6: 46204 | P6: =I6*O6 -> 1.1143898e+08
B7: 天鹅水景 | F7: 8682733.8 | G7: =D7-E7+F7 -> 8682733.8 | H7: 24659.12 | I7: =G7/H7 -> 352.11045
B8: 沁春景苑三期1批次 | C8: 12.13.14.15. | F8: 9200424.2 | G8: =D8-E8+F8 -> 9200424.2 | H8: 26129.37 | I8: =G8/H8 -> 352.11045
B9: 沁春景苑三期3批次 | C9: 18.21.22 | F9: 9573612.5 | G9: =D9-E9+F9 -> 9573612.5
B10: 天鹅水景 | P10: 31633953
F11: =SUM(F4:F9) -> 61568854 | L11: =SUM(L3:L9) -> 60537389 | N11: =SUM(N3:N9) -> 1.1430475e+08 | P11: =SUM(P3:P10) -> 1.4897941e+08
L12: 60537389 | N12: 1.1430475e+08 | P12: 1.4897941e+08
D14: 实际取得发票成本（截止到2024年4月） | E14: 可暂估的成本 | F14: 公共设施分摊成本 | G14: 实际开发成本 | H14: 总可售面积 | I14: 单位成本 | J14: 截至2023年12月已售面积 | K14: 截至2023年总可结转成本 | L14: 2020年已结转成本 | N14: 2021年已结转成本 | P14: 2022年已结转成本 | Q14: 2023年账面实际确认成本 | R14: 2023年可结转金额 | S14: 应调增 | T14: 沁春锦苑一期 | U14: -3560252.6 | V14: 19-24，同时包含35.36#商业
B15: 春和景苑 | D15: 25910344 | E15: 1970463.4 | G15: =D15+F15+E15 -> 27880807 | H15: 12227.4 | I15: =G15/H15 -> 2280.191 | J15: 11361.23 | K15: =I15*J15 -> 25905774 | N15: =N3 -> 21016634 | P15: =P3 -> 2227110.5 | Q15: 2714430.2 | R15: =K15-L15-N15-P15 -> 2662029.7 | S15: =Q15-R15 -> 52400.491 | T15: 沁春锦苑二期项目 | U15: -23165350 | V15: 25-30,同时32.33.34商业
B16: 沁春景苑1期一批次 | C16: 19、20、23.24 | D16: 73031292 | F16: =P36 -> 6999922 | G16: =D16+F16+E16 -> 80031214 | H16: 18332.56 | I16: =G16/H16 -> 4365.5231 | J16: 17579.71 | K16: =I16*J16 -> 76744630 | L16: =L4 -> 60537389 | N16: =N4 -> 1180670 | P16: =P4 -> 1015689.7 | R16: =K16-L16-N16-P16 -> 14010882 | S16: =Q16-R16 -> -14010882 | T16: 沁春锦苑三期 | U16: 25305563 | V16: 1.2.3#商业4-17#住宅
B17: 1号楼35号楼（商业） | D17: 9337002.2 | E17: 327876.94 | F17: =P37 -> 997370.6 | G17: =D17+F17+E17 -> 10662250 | H17: 2612.08 | I17: =G17/H17 -> 4081.9001 | J17: 296.23 | K17: =I17*J17 -> 1209181.3 | R17: =K17-L17-N17-P17 -> 1209181.3 | S17: =Q17-R17 -> -1209181.3 | T17: 沁春锦苑四期 | U17: 1.2464663e+08 | V17: 12-15.38，+18.21.22住宅
B18: 沁春景苑1期2批次 | C18: 25-36，不包含31# | D18: 60564016 | E18: 580560.81 | F18: =P38 -> 9740629.3 | G18: =D18+F18+E18 -> 70885206 | H18: 25510.38 | I18: =G18/H18 -> 2778.6809 | J18: =24860.14+329.23 -> 25189.37 | K18: =I18*J18 -> 69993222 | N18: =N5 -> 92107449 | P18: =P5 -> 2663679.5 | Q18: -23165350 | R18: =K18-L18-N18-P18 -> -24777906 | S18: =Q18-R18 -> 1612555.9 | T18: 通力华庭 | U18: 7608902.8
B19: 二期商铺32、33、34 | D19: 5147425.2 | E19: 57411.299 | F19: =P39 -> 1151817 | G19: =D19+F19+E19 -> 6356653.6 | H19: 3016.57 | I19: =G19/H19 -> 2107.2455 | K19: =I19*J19 -> 0 | R19: =K19-L19-N19-P19 -> 0 | S19: =Q19-R19 -> 0 | T19: 春和景苑 | U19: 2714430.2
B20: 沁春景苑2期 | C20: 4-11.16.17 | D20: 78720988 | E20: 11558114 | F20: =P40 -> 18091558 | G20: =D20+F20+E20 -> 1.0837066e+08 | H20: =47419.98-38.8 -> 47381.18 | I20: =G20/H20 -> 2287.209 | J20: 42971.96 | K20: =I20*J20 -> 98285852 | P20: =P6 -> 1.1143898e+08 | Q20: 25305563 | R20: =K20-L20-N20-P20 -> -13153129 | S20: =Q20-R20 -> 38458693
B21: 沁春景苑三期1批次 | C21: 12.13.14.15.38# | D21: 47771681 | E21: 4986227 | F21: =P41 -> 9415592.7 | G21: =D21+F21+E21 -> 62173501 | H21: 24659.12 | I21: =G21/H21 -> 2521.3187 | J21: 49344.23 | K21: =I21*J21 -> 1.2441253e+08 | Q21: 1.2464663e+08 | R21: =K21-L21-N21-P21 -> 1.2441253e+08 | S21: =Q21-R21 -> 234098.52
B22: 沁春景苑三期3批次 | C22: 18.21.22 | D22: 37927289 | E22: 4744193.2 | F22: =P42 -> 9923285.3 | G22: =D22+F22+E22 -> 52594767 | H22: 25988.75 | I22: =G22/H22 -> 2023.7513 | K22: =I22*J22 -> 0 | R22: =K22-L22-N22-P22 -> 0 | S22: =Q22-R22 -> 0
B23: 通力华庭（商业） | G23: 15485115 | H23: 2561.93 | I23: =G23/H23 -> 6044.3163 | K23: =I23*J23 -> 0 | R23: =K23-L23-N23-P23 -> 0 | S23: =Q23-R23 -> 0
B24: 通力华庭（住宅） | S24: =Q24-R24 -> 0
A25: =SUM(A15:A22) -> 0 | B25: =SUM(B15:B22) -> 0 | C25: =SUM(C15:C22) -> 0 | D25: =SUM(D15:D22) -> 3.3841004e+08 | E25: =SUM(E15:E22) -> 24224846 | F25: =SUM(F15:F22) -> 56320175 | G25: =SUM(G15:G22) -> 4.1895506e+08 | H25: =SUM(H15:H22) -> 159728.04 | ... R25: =SUM(R15:R22) -> 1.0436359e+08 | S25: =Q25-R25 -> 25137685
H26: 159728.04
H27: =H25-H26 -> 0
L32: =L11-L12 -> -0.0010750815 | N32: =N11-N12 -> 0.0020007342 | P32: =P11-P12 -> -0.00019451976
F33: 大门 | G33: 公共配套 | H33: 机械停车设备 | I33: 开发间接费用 | J33: 垃圾站 | K33: 人防工程 | L33: 社区用房 | M33: 污水处理 | N33: 幼儿园
D34: 总可售面积 | E34: 可分摊比例 | F34: 527803.43 | G34: 9085860.8 | H34: 1987055.7 | I34: 7184365.8 | J34: 210481.42 | K34: 24831512 | L34: 3407978.7 | M34: 3235862.6 | N34: 5849254.4 | P34: =SUM(F34:N34) -> 56320175
B35: 春和景苑 | F35: =$F$34*E35 -> 0 | G35: =$G$34*E35 -> 0 | H35: =$H$34*E35 -> 0 | I35: =$I$34*E35 -> 0 | J35: =$J$34*E35 -> 0 | K35: =$K$34*E35 -> 0 | L35: =$L$34*E35 -> 0 | M35: =M34*$E$35 -> 0 | N35: =$N$34*E35 -> 0 | P35: =SUM(F35:N35) -> 0
B36: 沁春景苑1期一批次 | C36: 19、20、23.24 | D36: 18332.56 | E36: =D36/$D$43 -> 0.124288 | F36: =$F$34*E36 -> 65599.634 | G36: =$G$34*E36 -> 1129263.5 | H36: =$H$34*E36 -> 246967.18 | I36: =$I$34*E36 -> 892930.48 | J36: =$J$34*E36 -> 26160.315 | K36: =$K$34*E36 -> 3086259 | L36: =$L$34*E36 -> 423570.87 | M36: =$M$34*E36 -> 402178.9 | N36: =$N$34*E36 -> 726992.15 | P36: =SUM(F36:N36) -> 6999922
B37: 1号楼35号楼（商业） | D37: 2612.08 | E37: =D37/$D$43 -> 0.01770894 | F37: =$F$34*E37 -> 9346.8393 | G37: =$G$34*E37 -> 160900.96 | H37: =$H$34*E37 -> 35188.65 | I37: =$I$34*E37 -> 127227.5 | J37: =$J$34*E37 -> 3727.4029 | K37: =$K$34*E37 -> 439739.75 | L37: =$L$34*E37 -> 60351.691 | M37: =$M$34*E37 -> 57303.697 | N37: =$N$34*E37 -> 103584.1 | P37: =SUM(F37:N37) -> 997370.6
B38: 沁春景苑1期2批次 | C38: 25-36，不包含31# | D38: 25510.38 | E38: =D38/$D$43 -> 0.17295098 | F38: =$F$34*E38 -> 91284.12 | G38: =$G$34*E38 -> 1571408.5 | H38: =$H$34*E38 -> 343663.22 | I38: =$I$34*E38 -> 1242543.1 | J38: =$J$34*E38 -> 36402.968 | K38: =$K$34*E38 -> 4294634.3 | L38: =$L$34*E38 -> 589413.25 | M38: =$M$34*E38 -> 559645.6 | N38: =$N$34*E38 -> 1011634.3 | P38: =SUM(F38:N38) -> 9740629.3 | Q38: =P3+P4+P5+P6+#REF! -> #REF!
B39: 二期商铺32、33、34 | D39: 3016.57 | E39: =D39/$D$43 -> 0.020451233 | F39: =$F$34*E39 -> 10794.231 | G39: =$G$34*E39 -> 185817.06 | H39: =$H$34*E39 -> 40637.739 | I39: =$I$34*E39 -> 146929.14 | J39: =$J$34*E39 -> 4304.6046 | K39: =$K$34*E39 -> 507835.04 | L39: =$L$34*E39 -> 69697.368 | M39: =$M$34*E39 -> 66177.381 | N39: =$N$34*E39 -> 119624.47 | P39: =SUM(F39:N39) -> 1151817
B40: 沁春景苑2期 | C40: 4-11.16.17 | D40: =47419.98-38.8 -> 47381.18 | E40: =D40/$D$43 -> 0.32122695 | F40: =$F$34*E40 -> 169544.68 | G40: =$G$34*E40 -> 2918623.3 | H40: =$H$34*E40 -> 638295.82 | I40: =$I$34*E40 -> 2307811.9 | J40: =$J$34*E40 -> 67612.304 | K40: =$K$34*E40 -> 7976550.7 | L40: =$L$34*E40 -> 1094734.6 | M40: =$M$34*E40 -> 1039446.3 | N40: =$N$34*E40 -> 1878938.1 | P40: =SUM(F40:N40) -> 18091558
B41: 沁春景苑三期1批次 | C41: 12.13.14.15.38# | D41: 24659.12 | E41: =D41/$D$43 -> 0.16717975 | F41: =$F$34*E41 -> 88238.045 | G41: =$G$34*E41 -> 1518971.9 | H41: =$H$34*E41 -> 332195.47 | I41: =$I$34*E41 -> 1201080.5 | J41: =$J$34*E41 -> 35188.231 | K41: =$K$34*E41 -> 4151325.9 | L41: =$L$34*E41 -> 569745.03 | M41: =$M$34*E41 -> 540970.7 | N41: =$N$34*E41 -> 977876.89 | P41: =SUM(F41:N41) -> 9415592.7
B42: 沁春景苑三期3批次 | C42: 18.21.22 | D42: 25988.75 | E42: =D42/$D$43 -> 0.17619415 | F42: =$F$34*E42 -> 92995.877 | G42: =$G$34*E42 -> 1600875.5 | H42: =$H$34*E42 -> 350107.59 | I42: =$I$34*E42 -> 1265843.2 | J42: =$J$34*E42 -> 37085.595 | K42: =$K$34*E42 -> 4375167.1 | L42: =$L$34*E42 -> 600465.91 | M42: =$M$34*E42 -> 570140.06 | N42: =$N$34*E42 -> 1030604.4 | P42: =SUM(F42:N42) -> 9923285.3
D43: =SUM(D35:D42) -> 147500.64 | F43: =SUM(F35:F42) -> 527803.43 | G43: =SUM(G35:G42) -> 9085860.8 | H43: =SUM(H35:H42) -> 1987055.7 | I43: =SUM(I35:I42) -> 7184365.8 | J43: =SUM(J35:J42) -> 210481.42 | K43: =SUM(K35:K42) -> 24831512 | L43: =SUM(L35:L42) -> 3407978.7 | M43: =SUM(M35:M42) -> 3235862.6 | N43: =SUM(N35:N42) -> 5849254.4 | P43: =SUM(P35:P42) -> 56320175
D44: 12227.4 | G44: =G34-G43 -> 0 | H44: =H34-H43 -> 0 | I44: =I34-I43 -> 0 | J44: =J34-J43 -> 0 | K44: =K34-K43 -> 0 | L44: =L34-L43 -> 0 | M44: =M34-M43 -> 0 | N44: =N34-N43 -> 0 | O44: =P34-P43 -> 0
D45: =SUM(D43:D44) -> 159728.04 | E45: 159728.04 | F45: =E45-D45 -> 0
B47: 项目 | C47: 2020年账结转收入 | D47: 2020年税务局确认收入 | E47: 差异 | F47: 2021年账结转收入 | G47: 2021年税务局确认收入 | H47: 差异 | I47: 2022年账结转收入 | J47: 2022年税务局确认收入 | K47: 差异
B48: 春和景苑 | E48: =C48-D48 -> 0 | F48: 32525829 | G48: 33389458 | H48: =F48-G48 -> -863628.54 | I48: 4709984.4 | J48: 3937942.2 | K48: =I48-J48 -> 772042.19
B49: 沁春景苑1期一批次 | C49: 68232977 | D49: 68232977 | E49: =C49-D49 -> 0 | F49: 2685917.4 | G49: 2020779.8 | H49: =F49-G49 -> 665137.6 | I49: 3205453.2 | J49: 1649489.9 | K49: =I49-J49 -> 1555963.3
B50: 沁春景苑1期2批次 | E50: =C50-D50 -> 0 | F50: 94702913 | G50: 96759280 | H50: =F50-G50 -> -2056366.9 | I50: 7311237.6 | J50: 6484228.4 | K50: =I50-J50 -> 827009.19
B51: 沁春景苑2期 | E51: =C51-D51 -> 0 | H51: =F51-G51 -> 0 | I51: 1.7880982e+08 | J51: 1.8216532e+08 | K51: =I51-J51 -> -3355500
B52: 天鹅水景 | E52: =C52-D52 -> 0 | H52: =F52-G52 -> 0 | K52: =I52-J52 -> 0
B53: 沁春景苑三期1批次 | E53: =C53-D53 -> 0 | H53: =F53-G53 -> 0 | K53: =I53-J53 -> 0
B54: 沁春景苑三期3批次 | E54: =C54-D54 -> 0 | H54: =F54-G54 -> 0 | K54: =I54-J54 -> 0
B55: 天鹅水景 | E55: =C55-D55 -> 0 | H55: =F55-G55 -> 0 | I55: 41042218 | J55: 41042218 | K55: =I55-J55 -> 0
B56: 通力华庭（老项目） | C56: 841821.9 | D56: 841821.9 | E56: =C56-D56 -> 0 | H56: =F56-G56 -> 0 | I56: 909961.9 | J56: 909961.9 | K56: =I56-J56 -> 0
B57: 其他业务收入（房租） | C57: 200952.38 | D57: 200952.38 | E57: =C57-D57 -> 0 | F57: 203888.16 | G57: 203888.16 | H57: =F57-G57 -> 0 | I57: 203888.16 | J57: 203888.16 | K57: =I57-J57 -> 0
B58: 其他业务收入（销售材料） | F58: 1769785.8 | G58: 1769785.8 | H58: =F58-G58 -> 0 | K58: =I58-J58 -> 0
B59: 合计 | C59: =SUM(C48:C58) -> 69275751 | D59: =SUM(D48:D58) -> 69275751 | E59: =SUM(E48:E58) -> 0 | F59: =SUM(F48:F58) -> 1.3188833e+08 | G59: =SUM(G48:G58) -> 1.3414319e+08 | H59: =SUM(H48:H58) -> -2254857.9 | I59: =SUM(I48:I58) -> 2.3619257e+08 | J59: =SUM(J48:J58) -> 2.3639305e+08 | K59: =SUM(K48:K58) -> -200485.34
C61: 69275751 | D61: 69275751 | F61: 1.3188833e+08 | G61: 1.3414319e+08 | I61: 2.3619257e+08 | J61: 2.3639305e+08
B64: 项目 | C64: 2020年账结转成本 | D64: 2020年税务局确认成本 | E64: 差异 | F64: 2021年账结转成本 | G64: 2021年税务局确认成本 | H64: 差异 | I64: 2022年账结转成本 | J64: 2022年税务局确认成本 | K64: 差异
B65: 春和景苑 | E65: =C65-D65 -> 0 | F65: 21773771 | G65: 21016634 | H65: =F65-G65 -> 757136.98 | I65: 2531249.1 | J65: 2227110.5 | K65: =I65-J65 -> 304138.53
B66: 沁春景苑1期一批次 | C66: 56856635 | D66: 60537389 | E66: =C66-D66 -> -3680753.9 | F66: 1563368.7 | G66: 1180670 | H66: =F66-G66 -> 382698.64 | I66: 3724419.2 | J66: 1015689.7 | K66: =I66-J66 -> 2708729.5
B67: 沁春景苑1期2批次 | E67: =C67-D67 -> 0 | F67: 67839742 | G67: 92107449 | H67: =F67-G67 -> -24267707 | I67: 945272.39 | J67: 2663679.5 | K67: =I67-J67 -> -1718407.1
B68: 沁春景苑2期 | E68: =C68-D68 -> 0 | H68: =F68-G68 -> 0 | I68: 1.3138098e+08 | J68: 1.1143898e+08 | K68: =I68-J68 -> 19942003
B69: 天鹅水景 | E69: =C69-D69 -> 0 | H69: =F69-G69 -> 0 | K69: =I69-J69 -> 0
B70: 沁春景苑三期1批次 | E70: =C70-D70 -> 0 | H70: =F70-G70 -> 0 | K70: =I70-J70 -> 0
B71: 沁春景苑三期3批次 | E71: =C71-D71 -> 0 | H71: =F71-G71 -> 0 | K71: =I71-J71 -> 0
B72: 天鹅水景 | E72: =C72-D72 -> 0 | H72: =F72-G72 -> 0 | I72: 31633953 | J72: 31633953 | K72: =I72-J72 -> 0
B73: 通力华庭（老项目） | C73: 885754.36 | D73: =2384.11*209.79 -> 500162.44 | E73: =C73-D73 -> 385591.92 | H73: =F73-G73 -> 0 | I73: 519116.12 | J73: =217.74*2384.11 -> 519116.11 | K73: =I73-J73 -> 0.0085999999
B74: 其他业务收入（房租） | E74: =C74-D74 -> 0 | F74: 108106.2 | H74: =F74-G74 -> 108106.2 | K74: =I74-J74 -> 0
B75: 其他业务收入（销售材料） | F75: 1722796.6 | G75: 1722796.6 | H75: =F75-G75 -> 0 | K75: =I75-J75 -> 0
B76: 合计 | C76: =SUM(C65:C75) -> 57742389 | D76: =SUM(D65:D75) -> 61037551 | E76: =SUM(E65:E75) -> -3295162 | F76: =SUM(F65:F75) -> 93007784 | G76: =SUM(G65:G75) -> 1.1602755e+08 | H76: =SUM(H65:H75) -> -23019765 | I76: =SUM(I65:I75) -> 1.7073499e+08 | J76: =SUM(J65:J75) -> 1.4949853e+08 | ... L76: =SUM(L65:L75) -> 0
C78: 57742389 | D78: 61037551 | F78: 93007784 | G78: 1.1602755e+08 | I78: 1.7073499e+08 | J78: 1.4949853e+08

Sheet 其他信息
A1: 增值税本年申报收入 | D1: ='增值税&所得税收入比对'!G14 -> 0 | E1: =D1-D2 -> 0 | F1: 原因详见《增值税&所得税收入比对》
A2: 所得税本年申报收入 | E2: =D2-D3 -> -2.7020849e+08
A3: 利润表营业收入 | D3: =利润总额!G6 -> 2.7020849e+08
A4: 本年申报表应纳增值税税额 | D4: 附税倒推增值税 | E4: =税金及附加!E9/税金及附加!D9 -> 8859928.4 | F4: =IF(C4-E4=0,"申报增值税=附税计税依据","增值税申报表的增值税不等于附税的计税依据，核对原因！") -> 增值税申报表的增值税不等于附税的计税依据，核对原因！
A5: 银行存款 | D5: 对账单银行存款金额 | F5: =IF(C5-E5=0,"账载金额=银行对账单余额","账载金额不等于银行对账单余额，核对原因！") -> 账载金额=银行对账单余额
A6: 预交所得税 | C6: =SUM(C7:C11) -> 0 | D6: 税务局系统预交所得税 | E6: =C6 -> 0 | F6: =IF(C6-E6=0,"账载金额=申报系统预交税额","账载金额不等于申报系统预交税额，核对预缴税款金额！") -> 账载金额=申报系统预交税额
A7: 第一季度
A8: 第二季度
A9: 第三季度
A10: 第四季度
A11: 以前年度抵税

Sheet 预计毛利计算表表
B1: 2023年 | E1: 2024年 | H1: 2025年 | K1: 2026年 | N1: 合计
B2: 预计毛利(金额） | C2: 预计毛利转回 | D2: 纳税调整金额 | E2: 预计毛利(金额） | F2: 预计毛利转回 | G2: 纳税调整金额 | H2: 预计毛利(金额） | I2: 预计毛利转回 | J2: 纳税调整金额 | K2: 预计毛利(金额） | L2: 预计毛利转回 | M2: 纳税调整金额 | N2: 预计毛利(金额） | O2: 预计毛利转回 | P2: 纳税调整金额
A4: 预收账款 | B4: 249626574 | E4: 207552911 | F4: =B4 -> 249626574 | H4: 84106099 | I4: =E4 -> 207552911
H6: -381787.51
O7: =E7+H7+K7 -> 0
O8: =E8+H8+K8 -> 0
A11: 合计 | B11: =SUM(B3:B10) -> 249626574 | C11: =SUM(C3:C10) -> 0 | D11: =SUM(D3:D10) -> 0 | E11: =SUM(E3:E10) -> 207552911 | F11: =SUM(F3:F10) -> 249626574 | G11: =SUM(G3:G10) -> 0 | H11: =SUM(H3:H10) -> 83724311 | I11: =SUM(I3:I10) -> 207552911 | ... M11: =SUM(M3:M10) -> 0 | O11: =SUM(O7:O10) -> 0
K13: =K11/1.09 -> 0 | L13: =L11/1.09 -> 0
B14: 2023年 | E14: 2024年 | H14: 2025年 | K14: 2026年 | N14: 合计
B15: 预计毛利(金额10%） | C15: 预计毛利转回 | D15: 纳税调整金额 | E15: 预计毛利(金额） | F15: 预计毛利转回 | G15: 纳税调整金额 | H15: 预计毛利(金额） | I15: 预计毛利转回 | J15: 纳税调整金额 | K15: 预计毛利(金额） | L15: 预计毛利转回 | M15: 纳税调整金额 | N15: 预计毛利(金额） | O15: 预计毛利转回 | P15: 纳税调整金额
D16: =B16-C16 -> 0 | E16: =E3/1.09*0.1 -> 0 | F16: =F3/1.09*0.1 -> 0 | G16: =E16-F16 -> 0 | H16: =H3/1.09*0.1 -> 0 | I16: =I3/1.09*0.1 -> 0 | J16: =H16-I16 -> 0 | K16: =K3/1.09*0.1 -> 0 | L16: =L3/1.09*0.1 -> 0 | M16: =K16-L16 -> 0
A17: 预计毛利 | B17: =B4/1.09*0.1 -> 22901521 | D17: =B17-C17 -> 22901521 | E17: =E4/1.09*0.1 -> 19041551 | F17: =F4/1.09*0.1 -> 22901521 | G17: =E17-F17 -> -3859969.1 | H17: =H4/1.09*0.1 -> 7716155.9 | I17: =I4/1.09*0.1 -> 19041551 | J17: =H17-I17 -> -11325396 | K17: =K4/1.09*0.1 -> 0 | L17: =L4/1.09*0.1 -> 0 | M17: =K17-L17 -> 0
B18: =B5/1.09*0.1 -> 0 | D18: =B18-C18 -> 0 | E18: =E5/1.09*0.1 -> 0 | F18: =F5/1.09*0.1 -> 0 | G18: =E18-F18 -> 0 | H18: =H5/1.09*0.1 -> 0 | I18: =I5/1.09*0.1 -> 0 | J18: =H18-I18 -> 0 | K18: =K5/1.09*0.1 -> 0 | L18: =L5/1.09*0.1 -> 0 | M18: =K18-L18 -> 0
D19: =B19-C19 -> 0 | E19: =E6/1.09*0.1 -> 0 | F19: =F6/1.09*0.1 -> 0 | G19: =E19-F19 -> 0 | H19: =H6/1.09*0.1 -> -35026.377 | I19: =I6/1.09*0.1 -> 0 | J19: =H19-I19 -> -35026.377 | K19: =K6/1.09*0.1 -> 0 | L19: =L6/1.09*0.1 -> 0 | M19: =K19-L19 -> 0 | N19: =N6/1.09*0.1 -> 0 | O19: =O6/1.09*0.1 -> 0 | P19: =N19-O19 -> 0
D20: =B20-C20 -> 0 | E20: =E7/1.09*0.1 -> 0 | F20: =F7/1.09*0.1 -> 0 | G20: =E20-F20 -> 0 | H20: =H7/1.09*0.1 -> 0 | I20: =I7/1.09*0.1 -> 0 | J20: =H20-I20 -> 0 | K20: =K7/1.09*0.1 -> 0 | L20: =L7/1.09*0.1 -> 0 | M20: =K20-L20 -> 0 | N20: =N7/1.09*0.1 -> 0 | O20: =O7/1.09*0.1 -> 0 | P20: =N20-O20 -> 0
E21: =E8/1.09*0.1 -> 0 | F21: =F8/1.09*0.1 -> 0 | H21: =H8/1.09*0.1 -> 0 | I21: =I8/1.09*0.1 -> 0 | J21: =H21-I21 -> 0 | K21: =K8/1.09*0.1 -> 0 | L21: =L8/1.09*0.1 -> 0 | M21: =K21-L21 -> 0 | N21: =N8/1.09*0.1 -> 0 | O21: =O8/1.09*0.1 -> 0 | P21: =N21-O21 -> 0
E22: =E9/1.09*0.1 -> 0 | F22: =F9/1.09*0.1 -> 0 | H22: 2686454.7 | I22: =I9/1.09*0.1 -> 0 | J22: =H22-I22 -> 2686454.7 | K22: =K9/1.09*0.1 -> 0 | L22: =L9/1.09*0.1 -> 0 | M22: =K22-L22 -> 0 | N22: =N9/1.09*0.1 -> 0 | O22: =O9/1.09*0.1 -> 0 | P22: =N22-O22 -> 0
E23: =E10/1.09*0.1 -> 0 | F23: =F10/1.09*0.1 -> 0 | H23: =H10/1.09*0.1 -> 0 | I23: =I10/1.09*0.1 -> 0 | J23: =H23-I23 -> 0 | K23: =K10/1.09*0.1 -> 0 | L23: =L10/1.09*0.1 -> 0 | M23: =K23-L23 -> 0 | N23: =N10/1.09*0.1 -> 0 | O23: =O10/1.09*0.1 -> 0 | P23: =N23-O23 -> 0
M24: =K24-L24 -> 0 | P24: =N24-O24 -> 0
B25: =SUM(B16:B24) -> 22901521 | C25: =SUM(C16:C24) -> 0 | D25: =SUM(D16:D24) -> 22901521 | E25: =SUM(E16:E24) -> 19041551 | F25: =SUM(F16:F24) -> 22901521 | G25: =SUM(G16:G24) -> -3859969.1 | H25: =SUM(H16:H24) -> 10367584 | I25: =SUM(I16:I24) -> 19041551 | ... Q25: =SUM(Q16:Q24) -> 0
A27: 账面收入确认
A28: 画堂春锦苑一期 | E28: 2.8441605e+08
A29: 画堂春锦苑一期商业 | E29: 13636330 | H29: 75306120 | I29: 2025年4季度申报表的特定收入计税依据和本年确认的特定收入差额150517.45是4季度企业按含税价计算
A30: 画堂春锦苑二期
O31: =O11/1.09 -> 0
H38: 7530612
H41: =H25-H38 -> 2836972.1

Sheet 凭证检查表
A1: 新疆华政华政华瑞税务师事务所有限公司巴州分所工作底稿
A2: ='目录（简版）'!A2 -> 被审核单位：新疆通力房地产开发有限公司库尔勒二分公司 | G2: ="编 制： "&Sheet1!F15&" " -> 编 制： 王翠英 | H2: ="编制日期: "&TEXT(Sheet1!H15,"yyyy-mm-dd") -> 编制日期: 2026-01-18
A3: 项 目：凭证检查表 | G3: ="复 核： "&Sheet1!F17&" " -> 复 核： 刘洁 | H3: ="复核日期: "&TEXT(Sheet1!H17,"yyyy-mm-dd") -> 复核日期: 2026-04-28
A4: ="纳税年度："&YEAR(Sheet1!F11)&"年度" -> 纳税年度：2025年度 | G4: ="索 引： Z7"&" " -> 索 引： Z7
A5: =Sheet1!F7&YEAR(Sheet1!F11)&"年所得税审核工作底稿" -> 新疆通力房地产开发有限公司库尔勒二分公司2025年所得税审核工作底稿
A6: 月份 | B6: 凭证号 | C6: 科目名称 | D6: 对方科目 | E6: 账载金额 | F6: 摘要 | G6: 调整 金额 | H6: 调整类别 | I6: 说明 | J6: 企业是否同意调整
A7: 45670 | B7: 39 | C7: 管理费用-业务费 | E7: 3671.02 | F7: 管丽萍报票（聚餐） | G7: 3671.02 | H7: 福利费 | I7: 员工聚餐，属于福利费
A8: 45670 | B8: 48 | C8: 销售费用-展览费和广告费 | E8: 1300 | F8: 巴州乐趣互动文化传媒有限公司画堂春锦苑 11月销控墙搭建 广告制作费 | H8: 跨期票据 | I8: 24年11月30日活动墙搭建费
A9: 45671 | B9: 49 | C9: 销售费用-策划服务费 | E9: 43069.31 | F9: 巴州乐趣互动文化传媒有限公司画堂春锦苑商业街花漾里亮灯仪式 活动策划费 | H9: 跨期票据 | I9: 24年11月30日-12月2日活动策划费
A10: 45672 | B10: 52 | C10: 销售费用-代理费 | E10: 438477.41 | F10: 库尔勒创智源房地产经纪有限公司画堂春锦苑项目12月销售佣金 | G10: 438477.41 | I10: 2024年12月住宅结算回款佣金
A11: 45667 | B11: 56 | C11: 管理费用-业务费 | E11: 35100 | F11: 银行存款日记账SGRJZ3217业务费 | G11: 35100 | H11: 视同销售收入 | I11: 外购物品，视同销售
A12: 45667 | B12: 56 | C12: 管理费用-差旅费 | E12: 766.34 | F12: 管丽萍报销住宿费 | G12: 766.34 | H12: 业务招待费支出 | I12: 库尔勒本地住宿费发票
A13: 45673 | B13: 59 | C13: 管理费用-差旅费 | E13: 3996 | F13: 管丽萍报销年会参会人员火车票 | G13: =E13 -> 3996 | H13: 福利费 | I13: 参加年会报销车费，属于职工福利费
A14: 45673 | B14: 61 | C14: 销售费用-礼品采购费 | E14: 147200 | F14: 库尔勒市飞鸿通讯中心画堂春锦苑11月、12月成交礼品 手机 | G14: 147200 | H14: 视同销售收入 | I14: 成交礼品，视同销售，跨期
A15: 45674 | B15: 62 | C15: 销售费用-策划服务费 | E15: 29702.97 | F15: 巴州乐趣互动文化传媒有限公司画堂春锦苑12月商家优惠补贴活动策划费 | H15: 跨期票据 | I15: 跨期，24年11月30日-12月25日活动策划费
A16: 45708 | B16: 58 | C16: 销售费用-客介费 | E16: 24895.67 | F16: 巴州美好优居房地产经纪有限公司画堂春锦苑渠道分销售客介费用申请，住宅客介1%16044.63元，手机折现金9100元，合计费用25144.63元； | H16: 跨期票据 | I16: 跨期费用，成交时间：2024.12.12和2024.12.31
A17: 45712 | B17: 63 | C17: 管理费用-业务费 | E17: 3750 | F17: 银行存款日记账SGRJZ3631业务费 | G17: 3750 | H17: 业务招待费支出 | I17: 足浴店开的发票，现代服务
A18: 45712 | B18: 66 | C18: 管理费用-业务费 | E18: 2271 | F18: 管丽萍报业务费 | G18: 2271 | H18: 业务招待费支出 | I18: 餐费，入业务招待费
A19: 45713 | B19: 69 | C19: 管理费用-差旅费 | E19: 1123.22 | F19: 管丽萍住宿费 | G19: 1123.22 | H19: 业务招待费支出 | I19: 本地住宿，入管理费用-招待费
A20: 45713 | B20: 69 | C20: 应交税费_应交增值税_进项税额 | E20: 38.78 | F20: 管丽萍住宿费 | G20: 37.78 | I20: 本地住宿，进项税额转出，入管理费用-招待费
A21: 45740 | B21: 73 | C21: 管理费用-业务费 | E21: 2109 | F21: 管丽萍业务费业务费 | G21: 2109 | H21: 业务招待费支出 | I21: 餐费，入业务招待费
A22: 45747 | B22: 98 | C22: 销售费用-销售代理费 | E22: 677002.95 | F22: 预提2025-1-15#凭证中支付画堂春锦苑11月销售佣金 | G22: 677002.95 | I22: 跨期费用，2024年11月销售佣金
A23: 45748 | B23: 1 | C23: 销售费用-租赁佣金 | E23: 35608 | F23: 营销部2024年11月-2025年2月租赁佣金 | G23: 30350 | I23: 跨期费用其中30350是24年11-12月销售佣金
A24: 45775 | B24: 128 | C24: 管理费用-差旅费 | E24: 688 | F24: 银行存款日记账SGRJZ4467报火车票及交通费 管丽萍 | G24: 56.81 | I24: 没有确认进项税额
A25: 45783 | B25: 41 | C25: 销售费用-礼品采购费 | E25: 16335 | F25: 王玉慧报票冲账（画堂春锦苑二期交房礼品及钥匙盒制作） | G25: 16335 | H25: 视同销售收入 | I25: 床单、被套，视同销售
A26: 45783 | B26: 41 | C26: 销售费用-制作费 | E26: 17424 | F26: 王玉慧报票冲账（画堂春锦苑二期交房礼品及钥匙盒制作） | G26: 17424 | H26: 视同销售收入 | I26: 钥匙盒，视同销售
A27: 45783 | B27: 42 | C27: 管理费用-业务费 | E27: 528 | F27: 管丽萍报销业务费（画堂春锦停车场办理、碧堂春锦改名、工程部营销部协助片区工作） | G27: 528 | H27: 业务招待费支出 | I27: 餐费，入业务招待费
A28: 45783 | B28: 42 | C28: 管理费用-业务费 | E28: 1860 | F28: 管丽萍报销业务费（画堂春锦停车场办理、碧堂春锦改名、工程部营销部协助片区工作） | G28: 1860 | H28: 业务招待费支出 | I28: 餐费，入业务招待费
A29: 45783 | B29: 43 | C29: 销售费用-礼品采购费 | E29: 750 | F29: 王玉慧报票 伴手礼套盒（住建局组织团购活动费用） | G29: 750 | H29: 视同销售收入 | I29: 伴手礼，视同销售
A30: 45783 | B30: 43 | C30: 销售费用-业务费 | E30: 1000 | F30: 王玉慧报票 餐费（住建局组织团购活动费用） | G30: 1000 | H30: 业务招待费支出 | I30: 餐费，入业务招待费
A31: 45786 | B31: 47 | C31: 管理费用-业务费 | E31: 835 | F31: 管丽萍报销业务费（领导视察工地） | G31: 835 | H31: 业务招待费支出 | I31: 餐费，入业务招待费
A32: 45786 | B32: 49 | C32: 管理费用-业务费 | E32: 3000 | F32: 管丽萍报销业务费（画堂春锦苑二期提前交付，建立良好合作关系） | G32: 3000 | H32: 业务招待费支出 | I32: 餐费，入业务招待费
A33: 45786 | B33: 49 | C33: 管理费用-业务费 | E33: 495 | F33: 管丽萍报销业务费（画堂春锦苑二期提前交付，建立良好合作关系） | G33: 495 | H33: 业务招待费支出 | I33: 餐费，入业务招待费
A34: 45796 | B34: 62 | C34: 销售费用-业务费 | E34: 1800 | F34: 营销部报销团建费用（五一） | G34: 1800 | H34: 福利费 | I34: 员工团建聚餐，入福利费
A35: 45797 | B35: 64 | C35: 销售费用-礼品采购费 | E35: 101700 | F35: 画堂春锦苑3月4月成交礼品（mate70手机） | G35: 101700 | H35: 视同销售收入 | I35: 购房礼品，手机，视同销售
A36: 45800 | B36: 69 | C36: 销售费用-业务费 | E36: 2400 | F36: 王玉慧报销业务费（画堂春锦苑项目二期交房工作餐4.26-4.28） | G36: 2400 | H36: 福利费 | I36: 交房日工作餐，入福利费
A37: 45806 | B37: 95 | C37: 销售费用-业务宣传费 | E37: 5201 | F37: 画堂春锦苑2024.9-2024.10.7期间成交送商业街美食券15000元/套*10=150000元，按7折兑换，本次兑换60172元（巴州哈丁尼餐饮管理有限公司-刘金花） | G37: 5201 | I37: 纸质凭证未打印，跨期费用，餐费优惠券用于2024年9月-10月7日成交的业主
A38: 45806 | B38: 95 | C38: 销售费用-业务宣传费 | E38: 8316 | F38: 画堂春锦苑2024.9-2024.10.7期间成交送商业街美食券15000元/套*10=150000元，按7折兑换，本次兑换60172元（库尔勒藕然间火锅店-王华） | G38: 8316 | I38: 纸质凭证未打印，跨期费用，餐费优惠券用于2024年9月-10月7日成交的业主
A39: 45806 | B39: 95 | C39: 销售费用-业务宣传费 | E39: 7700 | F39: 画堂春锦苑2024.9-2024.10.7期间成交送商业街美食券15000元/套*10=150000元，按7折兑换，本次兑换60172元（库尔勒牛范儿炭火烤肉店-李可欣） | G39: 7700 | I39: 纸质凭证未打印，跨期费用，餐费优惠券用于2024年9月-10月7日成交的业主
A40: 45806 | B40: 95 | C40: 销售费用-业务宣传费 | E40: 23324 | F40: 画堂春锦苑2024.9-2024.10.7期间成交送商业街美食券15000元/套*10=150000元，按7折兑换，本次兑换60172元（库尔勒牧场边边火锅店-郭斌） | G40: 23324 | I40: 纸质凭证未打印，跨期费用，餐费优惠券用于2024年9月-10月7日成交的业主
A41: 45806 | B41: 95 | C41: 销售费用-业务宣传费 | E41: 9800 | F41: 画堂春锦苑2024.9-2024.10.7期间成交送商业街美食券15000元/套*10=150000元，按7折兑换，本次兑换60172元（库尔勒牧场边边火锅店-郭斌） | G41: 9800 | I41: 纸质凭证未打印，跨期费用，餐费优惠券用于2024年9月-10月7日成交的业主
A42: 45806 | B42: 95 | C42: 销售费用-业务宣传费 | E42: 959 | F42: 画堂春锦苑2024.9-2024.10.7期间成交送商业街美食券15000元/套*10=150000元，按7折兑换，本次兑换60172元（库尔勒味全早餐店-马东宁） | G42: 959 | I42: 纸质凭证未打印，跨期费用，餐费优惠券用于2024年9月-10月7日成交的业主
A43: 45806 | B43: 95 | C43: 销售费用-业务宣传费 | E43: 4872 | F43: 画堂春锦苑2024.9-2024.10.7期间成交送商业街美食券15000元/套*10=150000元，按7折兑换，本次兑换60172元（库尔勒苏晓红白莎抓饭店-苏晓红） | G43: 4872 | I43: 纸质凭证未打印，跨期费用，餐费优惠券用于2024年9月-10月7日成交的业主
A44: 45805 | B44: 102 | C44: 管理费用-业务费 | E44: 488 | F44: 管丽萍报销业务费及差旅费用 | G44: 488 | H44: 业务招待费支出 | I44: 酒
A45: 45805 | B45: 102 | C45: 管理费用-业务费 | E45: 428 | F45: 管丽萍报销业务费及差旅费用 | G45: 428 | H45: 业务招待费支出 | I45: 餐费
A46: 45805 | B46: 102 | C46: 管理费用-差旅费 | E46: 290 | F46: 管丽萍报销业务费及差旅费用 | G46: 290 | H46: 业务招待费支出 | I46: 库尔勒本地住宿费发票
A47: 45808 | B47: 103 | C47: 管理费用-业务费 | E47: 350 | F47: 管丽萍报销业务费及差旅费用 | G47: 350 | H47: 业务招待费支出 | I47: 餐费
A48: 45808 | B48: 103 | C48: 管理费用-业务费 | E48: 1084 | F48: 管丽萍报销业务费及差旅费用 | G48: 1084 | H48: 业务招待费支出 | I48: 餐费
A49: 45808 | B49: 103 | C49: 管理费用-业务费 | E49: 7435.9 | F49: 管丽萍报销业务费及差旅费用 | G49: 7435.9 | H49: 业务招待费支出 | I49: 足浴店开的发票，现代服务
A50: 45808 | B50: 103 | C50: 管理费用-差旅费 | E50: 323.76 | F50: 管丽萍报销业务费及差旅费用 | G50: 323.76 | H50: 业务招待费支出 | I50: 库尔勒本地住宿费发票
A51: 45808 | B51: 103 | C51: 应交税费_应交增值税_进项税额 | E51: 3.24 | F51: 管丽萍报销业务费及差旅费用 | G51: 3.24 | I51: 本地住宿，进项税额转出，入管理费用-招待费
A52: 45826 | B52: 32 | C52: 销售费用-礼品采购费 | E52: 10500 | F52: 画堂春锦苑端午节回馈老业主促进老带新粽子礼盒费 | G52: 10500 | H52: 视同销售收入 | I52: 采购粽子送老客户，视同销售
A53: 45828 | B53: 53 | C53: 销售费用-制作费 | E53: 59009.9 | F53: 画堂春锦房天下广告费（合同期2024.12-2025.5） | G53: 59009.9 | H53: 广告费和业务宣传费支出 | I53: 广告费
A54: 45828 | B54: 54 | C54: 销售费用-制作费 | E54: 12319.5 | F54: 画堂春锦二期交付围挡画面广告制作费 | G54: 12319.5 | H54: 广告费和业务宣传费支出 | I54: 广告费
A55: 45838 | B55: 115 | C55: 管理费用-销售佣金 | E55: 255130.55 | F55: 计提销售2025.5月提成 | G55: 255130.55 | I55: 销售部的提成
A56: 45845 | B56: 23 | C56: 销售费用-制作费 | E56: 6336.63 | F56: 支付画堂春锦项目围挡制作费 | G56: 6336.63 | H56: 广告费和业务宣传费支出 | I56: 围挡广告布制作安装-广告费
A57: 45868 | B57: 96 | C57: 销售费用-礼品采购费 | E57: 90400 | F57: 画堂春锦苑项目2025.4月5月6月成交礼（mate70手机） | G57: 90400 | H57: 视同销售收入 | I57: 购房礼品，手机，视同销售
A58: 45868 | B58: 97 | C58: 销售费用-礼品采购费 | E58: 35398.23 | F58: 画堂春锦苑项目2025.7月盛夏狂欢啤酒节 购啤酒 | G58: 35398.23 | H58: 视同销售收入 | I58: 购房礼品，啤酒，视同销售
A59: 45874 | B59: 13 | C59: 管理费用-业务费 | E59: 3000 | F59: 徐惠蓉报业务费 | G59: 3000 | H59: 无关支出 | I59: 购买的拖把等（实际是送礼红包）
A60: 45874 | B60: 16 | C60: 销售费用-业务宣传费 | E60: 224 | F60: 画堂春锦苑2024.9-2024.10.7期间成交送商业街美食券15000元/套*10=150000元，已兑换125670元，按7折兑换为87969元，本次兑换10600元，按7折为7420元（库尔勒粉大旺的餐饮店-黄婷） | G60: 224 | H60: 不合规票据 | I60: 免税发票
A61: 45874 | B61: 17 | C61: 销售费用-业务费 | E61: 28200 | F61: 画堂春锦佛山格仕宝家具有限公司家具款 | G61: 28200 | H61: 广告费和业务宣传费支出 | I61: 业务宣传费
A62: 45875 | B62: 19 | C62: 管理费用-业务费 | E62: 7860 | F62: 徐惠蓉业务费发票 | G62: 7860 | H62: 无关支出 | I62: 发票是10000条毛巾
A63: 45921 | B63: 64 | C63: 管理费用-业务费 | E63: 42800 | F63: 管丽萍报销业务费 | G63: 42800 | H63: 视同销售收入 | I63: 购买米面油+烟酒，视同销售
A64: 45926 | B64: 78 | C64: 营业外支出_其它 | E64: 3000 | F64: 袁豫借款支付哈尔肯案件调节费 | G64: 3000 | H64: 不合规票据 | I64: 不合规票据
A65: 45950 | B65: 33 | C65: 销售费用-礼品采购费 | E65: 7500 | F65: 画堂春锦苑中秋节月饼费 | G65: 7500 | H65: 视同销售收入 | I65: 月饼礼盒，没有领取单，非福利，食堂销售
A66: 45958 | B66: 73 | C66: 财务费用_利息支出 | E66: 100600 | F66: 预提2025.09.21-2025.10.31房开贷款利息 | H66: 不合规票据 | I66: 预提利息，未取得发票，后期取得发票了
A67: 46014 | B67: 45 | C67: 销售费用-广告牌安装费 | E67: 2531.65 | F67: 画堂春锦售房部物料制作安装工程款 广告制作费 巴州方程视广告有限公司 | G67: 2531.65 | H67: 广告费和业务宣传费支出 | I67: 广告费
A68: 46014 | B68: 47 | C68: 销售费用-制作费 | E68: 717.59 | F68: 画堂春锦苑一期招商广告包装工程款 巴州方程视广告有限公司 | G68: 717.59 | H68: 广告费和业务宣传费支出 | I68: 招商广告牌制作，广告费
C69: 销售费用 | F69: 王玉慧报票 餐费（住建局组织团购活动费用） | G69: 1000 | H69: 业务招待费支出 | I69: （住建局组织团购活动费用）
A70: 11 | B70: 57 | C70: 财务费用_利息支出 | E70: 43950 | F70: 预提2025.11.01-2025.11.30房开贷款利息 | H70: 不合规票据 | I70: 预提利息，未取得发票，后期取得发票了
A71: 12 | B71: 20 | C71: 财务费用_利息支出 | E71: 7325 | F71: 计提2025.12.1-2025.12.5房开贷利息 | H71: 不合规票据 | I71: 预提利息，未取得发票，后期取得发票了
A72: 2016-1-30# | C72: 以前年度损益调增 | E72: 51836.79 | F72: 画堂春景苑2025年12月案场物业服务费 | G72: =-E72 -> -51836.79 | H72: 跨期票据 | I72: 2026年发生的2025年12月费用

Sheet 应税收入&应税成本
A1: 月份 | B1: 凭证号 | C1: 科目名称 | D1: 账载金额 | E1: 调整 金额 | F1: 备注
A2: 应税收入 | D2: =SUM(D3:D9) -> 0 | E2: =SUM(E3:E9) -> 0 | F2: 外购农产品直接销售的，应税；银行存款利息收入？
A10: 应税成本 | D10: =SUM(D11:D15) -> 0 | E10: =SUM(E11:E15) -> 0

Sheet 增值税&所得税收入比对
A1: 月份 | B1: 应税货物销售额 | C1: 应税劳务销售额 | D1: 应税服务销售额 | E1: 简易办法计税销售额 | F1: 免税销售额 | G1: 增值税申报销售额合计 | H1: 账载主营业务收入 | I1: 其他业务收入 | J1: 财务费用-理财利息 | K1: 营业外收入-其他 | L1: 营业外收入-处置固定资产收入 | M1: 账面收入合计 | N1: 差额
A2: 1月 | G2: =SUM(B2:F2) -> 0 | M2: =SUM(H2:L2) -> 0 | N2: =G2-M2 -> 0
A3: 2月 | G3: =SUM(B3:F3) -> 0 | M3: =SUM(H3:L3) -> 0 | N3: =G3-M3 -> 0
A4: 3月 | G4: =SUM(B4:F4) -> 0 | M4: =SUM(H4:L4) -> 0 | N4: =G4-M4 -> 0
A5: 4月 | G5: =SUM(B5:F5) -> 0 | M5: =SUM(H5:L5) -> 0 | N5: =G5-M5 -> 0
A6: 5月 | G6: =SUM(B6:F6) -> 0 | M6: =SUM(H6:K6) -> 0 | N6: =G6-M6 -> 0
A7: 6月 | G7: =SUM(B7:F7) -> 0 | M7: =SUM(H7:L7) -> 0 | N7: =G7-M7 -> 0
A8: 7月 | G8: =SUM(B8:F8) -> 0 | M8: =SUM(H8:L8) -> 0 | N8: =G8-M8 -> 0
A9: 8月 | G9: =SUM(B9:F9) -> 0 | M9: =SUM(H9:L9) -> 0 | N9: =G9-M9 -> 0
A10: 9月 | G10: =SUM(B10:F10) -> 0 | M10: =SUM(H10:L10) -> 0 | N10: =G10-M10 -> 0
A11: 10月 | G11: =SUM(B11:F11) -> 0 | M11: =SUM(H11:L11) -> 0 | N11: =G11-M11 -> 0
A12: 11月 | G12: =SUM(B12:F12) -> 0 | M12: =SUM(H12:L12) -> 0 | N12: =G12-M12 -> 0
A13: 12月 | G13: =SUM(B13:F13) -> 0 | M13: =SUM(H13:L13) -> 0 | N13: =G13-M13 -> 0
A14: 合计 | B14: =SUM(B2:B13) -> 0 | C14: =SUM(C2:C13) -> 0 | D14: =SUM(D2:D13) -> 0 | E14: =SUM(E2:E13) -> 0 | F14: =SUM(F2:F13) -> 0 | G14: =SUM(G2:G13) -> 0 | H14: =SUM(H2:H13) -> 0 | I14: =SUM(I2:I13) -> 0 | ... N14: =SUM(N2:N13) -> 0

Sheet 5040不征税
A1: 新疆华政华政华瑞税务师事务所有限公司巴州分所工作底稿 | O1: 编 制： | P1: =Sheet1!F15 -> 王翠英
A2: =利润总额!B2 -> 被审核单位: 新疆通力房地产开发有限公司库尔勒二分公司 | O2: 复 核： | P2: =Sheet1!F17 -> 刘洁
A3: =利润总额!B3 -> 纳税年度: 2025年度 | O3: 索 引： | P3: C26
A4: 专项用途财政性资金纳税调整明细表
A5: 行次 | B5: 项目 | C5: 取得年度 | D5: 财政性资金 | E5: 其中：符合不征税收入条件的财政性资金 | G5: 以前年度支出情况 | L5: 本年支出情况 | N5: 本年结余情况
G6: 前五年度 | H6: 前四年度 | I6: 前三年度 | J6: 前二年度 | K6: 前一年度 | L6: 支出金额 | M6: 其中：费用化支出金额 | N6: 结余金额 | O6: 其中：上缴财政金额 | P6: 应计入本年应税收入金额
E7: 金额 | F7: 其中：计入本年损益的金额
C9: 1 | D9: 2 | E9: 3 | F9: 4 | G9: 5 | H9: 6 | I9: 7 | J9: 8 | K9: 9 | L9: 10 | M9: 11 | N9: 12 | O9: 13 | P9: 14
A10: 1 | B10: 前五年度 | C10: =(YEAR(Sheet1!$F$11)-5)&"年" -> 2020年 | N10: =D10-SUM(G10:L10) -> 0 | P10: =N10-O10 -> 0
A11: 2 | B11: 前四年度 | C11: =(YEAR(Sheet1!$F$11)-4)&"年" -> 2021年 | G11: * | N11: =D11-SUM(G11:L11) -> 0
A12: 3 | B12: 前三年度 | C12: =(YEAR(Sheet1!$F$11)-3)&"年" -> 2022年 | G12: * | H12: * | N12: =D12-SUM(G12:L12) -> 0
A13: 4 | B13: 前二年度 | C13: =(YEAR(Sheet1!$F$11)-2)&"年" -> 2023年 | G13: * | H13: * | I13: * | N13: =D13-SUM(G13:L13) -> 0
A14: 5 | B14: 前一年度 | C14: =(YEAR(Sheet1!$F$11)-1)&"年" -> 2024年 | G14: * | H14: * | I14: * | J14: * | N14: =D14-SUM(G14:L14) -> 0
A15: 6 | B15: 本 年 | C15: =(YEAR(Sheet1!$F$11))&"年" -> 2025年 | G15: * | H15: * | I15: * | J15: * | K15: * | N15: =D15-SUM(G15:L15) -> 0
A16: 7 | B16: 合计（1+2+3+4+5+6） | C16: * | D16: =SUM(D10:D15) -> 0 | E16: =SUM(E10:E15) -> 0 | F16: =SUM(F10:F15) -> 0 | G16: * | H16: * | I16: * | J16: * | K16: * | L16: =SUM(L10:L15) -> 0 | M16: =SUM(M10:M15) -> 0 | N16: =SUM(N10:N15) -> 0 | O16: =SUM(O10:O15) -> 0 | P16: =SUM(P10:P15) -> 0

Sheet 弥补亏损
A1: 新疆华政华政华瑞税务师事务所有限公司巴州分所工作底稿 | L1: 编 制： | M1: =Sheet1!F15 -> 王翠英
A2: =利润总额!B2 -> 被审核单位: 新疆通力房地产开发有限公司库尔勒二分公司 | L2: 复 核： | M2: =Sheet1!F17 -> 刘洁
A3: =利润总额!B3 -> 纳税年度: 2025年度 | L3: 索 引： | M3: Y2
A4: 企业所得税弥补亏损明细鉴证表
A5: 行次 | B5: 项目 | C5: 年度 | D5: 纳税调整后所得 | E5: 合并、分立转入（转出）可弥补的亏损额 | F5: 当年可弥补的亏损额 | G5: 以前年度亏损已弥补额 | L5: 本年度实际弥补的以前年度亏损额 | M5: 可结转以后年度弥补的亏损额
G7: 前四年度 | H7: 前三年度 | I7: 前二年度 | J7: 前一年度 | K7: 合计
C9: 1 | D9: 2 | E9: 3 | F9: 4 | G9: 5 | H9: 6 | I9: 7 | J9: 8 | K9: 9 | L9: 10 | M9: 11
A10: 1 | B10: 前五年度 | C10: ='5040不征税'!C10 -> 2020年 | F10: =IF(D10<0,D10+E10,E10) -> 0 | K10: =SUM(G10:J10) -> 0 | M10: *
A11: 2 | B11: 前四年度 | C11: ='5040不征税'!C11 -> 2021年 | F11: =IF(D11<0,D11+E11,E11) -> 0 | G11: * | K11: =SUM(G11:J11) -> 0 | M11: =-F11-K11-L11 -> 0
A12: 3 | B12: 前三年度 | C12: ='5040不征税'!C12 -> 2022年 | F12: =IF(D12<0,D12+E12,E12) -> 0 | G12: * | H12: * | K12: =SUM(G12:J12) -> 0 | M12: =-F12-K12-L12 -> 0
A13: 4 | B13: 前二年度 | C13: ='5040不征税'!C13 -> 2023年 | F13: =IF(D13<0,D13+E13,E13) -> 0 | G13: * | H13: * | I13: * | K13: =SUM(G13:J13) -> 0 | M13: =-F13-K13-L13 -> 0
A14: 5 | B14: 前一年度 | C14: ='5040不征税'!C14 -> 2024年 | F14: =IF(D14<0,D14+E14,E14) -> 0 | G14: * | H14: * | I14: * | J14: * | K14: * | M14: =-F14-L14 -> 0
A15: 6 | B15: 本年度 | C15: ='5040不征税'!C15 -> 2025年 | D15: =IF(调整表!B52>0,MAX(调整表!B52-调整表!B53,0),调整表!B52) -> 40000334 | F15: =IF(D15<0,D15+E15,E15) -> 0 | G15: * | H15: * | I15: * | J15: * | K15: * | L15: =SUM(L10:L14) -> 0 | M15: =-MIN(D15,0) -> 0
A16: 7 | B16: 可结转以后年度弥补的亏损额合计 | M16: =SUM(M11:M15) -> 0

Sheet 应免税分配
A1: ='5040不征税'!A1 -> 新疆华政华政华瑞税务师事务所有限公司巴州分所工作底稿 | E1: 编 制： | F1: =Sheet1!F15 -> 王翠英 | G1: 日期： | H1: =Sheet1!H15 -> 46040
A2: ='目录（简版）'!A2 -> 被审核单位：新疆通力房地产开发有限公司库尔勒二分公司 | E2: 复 核： | F2: =Sheet1!F17 -> 刘洁 | G2: 日期： | H2: =Sheet1!H17 -> 46140
A3: 项 目：应免税分配 | E3: 索 引： | F3: Z3
A4: =利润总额!B3 -> 纳税年度: 2025年度
A5: 项目 | B5: 损益表金额 | C5: 不征税收入 | D5: 免税项目 | E5: 应税项目 | F5: 应税免税合计
A6: 一、营业收入 | B6: =利润总额!G6 -> 2.7020849e+08 | D6: =B6-C6-E6 -> 2.7020849e+08 | E6: ='应税收入&应税成本'!E2 -> 0 | F6: =D6+E6 -> 2.7020849e+08
A7: 加：营业外收入 | B7: =利润总额!G20 -> 11014.59 | C7: =调整表!D13 -> 0 | D7: =B7-C7-E7 -> 11014.59 | F7: =D7+E7 -> 11014.59 | G7: 应税收入 | H7: =E10+H20+N("损益类应税收入（收入+费用负数）+少计收入调增额") -> 0 | J7: =H7-凭证检查表!#REF! -> #REF!
A8: 投资收益 | B8: =利润总额!G18 -> 0 | D8: =B8-C8-E8 -> 0 | F8: =D8+E8 -> 0 | G8: 应免税收入合计 | H8: =F10+H20+N("损益类收入合计+少计收入调增金额") -> 2.702195e+08
A9: 费用负数（应税） | E9: =B9 -> 0 | F9: =D9+E9 -> 0 | G9: 共同费用分配比例 | I9: =IFERROR(H7/H8,0) -> 0
A10: 收入合计 | B10: =SUM(B6:B9) -> 2.702195e+08 | C10: =SUM(C6:C9) -> 0 | D10: =SUM(D6:D9) -> 2.702195e+08 | E10: =SUM(E6:E9) -> 0 | F10: =D10+E10 -> 2.702195e+08 | G10: 免税直接成本费用 | H10: 应税直接成本费用 | I10: 分摊成本费用
A11: 减：营业成本 | B11: =利润总额!G9 -> 2.2747783e+08 | D11: =B11-C11-E11 -> 2.2747783e+08 | E11: =H11+I11*$I$9 -> 0 | F11: =D11+E11 -> 2.2747783e+08 | G11: =F11-I11 -> 2.2747783e+08 | H11: ='应税收入&应税成本'!E10 -> 0
A12: 营业税金及附加 | B12: =利润总额!G12 -> 4250790.2 | D12: =B12-C12-E12 -> 4250790.2 | E12: =H12+I12*$I$9 -> 0 | F12: =D12+E12 -> 4250790.2 | I12: =B12-C12-G12-H12 -> 4250790.2
A13: 销售费用 | B13: =利润总额!G13 -> 5231485.5 | D13: =B13-C13-E13 -> 5231485.5 | E13: =H13+I13*$I$9 -> 0 | F13: =D13+E13 -> 5231485.5 | G13: =B13 -> 5231485.5 | I13: =B13-C13-G13-H13 -> 0
A14: 管理费用 | B14: =利润总额!G14+B9 -> 2693755.5 | D14: =B14-C14-E14 -> 2693755.5 | E14: =H14+I14*$I$9 -> 0 | F14: =D14+E14 -> 2693755.5 | G14: =B14 -> 2693755.5 | I14: =B14-C14-G14-H14 -> 0
A15: 财务费用 | B15: =利润总额!G15 -> 1464887.5 | D15: =B15-C15-E15 -> 1464887.5 | E15: =H15+I15*$I$9 -> 0 | F15: =D15+E15 -> 1464887.5 | G15: =B15 -> 1464887.5 | I15: =B15-C15-G15-H15 -> 0
A16: 资产减值损失 | B16: =利润总额!G16 -> 0 | D16: =B16-C16-E16 -> 0 | F16: =D16+E16 -> 0 | I16: =B16-C16-G16-H16 -> 0
A17: 减：营业外支出 | B17: =利润总额!G21 -> 11221.12 | D17: =B17-C17-E17 -> 11221.12 | F17: =D17+E17 -> 11221.12 | I17: =B17-C17-G17-H17 -> 11221.12
A18: 支出合计 | B18: =SUM(B11:B17) -> 2.4112997e+08 | C18: =SUM(C11:C17) -> 0 | D18: =B18-C18-E18 -> 2.4112997e+08 | E18: =SUM(E11:E17) -> 0 | F18: =D18+E18 -> 2.4112997e+08
A19: 三、利润总额 | B19: =B10-B18 -> 29089535 | C19: =C10-C18 -> 0 | D19: =B19-C19-E19 -> 29089535 | E19: =E10-E18 -> 0 | F19: =D19+E19 -> 29089535 | G19: 免税直接调增额 | H19: 应税直接调增额 | I19: 分摊调增额
A20: 加：纳税调整增加额 | B20: =调整表!F48 -> 10910799 | C20: =-C19 -> 0 | D20: =B20-C20-E20 -> 10910799 | E20: =H20+I20*$I$9 -> 0 | F20: =D20+E20 -> 10910799 | G20: =B20 -> 10910799 | I20: =调整表!F58-应免税分配!G20-H20 -> 0
A21: 减：免税、减计收入（免税投资收益） | B21: =B8 -> 0 | F21: =D21+E21 -> 0
A22: 纳税调整后所得 | B22: =B19+B20-B21 -> 40000334 | C22: =C19+C20 -> 0 | D22: =D19+D20-D21 -> 40000334 | E22: =E19+E20 -> 0 | F22: =D22+E22 -> 40000334 | G22: 免税项目分摊的期间费用
A23: 所得税率 | E23: 0.25 | G23: =D13+D14+D15+D16+D17 -> 9401349.6
A24: 应缴所得税 | E24: =MAX(E22*E23,0) -> 0
B26: =B19-利润总额!G22 -> 0

Sheet 收入成本对应底稿表
A1: 新疆华政华瑞税务师事务所有限责任公司巴州分所工作底稿
A2: =YEAR(Sheet1!F11)&"年度企业收入成本数量金额相关指标对照表" -> 2025年度企业收入成本数量金额相关指标对照表
A3: 销售收入数量、金额指标
A4: 品名 | B4: 利息收入 | D4: 中间业务收入 | F4: 金融企业往来收入 | H4: 其他营业收入 | L4: 合计
A5: 月份 | B5: 数量 | C5: 销售金额 | D5: 数量 | E5: 销售金额 | F5: 数量 | G5: 销售金额 | H5: 数量 | I5: 销售金额 | J5: 数量 | K5: 销售金额 | L5: 数量 | M5: 销售金额
A6: 1 | L6: =SUMIF($B$5:$K$5,L$5,B6:K6) -> 0 | M6: =SUMIF($B$5:$K$5,M$5,B6:K6) -> 0
A7: 2 | L7: =SUMIF($B$5:$K$5,L$5,B7:K7) -> 0 | M7: =SUMIF($B$5:$K$5,M$5,B7:K7) -> 0
A8: 3 | L8: =SUMIF($B$5:$K$5,L$5,B8:K8) -> 0 | M8: =SUMIF($B$5:$K$5,M$5,B8:K8) -> 0
A9: 4 | L9: =SUMIF($B$5:$K$5,L$5,B9:K9) -> 0 | M9: =SUMIF($B$5:$K$5,M$5,B9:K9) -> 0
A10: 5 | L10: =SUMIF($B$5:$K$5,L$5,B10:K10) -> 0 | M10: =SUMIF($B$5:$K$5,M$5,B10:K10) -> 0
A11: 6 | L11: =SUMIF($B$5:$K$5,L$5,B11:K11) -> 0 | M11: =SUMIF($B$5:$K$5,M$5,B11:K11) -> 0
A12: 7 | L12: =SUMIF($B$5:$K$5,L$5,B12:K12) -> 0 | M12: =SUMIF($B$5:$K$5,M$5,B12:K12) -> 0
A13: 8 | L13: =SUMIF($B$5:$K$5,L$5,B13:K13) -> 0 | M13: =SUMIF($B$5:$K$5,M$5,B13:K13) -> 0
A14: 9 | L14: =SUMIF($B$5:$K$5,L$5,B14:K14) -> 0 | M14: =SUMIF($B$5:$K$5,M$5,B14:K14) -> 0
A15: 10 | L15: =SUMIF($B$5:$K$5,L$5,B15:K15) -> 0 | M15: =SUMIF($B$5:$K$5,M$5,B15:K15) -> 0
A16: 11 | L16: =SUMIF($B$5:$K$5,L$5,B16:K16) -> 0 | M16: =SUMIF($B$5:$K$5,M$5,B16:K16) -> 0
A17: 12 | C17: 76182303 | E17: 99386.3 | G17: 15406774 | I17: 20915.46 | L17: =SUMIF($B$5:$K$5,L$5,B17:K17) -> 0 | M17: =SUMIF($B$5:$K$5,M$5,B17:K17) -> 91709378
A18: 合计 | B18: =SUM(B6:B17) -> 0 | C18: =SUM(C6:C17) -> 76182303 | D18: =SUM(D6:D17) -> 0 | E18: =SUM(E6:E17) -> 99386.3 | F18: =SUM(F6:F17) -> 0 | G18: =SUM(G6:G17) -> 15406774 | H18: =SUM(H6:H17) -> 0 | I18: =SUM(I6:I17) -> 20915.46 | ... M18: =SUM(M6:M17) -> 91709378
A19: 平均 | C19: =IFERROR(C18/B18,0) -> 0 | E19: =IFERROR(E18/D18,0) -> 0 | G19: =IFERROR(G18/F18,0) -> 0 | I19: =IFERROR(I18/H18,0) -> 0 | K19: =IFERROR(K18/J18,0) -> 0 | M19: =IFERROR(M18/L18,0) -> 0
A20: 销售成本数量、金额指标
A21: 品名 | B21: =B4 -> 利息收入 | D21: =D4 -> 中间业务收入 | F21: =F4 -> 金融企业往来收入 | H21: =H4 -> 其他营业收入 | J21: =J4 -> 0 | L21: 合计
B22: 数量 | C22: 结转成本 | D22: 数量 | E22: 结转成本 | F22: 数量 | G22: 结转成本 | H22: 数量 | I22: 结转成本 | J22: 数量 | K22: 结转成本 | L22: 数量 | M22: 结转成本
A23: 1 | L23: =SUMIF($B$22:$K$22,L$22,B23:K23) -> 0 | M23: =SUMIF($B$22:$K$22,M$22,B23:K23) -> 0
A24: 2 | L24: =SUMIF($B$22:$K$22,L$22,B24:K24) -> 0 | M24: =SUMIF($B$22:$K$22,M$22,B24:K24) -> 0
A25: 3 | L25: =SUMIF($B$22:$K$22,L$22,B25:K25) -> 0 | M25: =SUMIF($B$22:$K$22,M$22,B25:K25) -> 0
A26: 4 | L26: =SUMIF($B$22:$K$22,L$22,B26:K26) -> 0 | M26: =SUMIF($B$22:$K$22,M$22,B26:K26) -> 0
A27: 5 | L27: =SUMIF($B$22:$K$22,L$22,B27:K27) -> 0 | M27: =SUMIF($B$22:$K$22,M$22,B27:K27) -> 0
A28: 6 | L28: =SUMIF($B$22:$K$22,L$22,B28:K28) -> 0 | M28: =SUMIF($B$22:$K$22,M$22,B28:K28) -> 0
A29: 7 | L29: =SUMIF($B$22:$K$22,L$22,B29:K29) -> 0 | M29: =SUMIF($B$22:$K$22,M$22,B29:K29) -> 0
A30: 8 | L30: =SUMIF($B$22:$K$22,L$22,B30:K30) -> 0 | M30: =SUMIF($B$22:$K$22,M$22,B30:K30) -> 0
A31: 9 | L31: =SUMIF($B$22:$K$22,L$22,B31:K31) -> 0 | M31: =SUMIF($B$22:$K$22,M$22,B31:K31) -> 0
A32: 10 | L32: =SUMIF($B$22:$K$22,L$22,B32:K32) -> 0 | M32: =SUMIF($B$22:$K$22,M$22,B32:K32) -> 0
A33: 11 | L33: =SUMIF($B$22:$K$22,L$22,B33:K33) -> 0 | M33: =SUMIF($B$22:$K$22,M$22,B33:K33) -> 0
A34: 12 | L34: =SUMIF($B$22:$K$22,L$22,B34:K34) -> 0 | M34: =SUMIF($B$22:$K$22,M$22,B34:K34) -> 0
A35: 合计 | B35: =SUM(B23:B34) -> 0 | C35: =SUM(C23:C34) -> 0 | D35: =SUM(D23:D34) -> 0 | E35: =SUM(E23:E34) -> 0 | F35: =SUM(F23:F34) -> 0 | G35: =SUM(G23:G34) -> 0 | H35: =SUM(H23:H34) -> 0 | I35: =SUM(I23:I34) -> 0 | ... M35: =SUM(M23:M34) -> 0
A36: 平均 | C36: =IFERROR(C35/B35,0) -> 0 | E36: =IFERROR(E35/D35,0) -> 0 | G36: =IFERROR(G35/F35,0) -> 0 | I36: =IFERROR(I35/H35,0) -> 0 | K36: =IFERROR(K35/J35,0) -> 0 | M36: =IFERROR(M35/L35,0) -> 0
A37: 销售毛利率
A38: 品名 | B38: =B21 -> 利息收入 | D38: =D21 -> 中间业务收入 | F38: =F21 -> 金融企业往来收入 | H38: =H21 -> 其他营业收入 | J38: =J21 -> 0 | L38: 合计
B39: 数量比较 | C39: 毛利率 | D39: 数量比较 | E39: 毛利率 | F39: 数量比较 | G39: 毛利率 | H39: 数量比较 | I39: 毛利率 | J39: 数量比较 | K39: 毛利率 | L39: 数量比较 | M39: 毛利率
A40: 1 | B40: =B6-B23 -> 0 | C40: =IFERROR((C6-C23)/C6,0) -> 0 | D40: =D6-D23 -> 0 | E40: =IFERROR((E6-E23)/E6,0) -> 0 | F40: =F6-F23 -> 0 | G40: =IFERROR((G6-G23)/G6,0) -> 0 | H40: =H6-H23 -> 0 | I40: =IFERROR((I6-I23)/I6,0) -> 0 | J40: =J6-J23 -> 0 | K40: =IFERROR((K6-K23)/K6,0) -> 0 | L40: =L6-L23 -> 0 | M40: =IFERROR((M6-M23)/M6,0) -> 0
A41: 2 | B41: =B7-B24 -> 0 | C41: =IFERROR((C7-C24)/C7,0) -> 0 | D41: =D7-D24 -> 0 | E41: =IFERROR((E7-E24)/E7,0) -> 0 | F41: =F7-F24 -> 0 | G41: =IFERROR((G7-G24)/G7,0) -> 0 | H41: =H7-H24 -> 0 | I41: =IFERROR((I7-I24)/I7,0) -> 0 | J41: =J7-J24 -> 0 | K41: =IFERROR((K7-K24)/K7,0) -> 0 | L41: =L7-L24 -> 0 | M41: =IFERROR((M7-M24)/M7,0) -> 0
A42: 3 | B42: =B8-B25 -> 0 | C42: =IFERROR((C8-C25)/C8,0) -> 0 | D42: =D8-D25 -> 0 | E42: =IFERROR((E8-E25)/E8,0) -> 0 | F42: =F8-F25 -> 0 | G42: =IFERROR((G8-G25)/G8,0) -> 0 | H42: =H8-H25 -> 0 | I42: =IFERROR((I8-I25)/I8,0) -> 0 | J42: =J8-J25 -> 0 | K42: =IFERROR((K8-K25)/K8,0) -> 0 | L42: =L8-L25 -> 0 | M42: =IFERROR((M8-M25)/M8,0) -> 0
A43: 4 | B43: =B9-B26 -> 0 | C43: =IFERROR((C9-C26)/C9,0) -> 0 | D43: =D9-D26 -> 0 | E43: =IFERROR((E9-E26)/E9,0) -> 0 | F43: =F9-F26 -> 0 | G43: =IFERROR((G9-G26)/G9,0) -> 0 | H43: =H9-H26 -> 0 | I43: =IFERROR((I9-I26)/I9,0) -> 0 | J43: =J9-J26 -> 0 | K43: =IFERROR((K9-K26)/K9,0) -> 0 | L43: =L9-L26 -> 0 | M43: =IFERROR((M9-M26)/M9,0) -> 0
A44: 5 | B44: =B10-B27 -> 0 | C44: =IFERROR((C10-C27)/C10,0) -> 0 | D44: =D10-D27 -> 0 | E44: =IFERROR((E10-E27)/E10,0) -> 0 | F44: =F10-F27 -> 0 | G44: =IFERROR((G10-G27)/G10,0) -> 0 | H44: =H10-H27 -> 0 | I44: =IFERROR((I10-I27)/I10,0) -> 0 | J44: =J10-J27 -> 0 | K44: =IFERROR((K10-K27)/K10,0) -> 0 | L44: =L10-L27 -> 0 | M44: =IFERROR((M10-M27)/M10,0) -> 0
A45: 6 | B45: =B11-B28 -> 0 | C45: =IFERROR((C11-C28)/C11,0) -> 0 | D45: =D11-D28 -> 0 | E45: =IFERROR((E11-E28)/E11,0) -> 0 | F45: =F11-F28 -> 0 | G45: =IFERROR((G11-G28)/G11,0) -> 0 | H45: =H11-H28 -> 0 | I45: =IFERROR((I11-I28)/I11,0) -> 0 | J45: =J11-J28 -> 0 | K45: =IFERROR((K11-K28)/K11,0) -> 0 | L45: =L11-L28 -> 0 | M45: =IFERROR((M11-M28)/M11,0) -> 0
A46: 7 | B46: =B12-B29 -> 0 | C46: =IFERROR((C12-C29)/C12,0) -> 0 | D46: =D12-D29 -> 0 | E46: =IFERROR((E12-E29)/E12,0) -> 0 | F46: =F12-F29 -> 0 | G46: =IFERROR((G12-G29)/G12,0) -> 0 | H46: =H12-H29 -> 0 | I46: =IFERROR((I12-I29)/I12,0) -> 0 | J46: =J12-J29 -> 0 | K46: =IFERROR((K12-K29)/K12,0) -> 0 | L46: =L12-L29 -> 0 | M46: =IFERROR((M12-M29)/M12,0) -> 0
A47: 8 | B47: =B13-B30 -> 0 | C47: =IFERROR((C13-C30)/C13,0) -> 0 | D47: =D13-D30 -> 0 | E47: =IFERROR((E13-E30)/E13,0) -> 0 | F47: =F13-F30 -> 0 | G47: =IFERROR((G13-G30)/G13,0) -> 0 | H47: =H13-H30 -> 0 | I47: =IFERROR((I13-I30)/I13,0) -> 0 | J47: =J13-J30 -> 0 | K47: =IFERROR((K13-K30)/K13,0) -> 0 | L47: =L13-L30 -> 0 | M47: =IFERROR((M13-M30)/M13,0) -> 0
A48: 9 | B48: =B14-B31 -> 0 | C48: =IFERROR((C14-C31)/C14,0) -> 0 | D48: =D14-D31 -> 0 | E48: =IFERROR((E14-E31)/E14,0) -> 0 | F48: =F14-F31 -> 0 | G48: =IFERROR((G14-G31)/G14,0) -> 0 | H48: =H14-H31 -> 0 | I48: =IFERROR((I14-I31)/I14,0) -> 0 | J48: =J14-J31 -> 0 | K48: =IFERROR((K14-K31)/K14,0) -> 0 | L48: =L14-L31 -> 0 | M48: =IFERROR((M14-M31)/M14,0) -> 0
A49: 10 | B49: =B15-B32 -> 0 | C49: =IFERROR((C15-C32)/C15,0) -> 0 | D49: =D15-D32 -> 0 | E49: =IFERROR((E15-E32)/E15,0) -> 0 | F49: =F15-F32 -> 0 | G49: =IFERROR((G15-G32)/G15,0) -> 0 | H49: =H15-H32 -> 0 | I49: =IFERROR((I15-I32)/I15,0) -> 0 | J49: =J15-J32 -> 0 | K49: =IFERROR((K15-K32)/K15,0) -> 0 | L49: =L15-L32 -> 0 | M49: =IFERROR((M15-M32)/M15,0) -> 0
A50: 11 | B50: =B16-B33 -> 0 | C50: =IFERROR((C16-C33)/C16,0) -> 0 | D50: =D16-D33 -> 0 | E50: =IFERROR((E16-E33)/E16,0) -> 0 | F50: =F16-F33 -> 0 | G50: =IFERROR((G16-G33)/G16,0) -> 0 | H50: =H16-H33 -> 0 | I50: =IFERROR((I16-I33)/I16,0) -> 0 | J50: =J16-J33 -> 0 | K50: =IFERROR((K16-K33)/K16,0) -> 0 | L50: =L16-L33 -> 0 | M50: =IFERROR((M16-M33)/M16,0) -> 0
A51: 12 | B51: =B17-B34 -> 0 | C51: =IFERROR((C17-C34)/C17,0) -> 1 | D51: =D17-D34 -> 0 | E51: =IFERROR((E17-E34)/E17,0) -> 1 | F51: =F17-F34 -> 0 | G51: =IFERROR((G17-G34)/G17,0) -> 1 | H51: =H17-H34 -> 0 | I51: =IFERROR((I17-I34)/I17,0) -> 1 | J51: =J17-J34 -> 0 | K51: =IFERROR((K17-K34)/K17,0) -> 0 | L51: =L17-L34 -> 0 | M51: =IFERROR((M17-M34)/M17,0) -> 1
A52: 合计 | B52: =B18-B35 -> 0 | C52: =IFERROR((C18-C35)/C18,0) -> 1 | D52: =D18-D35 -> 0 | E52: =IFERROR((E18-E35)/E18,0) -> 1 | F52: =F18-F35 -> 0 | G52: =IFERROR((G18-G35)/G18,0) -> 1 | H52: =H18-H35 -> 0 | I52: =IFERROR((I18-I35)/I18,0) -> 1 | J52: =J18-J35 -> 0 | K52: =IFERROR((K18-K35)/K18,0) -> 0 | L52: =L18-L35 -> 0 | M52: =IFERROR((M18-M35)/M18,0) -> 1

Sheet 成本测试底稿表
A1: 新疆华政华瑞税务师事务所有限责任公司巴州分所工作底稿
A2: =YEAR(Sheet1!F11)&"年度企业成本测试表" -> 2025年度企业成本测试表
A3: =收入成本对应底稿表!B4 -> 利息收入 | J3: 结转成本比较
A4: 月份 | B4: 入库 | E4: 出库 | H4: 结余
B5: 数量 | C5: 单价 | D5: 金额 | E5: 数量 | F5: 单价 | G5: 金额 | H5: 数量 | I5: 金额
A6: 年初
A7: 1 | C7: =IFERROR(D7/B7,0) -> 0 | F7: =IFERROR((I6+D7)/(H6+B7),0) -> 0 | G7: =E7*F7 -> 0 | H7: =H6+B7-E7 -> 0 | I7: =I6+D7-G7 -> 0 | J7: =收入成本对应底稿表!C23-成本测试底稿表!G7 -> 0
A8: 2 | C8: =IFERROR(D8/B8,0) -> 0 | F8: =IFERROR((I7+D8)/(H7+B8),0) -> 0 | G8: =E8*F8 -> 0 | H8: =H7+B8-E8 -> 0 | I8: =I7+D8-G8 -> 0 | J8: =收入成本对应底稿表!C24-成本测试底稿表!G8 -> 0
A9: 3 | C9: =IFERROR(D9/B9,0) -> 0 | F9: =IFERROR((I8+D9)/(H8+B9),0) -> 0 | G9: =E9*F9 -> 0 | H9: =H8+B9-E9 -> 0 | I9: =I8+D9-G9 -> 0 | J9: =收入成本对应底稿表!C25-成本测试底稿表!G9 -> 0
A10: 4 | C10: =IFERROR(D10/B10,0) -> 0 | F10: =IFERROR((I9+D10)/(H9+B10),0) -> 0 | G10: =E10*F10 -> 0 | H10: =H9+B10-E10 -> 0 | I10: =I9+D10-G10 -> 0 | J10: =收入成本对应底稿表!C26-成本测试底稿表!G10 -> 0
A11: 5 | C11: =IFERROR(D11/B11,0) -> 0 | F11: =IFERROR((I10+D11)/(H10+B11),0) -> 0 | G11: =E11*F11 -> 0 | H11: =H10+B11-E11 -> 0 | I11: =I10+D11-G11 -> 0 | J11: =收入成本对应底稿表!C27-成本测试底稿表!G11 -> 0
A12: 6 | C12: =IFERROR(D12/B12,0) -> 0 | F12: =IFERROR((I11+D12)/(H11+B12),0) -> 0 | G12: =E12*F12 -> 0 | H12: =H11+B12-E12 -> 0 | I12: =I11+D12-G12 -> 0 | J12: =收入成本对应底稿表!C28-成本测试底稿表!G12 -> 0
A13: 7 | C13: =IFERROR(D13/B13,0) -> 0 | F13: =IFERROR((I12+D13)/(H12+B13),0) -> 0 | G13: =E13*F13 -> 0 | H13: =H12+B13-E13 -> 0 | I13: =I12+D13-G13 -> 0 | J13: =收入成本对应底稿表!C29-成本测试底稿表!G13 -> 0
A14: 8 | C14: =IFERROR(D14/B14,0) -> 0 | F14: =IFERROR((I13+D14)/(H13+B14),0) -> 0 | G14: =E14*F14 -> 0 | H14: =H13+B14-E14 -> 0 | I14: =I13+D14-G14 -> 0 | J14: =收入成本对应底稿表!C30-成本测试底稿表!G14 -> 0
A15: 9 | C15: =IFERROR(D15/B15,0) -> 0 | F15: =IFERROR((I14+D15)/(H14+B15),0) -> 0 | G15: =E15*F15 -> 0 | H15: =H14+B15-E15 -> 0 | I15: =I14+D15-G15 -> 0 | J15: =收入成本对应底稿表!C31-成本测试底稿表!G15 -> 0
A16: 10 | C16: =IFERROR(D16/B16,0) -> 0 | F16: =IFERROR((I15+D16)/(H15+B16),0) -> 0 | G16: =E16*F16 -> 0 | H16: =H15+B16-E16 -> 0 | I16: =I15+D16-G16 -> 0 | J16: =收入成本对应底稿表!C32-成本测试底稿表!G16 -> 0
A17: 11 | C17: =IFERROR(D17/B17,0) -> 0 | F17: =IFERROR((I16+D17)/(H16+B17),0) -> 0 | G17: =E17*F17 -> 0 | H17: =H16+B17-E17 -> 0 | I17: =I16+D17-G17 -> 0 | J17: =收入成本对应底稿表!C33-成本测试底稿表!G17 -> 0
A18: 12 | C18: =IFERROR(D18/B18,0) -> 0 | F18: =IFERROR((I17+D18)/(H17+B18),0) -> 0 | G18: =E18*F18 -> 0 | H18: =H17+B18-E18 -> 0 | I18: =I17+D18-G18 -> 0 | J18: =收入成本对应底稿表!C34-成本测试底稿表!G18 -> 0
A19: 年末 | H19: =H18+B19-E19 -> 0 | I19: =I18+D19-G19 -> 0
A20: 合计 | B20: =SUM(B7:B18) -> 0 | C20: =SUM(C7:C18) -> 0 | D20: =SUM(D7:D18) -> 0 | E20: =SUM(E7:E18) -> 0 | F20: =SUM(F7:F18) -> 0 | G20: =SUM(G7:G18) -> 0 | H20: 结转成本比较 | I20: =SUM(J7:J18) -> 0 | K20: =I20+G20 -> 0
A21: =收入成本对应底稿表!D4 -> 中间业务收入 | J21: 结转成本比较
B22: 入库 | E22: 出库 | H22: 结余
B23: 数量 | C23: 单价 | D23: 金额 | E23: 数量 | F23: 单价 | G23: 金额 | H23: 数量 | I23: 金额
A24: 年初
A25: 1 | C25: =IFERROR(D25/B25,0) -> 0 | F25: =IFERROR((I24+D25)/(H24+B25),0) -> 0 | G25: =E25*F25 -> 0 | H25: =H24+B25-E25 -> 0 | I25: =I24+D25-G25 -> 0 | J25: =收入成本对应底稿表!E23-成本测试底稿表!G25 -> 0
A26: 2 | C26: =IFERROR(D26/B26,0) -> 0 | F26: =IFERROR((I25+D26)/(H25+B26),0) -> 0 | G26: =E26*F26 -> 0 | H26: =H25+B26-E26 -> 0 | I26: =I25+D26-G26 -> 0 | J26: =收入成本对应底稿表!E24-成本测试底稿表!G26 -> 0
A27: 3 | C27: =IFERROR(D27/B27,0) -> 0 | F27: =IFERROR((I26+D27)/(H26+B27),0) -> 0 | G27: =E27*F27 -> 0 | H27: =H26+B27-E27 -> 0 | I27: =I26+D27-G27 -> 0 | J27: =收入成本对应底稿表!E25-成本测试底稿表!G27 -> 0
A28: 4 | C28: =IFERROR(D28/B28,0) -> 0 | F28: =IFERROR((I27+D28)/(H27+B28),0) -> 0 | G28: =E28*F28 -> 0 | H28: =H27+B28-E28 -> 0 | I28: =I27+D28-G28 -> 0 | J28: =收入成本对应底稿表!E26-成本测试底稿表!G28 -> 0
A29: 5 | C29: =IFERROR(D29/B29,0) -> 0 | F29: =IFERROR((I28+D29)/(H28+B29),0) -> 0 | G29: =E29*F29 -> 0 | H29: =H28+B29-E29 -> 0 | I29: =I28+D29-G29 -> 0 | J29: =收入成本对应底稿表!E27-成本测试底稿表!G29 -> 0
A30: 6 | C30: =IFERROR(D30/B30,0) -> 0 | F30: =IFERROR((I29+D30)/(H29+B30),0) -> 0 | G30: =E30*F30 -> 0 | H30: =H29+B30-E30 -> 0 | I30: =I29+D30-G30 -> 0 | J30: =收入成本对应底稿表!E28-成本测试底稿表!G30 -> 0
A31: 7 | C31: =IFERROR(D31/B31,0) -> 0 | F31: =IFERROR((I30+D31)/(H30+B31),0) -> 0 | G31: =E31*F31 -> 0 | H31: =H30+B31-E31 -> 0 | I31: =I30+D31-G31 -> 0 | J31: =收入成本对应底稿表!E29-成本测试底稿表!G31 -> 0
A32: 8 | C32: =IFERROR(D32/B32,0) -> 0 | F32: =IFERROR((I31+D32)/(H31+B32),0) -> 0 | G32: =E32*F32 -> 0 | H32: =H31+B32-E32 -> 0 | I32: =I31+D32-G32 -> 0 | J32: =收入成本对应底稿表!E30-成本测试底稿表!G32 -> 0
A33: 9 | C33: =IFERROR(D33/B33,0) -> 0 | F33: =IFERROR((I32+D33)/(H32+B33),0) -> 0 | G33: =E33*F33 -> 0 | H33: =H32+B33-E33 -> 0 | I33: =I32+D33-G33 -> 0 | J33: =收入成本对应底稿表!E31-成本测试底稿表!G33 -> 0
A34: 10 | C34: =IFERROR(D34/B34,0) -> 0 | F34: =IFERROR((I33+D34)/(H33+B34),0) -> 0 | G34: =E34*F34 -> 0 | H34: =H33+B34-E34 -> 0 | I34: =I33+D34-G34 -> 0 | J34: =收入成本对应底稿表!E32-成本测试底稿表!G34 -> 0
A35: 11 | C35: =IFERROR(D35/B35,0) -> 0 | F35: =IFERROR((I34+D35)/(H34+B35),0) -> 0 | G35: =E35*F35 -> 0 | H35: =H34+B35-E35 -> 0 | I35: =I34+D35-G35 -> 0 | J35: =收入成本对应底稿表!E33-成本测试底稿表!G35 -> 0
A36: 12 | C36: =IFERROR(D36/B36,0) -> 0 | F36: =IFERROR((I35+D36)/(H35+B36),0) -> 0 | G36: =E36*F36 -> 0 | H36: =H35+B36-E36 -> 0 | I36: =I35+D36-G36 -> 0 | J36: =收入成本对应底稿表!E34-成本测试底稿表!G36 -> 0
A37: 年末 | H37: =H36+B37-E37 -> 0 | I37: =I36+D37-G37 -> 0
A38: 合计 | B38: =SUM(B24:B36) -> 0 | C38: =SUM(C24:C36) -> 0 | D38: =SUM(D24:D36) -> 0 | E38: =SUM(E24:E36) -> 0 | F38: =SUM(F24:F36) -> 0 | G38: =SUM(G24:G36) -> 0 | H38: 结转成本比较 | I38: =SUM(J27:J36) -> 0 | K38: =I38+G38 -> 0
A39: =收入成本对应底稿表!F21 -> 金融企业往来收入 | J39: 结转成本比较
B40: 入库 | E40: 出库 | H40: 结余
B41: 数量 | C41: 单价 | D41: 金额 | E41: 数量 | F41: 单价 | G41: 金额 | H41: 数量 | I41: 金额
A42: 年初
A43: 1 | C43: =IFERROR(D43/B43,0) -> 0 | F43: =IFERROR((I42+D43)/(H42+B43),0) -> 0 | G43: =E43*F43 -> 0 | H43: =H42+B43-E43 -> 0 | I43: =I42+D43-G43 -> 0 | J43: =收入成本对应底稿表!G23-成本测试底稿表!G43 -> 0
A44: 2 | C44: =IFERROR(D44/B44,0) -> 0 | F44: =IFERROR((I43+D44)/(H43+B44),0) -> 0 | G44: =E44*F44 -> 0 | H44: =H43+B44-E44 -> 0 | I44: =I43+D44-G44 -> 0 | J44: =收入成本对应底稿表!G24-成本测试底稿表!G44 -> 0
A45: 3 | C45: =IFERROR(D45/B45,0) -> 0 | F45: =IFERROR((I44+D45)/(H44+B45),0) -> 0 | G45: =E45*F45 -> 0 | H45: =H44+B45-E45 -> 0 | I45: =I44+D45-G45 -> 0 | J45: =收入成本对应底稿表!G25-成本测试底稿表!G45 -> 0
A46: 4 | C46: =IFERROR(D46/B46,0) -> 0 | F46: =IFERROR((I45+D46)/(H45+B46),0) -> 0 | G46: =E46*F46 -> 0 | H46: =H45+B46-E46 -> 0 | I46: =I45+D46-G46 -> 0 | J46: =收入成本对应底稿表!G26-成本测试底稿表!G46 -> 0
A47: 5 | C47: =IFERROR(D47/B47,0) -> 0 | F47: =IFERROR((I46+D47)/(H46+B47),0) -> 0 | G47: =E47*F47 -> 0 | H47: =H46+B47-E47 -> 0 | I47: =I46+D47-G47 -> 0 | J47: =收入成本对应底稿表!G27-成本测试底稿表!G47 -> 0
A48: 6 | C48: =IFERROR(D48/B48,0) -> 0 | F48: =IFERROR((I47+D48)/(H47+B48),0) -> 0 | G48: =E48*F48 -> 0 | H48: =H47+B48-E48 -> 0 | I48: =I47+D48-G48 -> 0 | J48: =收入成本对应底稿表!G28-成本测试底稿表!G48 -> 0
A49: 7 | C49: =IFERROR(D49/B49,0) -> 0 | F49: =IFERROR((I48+D49)/(H48+B49),0) -> 0 | G49: =E49*F49 -> 0 | H49: =H48+B49-E49 -> 0 | I49: =I48+D49-G49 -> 0 | J49: =收入成本对应底稿表!G29-成本测试底稿表!G49 -> 0
A50: 8 | C50: =IFERROR(D50/B50,0) -> 0 | F50: =IFERROR((I49+D50)/(H49+B50),0) -> 0 | G50: =E50*F50 -> 0 | H50: =H49+B50-E50 -> 0 | I50: =I49+D50-G50 -> 0 | J50: =收入成本对应底稿表!G30-成本测试底稿表!G50 -> 0
A51: 9 | C51: =IFERROR(D51/B51,0) -> 0 | F51: =IFERROR((I50+D51)/(H50+B51),0) -> 0 | G51: =E51*F51 -> 0 | H51: =H50+B51-E51 -> 0 | I51: =I50+D51-G51 -> 0 | J51: =收入成本对应底稿表!G31-成本测试底稿表!G51 -> 0
A52: 10 | C52: =IFERROR(D52/B52,0) -> 0 | F52: =IFERROR((I51+D52)/(H51+B52),0) -> 0 | G52: =E52*F52 -> 0 | H52: =H51+B52-E52 -> 0 | I52: =I51+D52-G52 -> 0 | J52: =收入成本对应底稿表!G32-成本测试底稿表!G52 -> 0
A53: 11 | C53: =IFERROR(D53/B53,0) -> 0 | F53: =IFERROR((I52+D53)/(H52+B53),0) -> 0 | G53: =E53*F53 -> 0 | H53: =H52+B53-E53 -> 0 | I53: =I52+D53-G53 -> 0 | J53: =收入成本对应底稿表!G33-成本测试底稿表!G53 -> 0
A54: 12 | C54: =IFERROR(D54/B54,0) -> 0 | F54: =IFERROR((I53+D54)/(H53+B54),0) -> 0 | G54: =E54*F54 -> 0 | H54: =H53+B54-E54 -> 0 | I54: =I53+D54-G54 -> 0 | J54: =收入成本对应底稿表!G34-成本测试底稿表!G54 -> 0
A55: 年末 | H55: =H54+B55-E55 -> 0 | I55: =I54+D55-G55 -> 0
A56: 合计 | B56: =SUM(B43:B55) -> 0 | C56: =IFERROR(D56/B56,0) -> 0 | D56: =SUM(D43:D55) -> 0 | E56: =SUM(E43:E55) -> 0 | F56: =IFERROR(G56/E56,0) -> 0 | G56: =SUM(G43:G55) -> 0 | H56: 结转成本比较 | I56: =SUM(J43:J54) -> 0 | K56: =I56+G56 -> 0
A57: 总计 | B57: =B56+B38+B20 -> 0 | C57: =C56+C38+C20 -> 0 | D57: =D56+D38+D20 -> 0 | E57: =E56+E38+E20 -> 0 | F57: =F56+F38+F20 -> 0 | G57: =G56+G38+G20 -> 0 | I57: =I56+I38+I20 -> 0 | J57: =J56+J38+J20 -> 0

Sheet 产销存
A1: 阿克苏姑墨税务师事务所增值税鉴证工作底稿
A2: 序号 | B2: 产品名称 | C2: 期初库存货物成本 | E2: 期初库存货物数量（吨） | G2: 期初差异 | I2: 当期生产或购进货物金额（元） | K2: 当期生产或购进货物数量（吨） | M2: 本期增加货物的差异 | O2: 当期销售货物金额（元） | Q2: 当期销售货物成本（元） | S2: 当期销售货物数量（吨） | U2: 当期视同销售货物金额（元） | W2: 当期视同销售货物成本（元） | Y2: 当期视同销售货物数量（吨） | AA2: 当期库损等其他出库货物金额（元） | AC2: 当期库损等其他出库货物数量（吨） | AE2: 本期减少货物差异 | AM2: 期末库存金额（元） | AO2: 期末库存货物数量（吨） | AQ2: 期末库存差异 | AS2: 毛利额 | AU2: 毛利率 | AW2: 差异 | AY2: 备注
C3: 账载数 | D3: 审核数 | E3: 账载数 | F3: 审核数 | G3: 金额差 | H3: 数量差 | I3: 账载数 | J3: 审核数 | K3: 账载数 | L3: 审核数 | M3: =G3 -> 金额差 | N3: =H3 -> 数量差 | O3: 账载数 | P3: 审核数 | Q3: 账载数 | R3: 审核数 | S3: 账载数 | T3: 审核数 | U3: 账载数 | V3: 审核数 | W3: 账载数 | X3: 审核数 | Y3: 账载数 | Z3: 审核数 | AA3: 账载数 | AB3: 审核数 | AC3: 账载数 | AD3: 审核数 | AE3: 销售额差异 | AF3: 销售成本差异 | AG3: 销售数量差异 | AH3: 视同销售额差异 | AI3: 视同销售成本差异 | AJ3: 视同销售数量差异 | AK3: 其他出库金额差 | AL3: 其他出库数量差 | AM3: 账载数 | AN3: 审核数 | AO3: 账载数 | AP3: 审核数 | AQ3: 金额差 | AR3: 数量差 | AS3: 账载数 | AT3: 审核数 | AU3: 账载数 | AV3: 审核数 | AW3: 毛利差 | AX3: 毛利率差异
D4: =C4 -> 0 | F4: =E4 -> 0 | G4: =C4-D4 -> 0 | H4: =E4-F4 -> 0 | J4: =I4 -> 0 | L4: =K4 -> 0 | M4: =I4-J4 -> 0 | N4: =K4-L4 -> 0 | P4: =O4 -> 0 | R4: =IFERROR(T4*($D4+$J4)/($F4+$L4),0) -> 0 | T4: =S4 -> 0 | V4: =U4 -> 0 | X4: =IFERROR(Z4*($D4+$J4)/($F4+$L4),0) -> 0 | Z4: =Y4 -> 0 | AB4: =IFERROR(AD4*($D4+$J4)/($F4+$L4),0) -> 0 | AD4: =AC4 -> 0 | AE4: =O4-P4 -> 0 | AF4: =Q4-R4 -> 0 | AG4: =S4-T4 -> 0 | AH4: =U4-V4 -> 0 | AI4: =W4-X4 -> 0 | AJ4: =Y4-Z4 -> 0 | AK4: =AA4-AB4 -> 0 | AL4: =AC4-AD4 -> 0 | AM4: =C4+I4-Q4-W4-AA4 -> 0 | AN4: =D4+J4-R4-X4-AB4 -> 0 | AO4: =E4+K4-S4-Y4-AC4 -> 0 | AP4: =F4+L4-T4-Z4-AD4 -> 0 | AQ4: =AM4-AN4 -> 0 | AR4: =AO4-AP4 -> 0 | AS4: =O4-Q4+U4-W4 -> 0 | AT4: =P4-R4+V4-X4 -> 0 | AU4: =IFERROR(AS4/(O4+U4),0) -> 0 | AV4: =IFERROR(AT4/(P4+V4),0) -> 0 | AW4: =AS4-AT4 -> 0 | AX4: =AU4-AV4 -> 0
D5: =C5 -> 0 | F5: =E5 -> 0 | G5: =C5-D5 -> 0 | H5: =E5-F5 -> 0 | J5: =I5 -> 0 | L5: =K5 -> 0 | M5: =I5-J5 -> 0 | N5: =K5-L5 -> 0 | P5: =O5 -> 0 | R5: =IFERROR(T5*($D5+$J5)/($F5+$L5),0) -> 0 | T5: =S5 -> 0 | V5: =U5 -> 0 | X5: =IFERROR(Z5*($D5+$J5)/($F5+$L5),0) -> 0 | Z5: =Y5 -> 0 | AB5: =IFERROR(AD5*($D5+$J5)/($F5+$L5),0) -> 0 | AD5: =AC5 -> 0 | AE5: =O5-P5 -> 0 | AF5: =Q5-R5 -> 0 | AG5: =S5-T5 -> 0 | AH5: =U5-V5 -> 0 | AI5: =W5-X5 -> 0 | AJ5: =Y5-Z5 -> 0 | AK5: =AA5-AB5 -> 0 | AL5: =AC5-AD5 -> 0 | AM5: =C5+I5-Q5-W5-AA5 -> 0 | AN5: =D5+J5-R5-X5-AB5 -> 0 | AO5: =E5+K5-S5-Y5-AC5 -> 0 | AP5: =F5+L5-T5-Z5-AD5 -> 0 | AQ5: =AM5-AN5 -> 0 | AR5: =AO5-AP5 -> 0 | AS5: =O5-Q5+U5-W5 -> 0 | AT5: =P5-R5+V5-X5 -> 0 | AU5: =IFERROR(AS5/(O5+U5),0) -> 0 | AV5: =IFERROR(AT5/(P5+V5),0) -> 0 | AW5: =AS5-AT5 -> 0 | AX5: =AU5-AV5 -> 0
D6: =C6 -> 0 | F6: =E6 -> 0 | G6: =C6-D6 -> 0 | H6: =E6-F6 -> 0 | J6: =I6 -> 0 | L6: =K6 -> 0 | M6: =I6-J6 -> 0 | N6: =K6-L6 -> 0 | P6: =O6 -> 0 | R6: =IFERROR(T6*($D6+$J6)/($F6+$L6),0) -> 0 | T6: =S6 -> 0 | V6: =U6 -> 0 | X6: =IFERROR(Z6*($D6+$J6)/($F6+$L6),0) -> 0 | Z6: =Y6 -> 0 | AB6: =IFERROR(AD6*($D6+$J6)/($F6+$L6),0) -> 0 | AD6: =AC6 -> 0 | AE6: =O6-P6 -> 0 | AF6: =Q6-R6 -> 0 | AG6: =S6-T6 -> 0 | AH6: =U6-V6 -> 0 | AI6: =W6-X6 -> 0 | AJ6: =Y6-Z6 -> 0 | AK6: =AA6-AB6 -> 0 | AL6: =AC6-AD6 -> 0 | AM6: =C6+I6-Q6-W6-AA6 -> 0 | AN6: =D6+J6-R6-X6-AB6 -> 0 | AO6: =E6+K6-S6-Y6-AC6 -> 0 | AP6: =F6+L6-T6-Z6-AD6 -> 0 | AQ6: =AM6-AN6 -> 0 | AR6: =AO6-AP6 -> 0 | AS6: =O6-Q6+U6-W6 -> 0 | AT6: =P6-R6+V6-X6 -> 0 | AU6: =IFERROR(AS6/(O6+U6),0) -> 0 | AV6: =IFERROR(AT6/(P6+V6),0) -> 0 | AW6: =AS6-AT6 -> 0 | AX6: =AU6-AV6 -> 0
D7: =C7 -> 0 | F7: =E7 -> 0 | G7: =C7-D7 -> 0 | H7: =E7-F7 -> 0 | J7: =I7 -> 0 | L7: =K7 -> 0 | M7: =I7-J7 -> 0 | N7: =K7-L7 -> 0 | P7: =O7 -> 0 | R7: =IFERROR(T7*($D7+$J7)/($F7+$L7),0) -> 0 | T7: =S7 -> 0 | V7: =U7 -> 0 | X7: =IFERROR(Z7*($D7+$J7)/($F7+$L7),0) -> 0 | Z7: =Y7 -> 0 | AB7: =IFERROR(AD7*($D7+$J7)/($F7+$L7),0) -> 0 | AD7: =AC7 -> 0 | AE7: =O7-P7 -> 0 | AF7: =Q7-R7 -> 0 | AG7: =S7-T7 -> 0 | AH7: =U7-V7 -> 0 | AI7: =W7-X7 -> 0 | AJ7: =Y7-Z7 -> 0 | AK7: =AA7-AB7 -> 0 | AL7: =AC7-AD7 -> 0 | AM7: =C7+I7-Q7-W7-AA7 -> 0 | AN7: =D7+J7-R7-X7-AB7 -> 0 | AO7: =E7+K7-S7-Y7-AC7 -> 0 | AP7: =F7+L7-T7-Z7-AD7 -> 0 | AQ7: =AM7-AN7 -> 0 | AR7: =AO7-AP7 -> 0 | AS7: =O7-Q7+U7-W7 -> 0 | AT7: =P7-R7+V7-X7 -> 0 | AU7: =IFERROR(AS7/(O7+U7),0) -> 0 | AV7: =IFERROR(AT7/(P7+V7),0) -> 0 | AW7: =AS7-AT7 -> 0 | AX7: =AU7-AV7 -> 0
D8: =C8 -> 0 | F8: =E8 -> 0 | G8: =C8-D8 -> 0 | H8: =E8-F8 -> 0 | J8: =I8 -> 0 | L8: =K8 -> 0 | M8: =I8-J8 -> 0 | N8: =K8-L8 -> 0 | P8: =O8 -> 0 | R8: =IFERROR(T8*($D8+$J8)/($F8+$L8),0) -> 0 | T8: =S8 -> 0 | V8: =U8 -> 0 | X8: =IFERROR(Z8*($D8+$J8)/($F8+$L8),0) -> 0 | Z8: =Y8 -> 0 | AB8: =IFERROR(AD8*($D8+$J8)/($F8+$L8),0) -> 0 | AD8: =AC8 -> 0 | AE8: =O8-P8 -> 0 | AF8: =Q8-R8 -> 0 | AG8: =S8-T8 -> 0 | AH8: =U8-V8 -> 0 | AI8: =W8-X8 -> 0 | AJ8: =Y8-Z8 -> 0 | AK8: =AA8-AB8 -> 0 | AL8: =AC8-AD8 -> 0 | AM8: =C8+I8-Q8-W8-AA8 -> 0 | AN8: =D8+J8-R8-X8-AB8 -> 0 | AO8: =E8+K8-S8-Y8-AC8 -> 0 | AP8: =F8+L8-T8-Z8-AD8 -> 0 | AQ8: =AM8-AN8 -> 0 | AR8: =AO8-AP8 -> 0 | AS8: =O8-Q8+U8-W8 -> 0 | AT8: =P8-R8+V8-X8 -> 0 | AU8: =IFERROR(AS8/(O8+U8),0) -> 0 | AV8: =IFERROR(AT8/(P8+V8),0) -> 0 | AW8: =AS8-AT8 -> 0 | AX8: =AU8-AV8 -> 0
D9: =C9 -> 0 | F9: =E9 -> 0 | G9: =C9-D9 -> 0 | H9: =E9-F9 -> 0 | J9: =I9 -> 0 | L9: =K9 -> 0 | M9: =I9-J9 -> 0 | N9: =K9-L9 -> 0 | P9: =O9 -> 0 | R9: =IFERROR(T9*($D9+$J9)/($F9+$L9),0) -> 0 | T9: =S9 -> 0 | V9: =U9 -> 0 | X9: =IFERROR(Z9*($D9+$J9)/($F9+$L9),0) -> 0 | Z9: =Y9 -> 0 | AB9: =IFERROR(AD9*($D9+$J9)/($F9+$L9),0) -> 0 | AD9: =AC9 -> 0 | AE9: =O9-P9 -> 0 | AF9: =Q9-R9 -> 0 | AG9: =S9-T9 -> 0 | AH9: =U9-V9 -> 0 | AI9: =W9-X9 -> 0 | AJ9: =Y9-Z9 -> 0 | AK9: =AA9-AB9 -> 0 | AL9: =AC9-AD9 -> 0 | AM9: =C9+I9-Q9-W9-AA9 -> 0 | AN9: =D9+J9-R9-X9-AB9 -> 0 | AO9: =E9+K9-S9-Y9-AC9 -> 0 | AP9: =F9+L9-T9-Z9-AD9 -> 0 | AQ9: =AM9-AN9 -> 0 | AR9: =AO9-AP9 -> 0 | AS9: =O9-Q9+U9-W9 -> 0 | AT9: =P9-R9+V9-X9 -> 0 | AU9: =IFERROR(AS9/(O9+U9),0) -> 0 | AV9: =IFERROR(AT9/(P9+V9),0) -> 0 | AW9: =AS9-AT9 -> 0 | AX9: =AU9-AV9 -> 0
D10: =C10 -> 0 | F10: =E10 -> 0 | G10: =C10-D10 -> 0 | H10: =E10-F10 -> 0 | J10: =I10 -> 0 | L10: =K10 -> 0 | M10: =I10-J10 -> 0 | N10: =K10-L10 -> 0 | P10: =O10 -> 0 | R10: =IFERROR(T10*($D10+$J10)/($F10+$L10),0) -> 0 | T10: =S10 -> 0 | V10: =U10 -> 0 | X10: =IFERROR(Z10*($D10+$J10)/($F10+$L10),0) -> 0 | Z10: =Y10 -> 0 | AB10: =IFERROR(AD10*($D10+$J10)/($F10+$L10),0) -> 0 | AD10: =AC10 -> 0 | AE10: =O10-P10 -> 0 | AF10: =Q10-R10 -> 0 | AG10: =S10-T10 -> 0 | AH10: =U10-V10 -> 0 | AI10: =W10-X10 -> 0 | AJ10: =Y10-Z10 -> 0 | AK10: =AA10-AB10 -> 0 | AL10: =AC10-AD10 -> 0 | AM10: =C10+I10-Q10-W10-AA10 -> 0 | AN10: =D10+J10-R10-X10-AB10 -> 0 | AO10: =E10+K10-S10-Y10-AC10 -> 0 | AP10: =F10+L10-T10-Z10-AD10 -> 0 | AQ10: =AM10-AN10 -> 0 | AR10: =AO10-AP10 -> 0 | AS10: =O10-Q10+U10-W10 -> 0 | AT10: =P10-R10+V10-X10 -> 0 | AU10: =IFERROR(AS10/(O10+U10),0) -> 0 | AV10: =IFERROR(AT10/(P10+V10),0) -> 0 | AW10: =AS10-AT10 -> 0 | AX10: =AU10-AV10 -> 0
D11: =C11 -> 0 | F11: =E11 -> 0 | G11: =C11-D11 -> 0 | H11: =E11-F11 -> 0 | J11: =I11 -> 0 | L11: =K11 -> 0 | M11: =I11-J11 -> 0 | N11: =K11-L11 -> 0 | P11: =O11 -> 0 | R11: =IFERROR(T11*($D11+$J11)/($F11+$L11),0) -> 0 | T11: =S11 -> 0 | V11: =U11 -> 0 | X11: =IFERROR(Z11*($D11+$J11)/($F11+$L11),0) -> 0 | Z11: =Y11 -> 0 | AB11: =IFERROR(AD11*($D11+$J11)/($F11+$L11),0) -> 0 | AD11: =AC11 -> 0 | AE11: =O11-P11 -> 0 | AF11: =Q11-R11 -> 0 | AG11: =S11-T11 -> 0 | AH11: =U11-V11 -> 0 | AI11: =W11-X11 -> 0 | AJ11: =Y11-Z11 -> 0 | AK11: =AA11-AB11 -> 0 | AL11: =AC11-AD11 -> 0 | AM11: =C11+I11-Q11-W11-AA11 -> 0 | AN11: =D11+J11-R11-X11-AB11 -> 0 | AO11: =E11+K11-S11-Y11-AC11 -> 0 | AP11: =F11+L11-T11-Z11-AD11 -> 0 | AQ11: =AM11-AN11 -> 0 | AR11: =AO11-AP11 -> 0 | AS11: =O11-Q11+U11-W11 -> 0 | AT11: =P11-R11+V11-X11 -> 0 | AU11: =IFERROR(AS11/(O11+U11),0) -> 0 | AV11: =IFERROR(AT11/(P11+V11),0) -> 0 | AW11: =AS11-AT11 -> 0 | AX11: =AU11-AV11 -> 0
D12: =C12 -> 0 | F12: =E12 -> 0 | G12: =C12-D12 -> 0 | H12: =E12-F12 -> 0 | J12: =I12 -> 0 | L12: =K12 -> 0 | M12: =I12-J12 -> 0 | N12: =K12-L12 -> 0 | P12: =O12 -> 0 | R12: =IFERROR(T12*($D12+$J12)/($F12+$L12),0) -> 0 | T12: =S12 -> 0 | V12: =U12 -> 0 | X12: =IFERROR(Z12*($D12+$J12)/($F12+$L12),0) -> 0 | Z12: =Y12 -> 0 | AB12: =IFERROR(AD12*($D12+$J12)/($F12+$L12),0) -> 0 | AD12: =AC12 -> 0 | AE12: =O12-P12 -> 0 | AF12: =Q12-R12 -> 0 | AG12: =S12-T12 -> 0 | AH12: =U12-V12 -> 0 | AI12: =W12-X12 -> 0 | AJ12: =Y12-Z12 -> 0 | AK12: =AA12-AB12 -> 0 | AL12: =AC12-AD12 -> 0 | AM12: =C12+I12-Q12-W12-AA12 -> 0 | AN12: =D12+J12-R12-X12-AB12 -> 0 | AO12: =E12+K12-S12-Y12-AC12 -> 0 | AP12: =F12+L12-T12-Z12-AD12 -> 0 | AQ12: =AM12-AN12 -> 0 | AR12: =AO12-AP12 -> 0 | AS12: =O12-Q12+U12-W12 -> 0 | AT12: =P12-R12+V12-X12 -> 0 | AU12: =IFERROR(AS12/(O12+U12),0) -> 0 | AV12: =IFERROR(AT12/(P12+V12),0) -> 0 | AW12: =AS12-AT12 -> 0 | AX12: =AU12-AV12 -> 0
D13: =C13 -> 0 | F13: =E13 -> 0 | G13: =C13-D13 -> 0 | H13: =E13-F13 -> 0 | J13: =I13 -> 0 | L13: =K13 -> 0 | M13: =I13-J13 -> 0 | N13: =K13-L13 -> 0 | P13: =O13 -> 0 | R13: =IFERROR(T13*($D13+$J13)/($F13+$L13),0) -> 0 | T13: =S13 -> 0 | V13: =U13 -> 0 | X13: =IFERROR(Z13*($D13+$J13)/($F13+$L13),0) -> 0 | Z13: =Y13 -> 0 | AB13: =IFERROR(AD13*($D13+$J13)/($F13+$L13),0) -> 0 | AD13: =AC13 -> 0 | AE13: =O13-P13 -> 0 | AF13: =Q13-R13 -> 0 | AG13: =S13-T13 -> 0 | AH13: =U13-V13 -> 0 | AI13: =W13-X13 -> 0 | AJ13: =Y13-Z13 -> 0 | AK13: =AA13-AB13 -> 0 | AL13: =AC13-AD13 -> 0 | AM13: =C13+I13-Q13-W13-AA13 -> 0 | AN13: =D13+J13-R13-X13-AB13 -> 0 | AO13: =E13+K13-S13-Y13-AC13 -> 0 | AP13: =F13+L13-T13-Z13-AD13 -> 0 | AQ13: =AM13-AN13 -> 0 | AR13: =AO13-AP13 -> 0 | AS13: =O13-Q13+U13-W13 -> 0 | AT13: =P13-R13+V13-X13 -> 0 | AU13: =IFERROR(AS13/(O13+U13),0) -> 0 | AV13: =IFERROR(AT13/(P13+V13),0) -> 0 | AW13: =AS13-AT13 -> 0 | AX13: =AU13-AV13 -> 0
D14: =C14 -> 0 | F14: =E14 -> 0 | G14: =C14-D14 -> 0 | H14: =E14-F14 -> 0 | J14: =I14 -> 0 | L14: =K14 -> 0 | M14: =I14-J14 -> 0 | N14: =K14-L14 -> 0 | P14: =O14 -> 0 | R14: =IFERROR(T14*($D14+$J14)/($F14+$L14),0) -> 0 | T14: =S14 -> 0 | V14: =U14 -> 0 | X14: =IFERROR(Z14*($D14+$J14)/($F14+$L14),0) -> 0 | Z14: =Y14 -> 0 | AB14: =IFERROR(AD14*($D14+$J14)/($F14+$L14),0) -> 0 | AD14: =AC14 -> 0 | AE14: =O14-P14 -> 0 | AF14: =Q14-R14 -> 0 | AG14: =S14-T14 -> 0 | AH14: =U14-V14 -> 0 | AI14: =W14-X14 -> 0 | AJ14: =Y14-Z14 -> 0 | AK14: =AA14-AB14 -> 0 | AL14: =AC14-AD14 -> 0 | AM14: =C14+I14-Q14-W14-AA14 -> 0 | AN14: =D14+J14-R14-X14-AB14 -> 0 | AO14: =E14+K14-S14-Y14-AC14 -> 0 | AP14: =F14+L14-T14-Z14-AD14 -> 0 | AQ14: =AM14-AN14 -> 0 | AR14: =AO14-AP14 -> 0 | AS14: =O14-Q14+U14-W14 -> 0 | AT14: =P14-R14+V14-X14 -> 0 | AU14: =IFERROR(AS14/(O14+U14),0) -> 0 | AV14: =IFERROR(AT14/(P14+V14),0) -> 0 | AW14: =AS14-AT14 -> 0 | AX14: =AU14-AV14 -> 0
D15: =C15 -> 0 | F15: =E15 -> 0 | G15: =C15-D15 -> 0 | H15: =E15-F15 -> 0 | J15: =I15 -> 0 | L15: =K15 -> 0 | M15: =I15-J15 -> 0 | N15: =K15-L15 -> 0 | P15: =O15 -> 0 | R15: =IFERROR(T15*($D15+$J15)/($F15+$L15),0) -> 0 | T15: =S15 -> 0 | V15: =U15 -> 0 | X15: =IFERROR(Z15*($D15+$J15)/($F15+$L15),0) -> 0 | Z15: =Y15 -> 0 | AB15: =IFERROR(AD15*($D15+$J15)/($F15+$L15),0) -> 0 | AD15: =AC15 -> 0 | AE15: =O15-P15 -> 0 | AF15: =Q15-R15 -> 0 | AG15: =S15-T15 -> 0 | AH15: =U15-V15 -> 0 | AI15: =W15-X15 -> 0 | AJ15: =Y15-Z15 -> 0 | AK15: =AA15-AB15 -> 0 | AL15: =AC15-AD15 -> 0 | AM15: =C15+I15-Q15-W15-AA15 -> 0 | AN15: =D15+J15-R15-X15-AB15 -> 0 | AO15: =E15+K15-S15-Y15-AC15 -> 0 | AP15: =F15+L15-T15-Z15-AD15 -> 0 | AQ15: =AM15-AN15 -> 0 | AR15: =AO15-AP15 -> 0 | AS15: =O15-Q15+U15-W15 -> 0 | AT15: =P15-R15+V15-X15 -> 0 | AU15: =IFERROR(AS15/(O15+U15),0) -> 0 | AV15: =IFERROR(AT15/(P15+V15),0) -> 0 | AW15: =AS15-AT15 -> 0 | AX15: =AU15-AV15 -> 0
... D26: =C26 -> 0 | F26: =E26 -> 0 | G26: =C26-D26 -> 0 | H26: =E26-F26 -> 0 | J26: =I26 -> 0 | L26: =K26 -> 0 | M26: =I26-J26 -> 0 | N26: =K26-L26 -> 0 | P26: =O26 -> 0 | R26: =IFERROR(T26*($D26+$J26)/($F26+$L26),0) -> 0 | T26: =S26 -> 0 | V26: =U26 -> 0 | X26: =IFERROR(Z26*($D26+$J26)/($F26+$L26),0) -> 0 | Z26: =Y26 -> 0 | AB26: =IFERROR(AD26*($D26+$J26)/($F26+$L26),0) -> 0 | AD26: =AC26 -> 0 | AE26: =O26-P26 -> 0 | AF26: =Q26-R26 -> 0 | AG26: =S26-T26 -> 0 | AH26: =U26-V26 -> 0 | AI26: =W26-X26 -> 0 | AJ26: =Y26-Z26 -> 0 | AK26: =AA26-AB26 -> 0 | AL26: =AC26-AD26 -> 0 | AM26: =C26+I26-Q26-W26-AA26 -> 0 | AN26: =D26+J26-R26-X26-AB26 -> 0 | AO26: =E26+K26-S26-Y26-AC26 -> 0 | AP26: =F26+L26-T26-Z26-AD26 -> 0 | AQ26: =AM26-AN26 -> 0 | AR26: =AO26-AP26 -> 0 | AS26: =O26-Q26+U26-W26 -> 0 | AT26: =P26-R26+V26-X26 -> 0 | AU26: =IFERROR(AS26/(O26+U26),0) -> 0 | AV26: =IFERROR(AT26/(P26+V26),0) -> 0 | AW26: =AS26-AT26 -> 0 | AX26: =AU26-AV26 -> 0
A27: 合计 | C27: =SUM(C4:C26) -> 0 | D27: =SUM(D4:D26) -> 0 | E27: =SUM(E4:E26) -> 0 | F27: =SUM(F4:F26) -> 0 | G27: =SUM(G4:G26) -> 0 | H27: =SUM(H4:H26) -> 0 | I27: =SUM(I4:I26) -> 0 | J27: =SUM(J4:J26) -> 0 | ... AT27: =SUM(AT4:AT26) -> 0 | AU27: =IFERROR(AS27/(O27+U27),0) -> 0 | AV27: =IFERROR(AT27/(P27+V27),0) -> 0 | AW27: =AS27-AT27 -> 0 | AX27: =AU27-AV27 -> 0

Sheet 利息收入
A1: =YEAR(Sheet1!F11)&"年"&Sheet1!F9&"利息收支情况明细表" -> 2025年91652801576209018D利息收支情况明细表
A2: 借出款项金额 | B2: 对方企业或个人 | C2: 期限 | D2: 利率 | E2: 应计利息收入 | F2: 账载利息收入 | G2: 入账科目 | H2: 应调增利息收入金额 | I2: 应补增值税
B3: 新农
A12: 借入款项金额 | B12: 贷款银行 | C12: 期限 | D12: 利率 | E12: 利息费用 | F12: 直接用于应税利息收入的利息支出金额 | G12: 共同利息支出 | H12: 分配比例 | I12: 应税利息收入分配的利息支出
A24: 序号 | B24: 贷款单位 | C24: 计息借款本金 | D24: 本期计息 开始日 | E24: 本期计息 结束日 | F24: 计息期数 | G24: 借款利率 | H24: 允许扣除利息支出 | J24: 实际列支费用化利息支出 | L24: 纳税调整金额
H25: 资本化利息 | I25: 费用化利息 | J25: 资本化利息 | K25: 费用化利息
A26: 1 | L26: 0
A27: 2 | L27: 0
A28: 3 | L28: 0
A29: 4 | L29: 0
A30: 5 | L30: 0
A31: 6 | L31: 0
A32: 7 | L32: 0
A33: 8 | L33: 0
A34: 9 | L34: 0
A35: 10 | L35: 0
A36: 合计 | C36: 0 | F36: --- | G36: --- | H36: 0 | L36: 0

Sheet 政府补助
A1: =YEAR(Sheet1!F11)&"年"&Sheet1!F9&"政府补助明细" -> 2025年91652801576209018D政府补助明细
A2: 记账科目 | B2: 项目 | C2: 取得时间 | D2: 取得金额 | E2: 支出金额 | F2: 第一年支出时间 | G2: 第一年支出金额 | H2: 第一年支出时对应科目 | I2: 第二年支出时间 | J2: 第二年支出金额 | K2: 第二年支出时对应科目 | L2: 第三年支出时间 | M2: 第三年支出金额 | N2: 第三年支出时对应科目 | O2: 第四年支出时间 | P2: 第四年支出金额 | Q2: 第四年支出时对应科目 | R2: 第五年支出时间 | S2: 第五年支出金额 | T2: 第五年支出时对应科目 | U2: 结余资金 | V2: 以前年度已作为应税收入金额 | W2: 以前年度已计入不征税收入金额 | X2: 本年应计入应税收入金额 | Y2: 是否有文件 | Z2: 备注
A3: 递延收益 | E3: =G3+J3+M3+P3+S3 -> 0 | U3: =D3-E3 -> 0 | V3: =D3 -> 0 | X3: =D3-V3-W3 -> 0
A4: 递延收益 | E4: =G4+J4+M4+P4+S4 -> 0 | U4: =D4-E4 -> 0 | V4: =D4 -> 0 | X4: =D4-V4-W4 -> 0
A5: 递延收益 | E5: =G5+J5+M5+P5+S5 -> 0 | U5: =D5-E5 -> 0 | V5: =D5 -> 0 | X5: =D5-V5-W5 -> 0
A6: 递延收益 | E6: =G6+J6+M6+P6+S6 -> 0 | U6: =D6-E6 -> 0 | V6: =D6 -> 0 | X6: =D6-V6-W6 -> 0
A7: 递延收益 | E7: =G7+J7+M7+P7+S7 -> 0 | U7: =D7-E7 -> 0
A8: 递延收益 | E8: =G8+J8+M8+P8+S8 -> 0 | U8: =D8-E8 -> 0
A9: 递延收益 | E9: =G9+J9+M9+P9+S9 -> 0 | U9: =D9-E9 -> 0
A10: 递延收益 | E10: =G10+J10+M10+P10+S10 -> 0 | U10: =D10-E10 -> 0
A11: 递延收益 | E11: =G11+J11+M11+P11+S11 -> 0 | U11: =D11-E11 -> 0 | V11: 0
A12: 专项应付款 | E12: =G12+J12+M12+P12+S12 -> 0 | U12: =D12-E12 -> 0
A13: 专项应付款 | E13: =G13+J13+M13+P13+S13 -> 0 | U13: =D13-E13 -> 0
A14: 专项应付款 | E14: =G14+J14+M14+P14+S14 -> 0 | U14: =D14-E14 -> 0
A15: 专项应付款 | E15: =G15+J15+M15+P15+S15 -> 0 | U15: =D15-E15 -> 0
A16: 专项应付款 | E16: =G16+J16+M16+P16+S16 -> 0 | U16: =D16-E16 -> 0
A17: 专项应付款 | E17: =G17+J17+M17+P17+S17 -> 0 | U17: =D17-E17 -> 0
A18: 专项应付款 | E18: =G18+J18+M18+P18+S18 -> 0 | U18: =D18-E18 -> 0
A19: 专项应付款 | E19: =G19+J19+M19+P19+S19 -> 0 | U19: =D19-E19 -> 0
A20: 专项应付款 | E20: =G20+J20+M20+P20+S20 -> 0 | U20: =D20-E20 -> 0
A21: 专项应付款 | E21: =G21+J21+M21+P21+S21 -> 0 | U21: =D21-E21 -> 0
A22: 专项应付款 | E22: =G22+J22+M22+P22+S22 -> 0 | U22: =D22-E22 -> 0
A23: 专项应付款 | E23: =G23+J23+M23+P23+S23 -> 0 | U23: =D23-E23 -> 0
... A38: 其他应付款 | E38: =G38+J38+M38+P38+S38 -> 0 | U38: =D38-E38 -> 0

Sheet A100000中华人民共和国企业所得税年度纳税申报表（A类）
A1: A100000
A2: 中华人民共和国企业所得税年度纳税申报表（A类）
A3: 行次 | B3: 类别 | C3: 项 目 | D3: 金 额
A4: 1 | B4: 利润总额计算 | C4: 一、营业收入(填写A101010\101020\103000) | D4: 0
A5: 2 | C5: 减：营业成本(填写A102010\102020\103000) | D5: 0
A6: 3 | C6: 营业税金及附加
A7: 4 | C7: 销售费用(填写A104000) | D7: 0
A8: 5 | C8: 管理费用(填写A104000) | D8: 0
A9: 6 | C9: 财务费用(填写A104000) | D9: 0
A10: 7 | C10: 资产减值损失
A11: 8 | C11: 加：公允价值变动收益
A12: 9 | C12: 投资收益
A13: 10 | C13: 二、营业利润(1-2-3-4-5-6-7+8+9) | D13: =D4-D5-D6-D7-D8-D9-D10+D11+D12 -> 0
A14: 11 | C14: 加：营业外收入(填写A101010\101020\103000) | D14: 0
A15: 12 | C15: 减：营业外支出(填写A102010\102020\103000) | D15: 0
A16: 13 | C16: 三、利润总额（10+11-12） | D16: =D13+D14-D15 -> 0
A17: 14 | B17: 应纳税所得额计算 | C17: 减：境外所得（填写A108010） | D17: 0
A18: 15 | C18: 加：纳税调整增加额（填写A105000） | D18: =#REF! -> #REF!
A19: 16 | C19: 减：纳税调整减少额（填写A105000） | D19: =#REF! -> #REF!
A20: 17 | C20: 减：免税、减计收入及加计扣除（填写A107010） | D20: 0
A21: 18 | C21: 加：境外应税所得抵减境内亏损（填写A108000） | D21: 0
A22: 19 | C22: 四、纳税调整后所得（13-14+15-16-17+18） | D22: =D16-D17+D18-D19-D20+D21 -> #REF!
A23: 20 | C23: 减：所得减免（填写A107020） | D23: 273500.23
A24: 21 | C24: 减：抵扣应纳税所得额（填写A107030） | D24: 0
A25: 22 | C25: 减：弥补以前年度亏损（填写A106000） | D25: 0
A26: 23 | C26: 五、应纳税所得额（19-20-21-22） | D26: =MAX(D22-D23-D24-D25,0) -> #REF!
A27: 24 | B27: 应纳税额计算 | C27: 税率（25%） | D27: 0.25
A28: 25 | C28: 六、应纳所得税额（23×24） | D28: =D26*D27 -> #REF!
A29: 26 | C29: 减：减免所得税额（填写A107040） | D29: 0
A30: 27 | C30: 减：抵免所得税额（填写A107050） | D30: 0
A31: 28 | C31: 七、应纳税额（25-26-27） | D31: =D28-D29-D30 -> #REF!
A32: 29 | C32: 加：境外所得应纳所得税额（填写A108000） | D32: 0
A33: 30 | C33: 减：境外所得抵免所得税额（填写A108000） | D33: 0
A34: 31 | C34: 八、实际应纳所得税额（28+29-30） | D34: =D31+D32-D33 -> #REF!
A35: 32 | C35: 减：本年累计实际已预缴的所得税额
A36: 33 | C36: 九、本年应补（退）所得税额（31-32） | D36: =D34-D35 -> #REF!
A37: 34 | C37: 其中：总机构分摊本年应补（退）所得税额(填写A109000) | D37: 0
A38: 35 | C38: 财政集中分配本年应补（退）所得税额（填写A109000） | D38: 0
A39: 36 | C39: 总机构主体生产经营部门分摊本年应补（退）所得税额(填写A109000) | D39: 0
A41: 37 | B41: 附列资料 | C41: 以前年度多缴的所得税额在本年抵减额
A42: 38 | C42: 以前年度应缴未缴在本年入库所得税额

Sheet 工资薪金和三项经费支出
A1: =应免税分配!A1 -> 新疆华政华政华瑞税务师事务所有限公司巴州分所工作底稿 | D1: 编 制： | E1: =Sheet1!F15 -> 王翠英 | F1: 日期： | G1: =主营业务收入!K1 -> 46040
A2: =利润总额!B2 -> 被审核单位: 新疆通力房地产开发有限公司库尔勒二分公司 | D2: 复 核： | E2: =Sheet1!F17 -> 刘洁 | F2: 日期： | G2: =主营业务收入!K2 -> 46140
A3: =利润总额!B3 -> 纳税年度: 2025年度
A4: 工资薪金及三项经费鉴证表
A5: 序号 | B5: 项 目 | C5: 工资薪金总额 | D5: 职工福利费 | E5: 职工工会经费 | F5: 职工教育经费 | G5: 社保 | H5: 住房公积金 | I5: 补充养老保险 | J5: 补充医疗保险 | K5: 工资合计
A6: 1 | B6: 生产成本 | K6: =SUM(C6:J6) -> 0
A7: 2 | B7: 制造费用 | K7: =SUM(C7:J7) -> 0
A8: 3 | B8: 销售（营业）费用 | C8: =销售费用!C8 -> 1366805.6 | D8: =销售费用!C9 -> 5600 | E8: =销售费用!C11 -> 0 | F8: =销售费用!C10 -> 0 | G8: =销售费用!C13 -> 141264.25 | H8: =销售费用!C12 -> 0 | I8: =销售费用!C14 -> 0 | J8: =销售费用!C15 -> 0 | K8: =SUM(C8:J8) -> 1513669.8
A9: 4 | B9: 管理费用 | C9: =管理费用!C8 -> 2029106.8 | D9: =管理费用!C9 -> 22076 | E9: =管理费用!C11 -> 67918.25 | F9: =管理费用!C10 -> 200051 | G9: =管理费用!C13 -> 77125.93 | H9: =管理费用!C12 -> 37300 | I9: =管理费用!C14 -> 0 | J9: =管理费用!C15 -> 0 | K9: =SUM(C9:J9) -> 2433578
A10: 5 | B10: 在建工程 | K10: =SUM(C10:J10) -> 0
A11: 6 | B11: 工程施工 | K11: =SUM(C11:J11) -> 0
A12: 7 | B12: 开发间接费用 | K12: =SUM(C12:J12) -> 0
A13: 8 | B13: 其他成本费用 | K13: =SUM(C13:J13) -> 0
A14: 9 | B14: 未审金额小计 | C14: =SUM(C6:C13) -> 3395912.4 | D14: =SUM(D6:D13) -> 27676 | E14: =SUM(E6:E13) -> 67918.25 | F14: =SUM(F6:F13) -> 200051 | G14: =SUM(G6:G13) -> 218390.18 | H14: =SUM(H6:H13) -> 37300 | I14: =SUM(I6:I13) -> 0 | J14: =SUM(J6:J13) -> 0 | K14: =SUM(C14:J14) -> 3947247.8
A15: 10 | B15: 鉴证调整额 | C15: =SUMIF(凭证检查表!H7:H5005,调整事项!B15,凭证检查表!G7:G5005) -> 0 | D15: =SUMIF(凭证检查表!H7:H5005,调整事项!B16,凭证检查表!G7:G5005) -> 11867.02 | E15: =SUMIF(凭证检查表!H7:H5005,调整事项!B18,凭证检查表!G7:G5005) -> 0 | F15: =SUMIF(凭证检查表!H7:H5005,调整事项!B17,凭证检查表!G7:G5005) -> 0 | G15: =管理费用!D13-管理费用!E13+销售费用!D13-销售费用!E13 -> 0 | I15: =SUMIF(凭证检查表!H7:H5005,调整事项!B22,凭证检查表!G7:G5005) -> 0 | J15: =SUMIF(凭证检查表!H7:H5005,调整事项!B23,凭证检查表!G7:G5005) -> 0 | K15: =SUM(C15:J15) -> 11867.02 | L15: 7526.33
A16: 11 | B16: 鉴证确认额（不得影响损益） | C16: =C14+C15 -> 3395912.4 | D16: =D14+D15 -> 39543.02 | E16: =E14+E15 -> 67918.25 | F16: =F14+F15 -> 200051 | G16: =G14+G15 -> 218390.18 | H16: =H14+H15 -> 37300 | I16: =I14+I15 -> 0 | J16: =J14+J15 -> 0 | K16: =SUM(C16:J16) -> 3959114.8 | L16: =L18-L17 -> 2184.24 | M16: =L16+L15 -> 9710.57
A17: 12 | B17: 以前年度累计结转额 | K17: =SUM(C17:J17) -> 0 | L17: =1572290.72+7526.33 -> 1579817.1
A18: 13 | B18: 税收金额 | C18: =C16-C19 -> 3395912.4 | D18: =ROUNDDOWN(MIN(C18*14%,D16-D20),2) -> 39543.02 | E18: =ROUNDDOWN(MIN(C18*2%,E16-E20),2) -> 67918.24 | F18: =ROUNDDOWN(MIN(C18*8%,F16+F17-F20),2) -> 200051 | G18: =G16-G19 -> 218390.18 | H18: =H16 -> 37300 | I18: =ROUNDDOWN(MIN(I16,C18*0.05),2) -> 0 | J18: =ROUNDDOWN(MIN(J16,C18*0.05),2) -> 0 | K18: =SUM(C18:J18) -> 3959114.8 | L18: 1582001.3 | M18: =L18-C18 -> -1813911.1 | P18: =C18*0.02 -> 67918.248
A19: 14 | B19: 本期纳税调整额 | C19: =C20-C21 -> 0 | D19: =D16-D18 -> 0 | E19: =E16-E18 -> 0.01 | F19: =F16-F18 -> 0 | H19: =H16-H18 -> 0 | I19: =I16-I18 -> 0 | J19: =J16-J18 -> 0 | K19: =SUM(C19:J19) -> 0.01 | L19: =C14-C26 -> 0 | O19: =E19/0.02 -> 0.5
B20: 其中：计提未发放 | D20: =D16-D30 -> 0 | E20: =E16-E30 -> 0 | F20: =F16-F30 -> 0 | G20: =G16-G30 -> 0 | H20: =H16-H30 -> 0 | I20: =I16-I30 -> 0 | J20: =J16-J30 -> 0 | K20: =SUM(C20:J20) -> 0
B21: 减:上年预提工资本年实际发放 | O21: =O19-M18 -> 1813911.6
A22: 15 | B22: 结转至以后年度扣除额 | F22: =MAX((F16-F20)+F17-F18+N("（本期账载金额-计提数）+以前结转-本期调增数"),0) -> 0 | K22: =SUM(C22:J22) -> 0
A23: 应付职工薪酬 | B23: 期初余额 | F23: 0 | K23: =SUM(C23:J23) -> 0 | M23: 155144.02 | N23: =C23-M23 -> -155144.02
B24: 本年借方 | C24: 3200788.3 | D24: 3613.91 | E24: 62190.05 | G24: 312047.92 | K24: =SUM(C24:J24) -> 3578640.1 | N24: =M18-N23 -> -1658767.1
B25: 其中：本年发放上年金额（已在上年汇算清缴税前扣除） | K25: =SUM(C25:J25) -> 0 | O25: =N24*0.02 -> -33175.342
B26: 本年贷方 | C26: 3395912.4 | D26: =D24 -> 3613.91 | E26: 76333.65 | G26: =G24 -> 312047.92 | H26: =H24 -> 0 | I26: =I24 -> 0 | J26: =J24 -> 0 | K26: =SUM(C26:J26) -> 3787907.9 | M26: 13742166 | N26: =C26-M26 -> -10346254
B27: 期末余额 | C27: =C23-C24+C26 -> 195124.12 | D27: =D23-D24+D26 -> 0 | E27: =E23-E24+E26 -> 14143.6 | F27: =F23-F24+F26 -> 0 | G27: =G23-G24+G26 -> 0 | H27: =H23-H24+H26 -> 0 | I27: =I23-I24+I26 -> 0 | J27: =J23-J24+J26 -> 0 | K27: =SUM(C27:J27) -> 209267.72
B28: 汇算清缴期间发放额 | C28: =C27 -> 195124.12 | K28: =SUM(C28:J28) -> 195124.12 | M28: 596414.87
B29: 未通过"应付职工薪酬"发放的金额 | C29: =C14-C26 -> 0 | D29: =D16-D24+D25-D28 -> 35929.11 | E29: =E16-E24+E25-E28 -> 5728.2 | F29: =F16-F24+F25-F28 -> 200051 | G29: =G16-G24+G25-G28 -> -93657.74 | H29: =H16-H24+H25-H28 -> 37300 | I29: =I16-I24+I25-I28 -> 0 | J29: =J16-J24+J25-J28 -> 0 | K29: =SUM(C29:J29) -> 185350.57
B30: 本年实际发生额小计 | C30: =C24-C25+C28+C29 -> 3395912.4 | D30: =D24-D25+D28+D29 -> 39543.02 | E30: =E24-E25+E28+E29 -> 67918.25 | F30: =F24-F25+F28+F29 -> 200051 | G30: =G24-G25+G28+G29 -> 218390.18 | H30: =H24-H25+H28+H29 -> 37300 | I30: =I24-I25+I28+I29 -> 0 | J30: =J24-J25+J28+J29 -> 0 | K30: =SUM(C30:J30) -> 3959114.8 | M30: =C9-C20-M28 -> 1432692
A31: 期末余额中：①上年已调增预提金额 | M31: 140488.2
B32: ②汇算清缴期间发放额 | C32: =C28 -> 195124.12 | E32: =C18-C26 -> 0 | M32: =M31-C8 -> -1226317.4
A33: =C33-C19 -> 0 | B33: ③调整金额 | C33: =C27-C31-C32 -> 0 | M33: =M30+M32 -> 206374.6
A34: 三、代扣代缴个人所得税和申报工资总额执行情况
B35: 人数 | C35: 申报工资总额 | D35: 代扣代缴个人所得税税款 | F35: 备注
B36: 0 | C36: 0.00 | D36: 0.00
A37: 四、工资合理性检查
A38: 行次 | B38: 检查项目 | F38: 备注
A39: 26 | B39: 企业制订了较为规范的员工工资薪金制度；
A40: 27 | B40: 企业所制订的工资薪金制度符合行业及地区水平；
A41: 28 | B41: 企业在一定时期所发放的工资薪金相对固定，工资薪金的调整是否有序进行的；
A42: 29 | B42: 企业对实际发放的工资薪金，已依法履行了代扣代缴个人所得税义务；
A43: 30 | B43: 有关工资薪金的安排，不以减少或逃避税款为目的；
A44: 31 | B44: 国有企业经核定的工资总额相关文件。
D48: =596414.87+5000000 -> 5596414.9
D49: =C9-D48 -> -3567308

Sheet 主营业务收入
A1: =工资薪金和三项经费支出!A1 -> 新疆华政华政华瑞税务师事务所有限公司巴州分所工作底稿 | G1: 编 制： | I1: =Sheet1!F15 -> 王翠英 | J1: 日期： | K1: =Sheet1!H15 -> 46040
A2: =工资薪金和三项经费支出!A2 -> 被审核单位: 新疆通力房地产开发有限公司库尔勒二分公司 | G2: 复 核： | I2: =Sheet1!F17 -> 刘洁 | J2: 日期： | K2: =Sheet1!H17 -> 46140
A3: =工资薪金和三项经费支出!A3 -> 纳税年度: 2025年度 | G3: 索 引： | I3: S1
A4: 主营业务收入鉴证表
A5: 月份 | B5: 金额合计 | C5: 画堂春锦苑一期（商业） | D5: 画堂春锦苑一期 | E5: 画堂春锦苑二期 | J5: 毛利率 | K5: 调整后毛利率
A6: 1月 | B6: =SUM(C6:I6) -> 0 | J6: =IFERROR((B6-主营业务成本!B6)/B6,0) -> 0 | K6: =IFERROR((B6-主营业务成本!J6)/B6,0) -> 0
A7: 2月 | B7: =SUM(C7:I7) -> 0 | J7: =IFERROR((B7-主营业务成本!B7)/B7,0) -> 0 | K7: =IFERROR((B7-主营业务成本!J7)/B7,0) -> 0
A8: 3月 | B8: =SUM(C8:I8) -> 0 | J8: =IFERROR((B8-主营业务成本!B8)/B8,0) -> 0 | K8: =IFERROR((B8-主营业务成本!J8)/B8,0) -> 0
A9: 4月 | B9: =SUM(C9:I9) -> 0 | J9: =IFERROR((B9-主营业务成本!B9)/B9,0) -> 0 | K9: =IFERROR((B9-主营业务成本!J9)/B9,0) -> 0 | N9: 沁春锦苑二期项目 | O9: 沁春锦苑三期 | P9: 沁春锦苑四期 | Q9: 沁春锦苑五期 | R9: 天鹅水景 | S9: 通力华庭 | T9: 春和景苑
A10: 5月 | B10: =SUM(C10:I10) -> 0 | J10: =IFERROR((B10-主营业务成本!B10)/B10,0) -> 0 | K10: =IFERROR((B10-主营业务成本!J10)/B10,0) -> 0
A11: 6月 | B11: =SUM(C11:I11) -> 0 | J11: =IFERROR((B11-主营业务成本!B11)/B11,0) -> 0 | K11: =IFERROR((B11-主营业务成本!J11)/B11,0) -> 0
A12: 7月 | B12: =SUM(C12:I12) -> 0 | J12: =IFERROR((B12-主营业务成本!B12)/B12,0) -> 0 | K12: =IFERROR((B12-主营业务成本!J12)/B12,0) -> 0
A13: 8月 | B13: =SUM(C13:I13) -> 0 | J13: =IFERROR((B13-主营业务成本!B13)/B13,0) -> 0 | K13: =IFERROR((B13-主营业务成本!J13)/B13,0) -> 0
A14: 9月 | B14: =SUM(C14:I14) -> 0 | J14: =IFERROR((B14-主营业务成本!B14)/B14,0) -> 0 | K14: =IFERROR((B14-主营业务成本!J14)/B14,0) -> 0
A15: 10月 | B15: =SUM(C15:I15) -> 0 | J15: =IFERROR((B15-主营业务成本!B15)/B15,0) -> 0 | K15: =IFERROR((B15-主营业务成本!J15)/B15,0) -> 0
A16: 11月 | B16: =SUM(C16:I16) -> 0 | J16: =IFERROR((B16-主营业务成本!B16)/B16,0) -> 0 | K16: =IFERROR((B16-主营业务成本!J16)/B16,0) -> 0
A17: 12月 | B17: =SUM(C17:I17) -> 2.6924186e+08 | C17: =[18]Sheet1!$J$1997 -> -12257427 | D17: =[18]Sheet1!$J$1995 -> 22303974 | E17: =[18]Sheet1!$J$1998 -> 2.5919531e+08 | J17: =IFERROR((B17-主营业务成本!B17)/B17,0) -> 0.16509501 | K17: =IFERROR((B17-主营业务成本!J17)/B17,0) -> 1
A18: 合计 | B18: =SUM(C18:I18) -> 2.6924186e+08 | C18: =SUM(C6:C17) -> -12257427 | D18: =SUM(D6:D17) -> 22303974 | E18: =SUM(E6:E17) -> 2.5919531e+08 | J18: =IFERROR((B18-主营业务成本!B18)/B18,0) -> 0.16509501 | K18: =IFERROR((B18-主营业务成本!J18)/B18,0) -> 1
A19: 调整数 | B19: =N("少计收入") -> 0
A20: 审定数 | B20: =SUM(C20:I20) -> 2.6924186e+08 | C20: =C18+C19 -> -12257427 | D20: =D18+D19 -> 22303974 | E20: =E18+E19 -> 2.5919531e+08 | F20: =F18+F19 -> 0 | G20: =G18+G19 -> 0 | H20: =H18+H19 -> 0 | I20: =I18+I19 -> 0 | J20: =J18+J19 -> 0.16509501 | K20: =K18+K19 -> 1
A21: 审核标识及说明：
B23: 12151649
B25: =B17-B23 -> 2.5709021e+08 | H25: =H17-主营业务成本!H17 -> 0

Sheet 主营业务成本
A1: =主营业务收入!A1 -> 新疆华政华政华瑞税务师事务所有限公司巴州分所工作底稿 | G1: 编 制： | H1: =Sheet1!F15 -> 王翠英 | I1: 日期： | J1: =主营业务收入!K1 -> 46040
A2: =主营业务收入!A2 -> 被审核单位: 新疆通力房地产开发有限公司库尔勒二分公司 | G2: 复 核： | H2: =Sheet1!F17 -> 刘洁 | I2: 日期： | J2: =主营业务收入!K2 -> 46140
A3: =主营业务收入!A3 -> 纳税年度: 2025年度 | G3: 索 引： | H3: C1
A4: 主营业务成本鉴证表
A5: 月份 | B5: 金额合计 | C5: 画堂春锦苑一期 | D5: 画堂春锦苑二期 | E5: 沁春锦苑三期 | F5: 沁春锦苑四期、五期 | G5: 玫瑰3期 | H5: 通力华庭 | I5: 春和景苑
A6: 1月 | B6: =SUM(C6:J6) -> 0
A7: 2月 | B7: =SUM(C7:J7) -> 0
A8: 3月 | B8: =SUM(C8:J8) -> 0
A9: 4月 | B9: =SUM(C9:J9) -> 0
A10: 5月 | B10: =SUM(C10:J10) -> 0
A11: 6月 | B11: =SUM(C11:J11) -> 0
A12: 7月 | B12: =SUM(C12:J12) -> 0
A13: 8月 | B13: =SUM(C13:J13) -> 0
A14: 9月 | B14: =SUM(C14:J14) -> 0
A15: 10月 | B15: =SUM(C15:J15) -> 0
A16: 11月 | B16: =SUM(C16:J16) -> 0 | K16: 调整数
A17: 12月 | B17: =SUM(C17:J17) -> 2.2479137e+08 | C17: =[18]Sheet1!$I$2010 -> 12880647 | D17: =[18]Sheet1!$I$2011 -> 2.1191073e+08 | K17: 账面数
A18: 合计 | B18: =SUM(B6:B17) -> 2.2479137e+08 | C18: =SUM(C6:C17) -> 12880647 | D18: =SUM(D6:D17) -> 2.1191073e+08 | J18: =SUM(J6:J17) -> 0
A19: 调整数 | B19: 2686454.7
A20: 审定数 | B20: =B18+B19+N("账面成本+调整的成本") -> 2.2747783e+08 | C20: =C18+C19+N("账面成本+调整的成本") -> 12880647 | D20: =D18+D19+N("账面成本+调整的成本") -> 2.1191073e+08 | F20: =F18+F19+N("账面成本+调整的成本") -> 0 | G20: =G18+G19+N("账面成本+调整的成本") -> 0 | H20: =H18+H19+N("账面成本+调整的成本") -> 0 | I20: =I18+I19+N("账面成本+调整的成本") -> 0 | J20: =J18+J19+N("账面成本+调整的成本") -> 0
A21: 审核标识及说明：
C24: =#REF! -> #REF! | D24: =#REF!+#REF! -> #REF! | E24: =#REF!+#REF! -> #REF! | F24: =#REF! -> #REF! | I24: =#REF! -> #REF!

Sheet 主营业务成本率鉴证表
A1: =主营业务成本!A1 -> 新疆华政华政华瑞税务师事务所有限公司巴州分所工作底稿
A2: =主营业务成本!A2 -> 被审核单位: 新疆通力房地产开发有限公司库尔勒二分公司 | F2: 编 制： | G2: =Sheet1!F15 -> 王翠英 | H2: 日期： | I2: =Sheet1!H15 -> 46040
A3: =主营业务成本!A3 -> 纳税年度: 2025年度 | F3: 复 核： | G3: =Sheet1!F17 -> 刘洁 | H3: 日期： | I3: =Sheet1!H17 -> 46140
A5: 主营业务成本率鉴证表
A6: 项目 | B6: 合 计 | E6: =主营业务收入!C5 -> 画堂春锦苑一期（商业） | H6: =主营业务收入!E5 -> 画堂春锦苑二期 | K6: =主营业务成本!E5 -> 沁春锦苑三期 | N6: =主营业务收入!F5 -> 0 | Q6: =主营业务收入!G5 -> 0 | T6: =主营业务收入!I5 -> 0
A7: 月份 | B7: 收 入 | C7: 成 本 | D7: 成本率 | E7: 收 入 | F7: 成 本 | G7: 成本率 | H7: 收 入 | I7: 成 本 | J7: 成本率 | K7: 收 入 | L7: 成 本 | M7: 成本率 | N7: 收 入 | O7: 成 本 | P7: 成本率 | Q7: 收 入 | R7: 成 本 | S7: 成本率 | T7: 收 入 | U7: 成 本 | V7: 成本率
A8: 1月 | B8: =E8+H8+N8+Q8+T8 -> 0 | C8: =F8+I8+O8+R8+U8 -> 0 | D8: =IFERROR((B8-C8)/C8,0) -> 0 | E8: =主营业务收入!C6 -> 0 | F8: =主营业务成本!C6 -> 0 | G8: =IFERROR((E8-F8)/F8,0) -> 0 | H8: =主营业务收入!D6 -> 0 | I8: =主营业务成本!D6 -> 0 | J8: =IFERROR((H8-I8)/I8,0) -> 0 | K8: =主营业务收入!E6 -> 0 | L8: =主营业务成本!E6 -> 0 | N8: =主营业务收入!F6 -> 0 | O8: =主营业务成本!F6 -> 0 | P8: =IFERROR((N8-O8)/O8,0) -> 0 | Q8: =主营业务收入!G6 -> 0 | R8: =主营业务成本!G6 -> 0 | S8: =IFERROR((Q8-R8)/R8,0) -> 0 | T8: =主营业务收入!I6 -> 0 | U8: =主营业务成本!H6 -> 0 | V8: =IFERROR((T8-U8)/U8,0) -> 0
A9: 2月 | B9: =E9+H9+N9+Q9+T9 -> 0 | C9: =F9+I9+O9+R9+U9 -> 0 | D9: =IFERROR((B9-C9)/C9,0) -> 0 | E9: =主营业务收入!C7 -> 0 | F9: =主营业务成本!C7 -> 0 | G9: =IFERROR((E9-F9)/F9,0) -> 0 | H9: =主营业务收入!D7 -> 0 | I9: =主营业务成本!D7 -> 0 | J9: =IFERROR((H9-I9)/I9,0) -> 0 | K9: =主营业务收入!E7 -> 0 | L9: =主营业务成本!E7 -> 0 | N9: =主营业务收入!F7 -> 0 | O9: =主营业务成本!F7 -> 0 | P9: =IFERROR((N9-O9)/O9,0) -> 0 | Q9: =主营业务收入!G7 -> 0 | R9: =主营业务成本!G7 -> 0 | S9: =IFERROR((Q9-R9)/R9,0) -> 0 | T9: =主营业务收入!I7 -> 0 | U9: =主营业务成本!H7 -> 0 | V9: =IFERROR((T9-U9)/U9,0) -> 0
A10: 3月 | B10: =E10+H10+N10+Q10+T10 -> 0 | C10: =F10+I10+O10+R10+U10 -> 0 | D10: =IFERROR((B10-C10)/C10,0) -> 0 | E10: =主营业务收入!C8 -> 0 | F10: =主营业务成本!C8 -> 0 | G10: =IFERROR((E10-F10)/F10,0) -> 0 | H10: =主营业务收入!D8 -> 0 | I10: =主营业务成本!D8 -> 0 | J10: =IFERROR((H10-I10)/I10,0) -> 0 | K10: =主营业务收入!E8 -> 0 | L10: =主营业务成本!E8 -> 0 | N10: =主营业务收入!F8 -> 0 | O10: =主营业务成本!F8 -> 0 | P10: =IFERROR((N10-O10)/O10,0) -> 0 | Q10: =主营业务收入!G8 -> 0 | R10: =主营业务成本!G8 -> 0 | S10: =IFERROR((Q10-R10)/R10,0) -> 0 | T10: =主营业务收入!I8 -> 0 | U10: =主营业务成本!H8 -> 0 | V10: =IFERROR((T10-U10)/U10,0) -> 0
A11: 4月 | B11: =E11+H11+N11+Q11+T11 -> 0 | C11: =F11+I11+O11+R11+U11 -> 0 | D11: =IFERROR((B11-C11)/C11,0) -> 0 | E11: =主营业务收入!C9 -> 0 | F11: =主营业务成本!C9 -> 0 | G11: =IFERROR((E11-F11)/F11,0) -> 0 | H11: =主营业务收入!D9 -> 0 | I11: =主营业务成本!D9 -> 0 | J11: =IFERROR((H11-I11)/I11,0) -> 0 | K11: =主营业务收入!E9 -> 0 | L11: =主营业务成本!E9 -> 0 | N11: =主营业务收入!F9 -> 0 | O11: =主营业务成本!F9 -> 0 | P11: =IFERROR((N11-O11)/O11,0) -> 0 | Q11: =主营业务收入!G9 -> 0 | R11: =主营业务成本!G9 -> 0 | S11: =IFERROR((Q11-R11)/R11,0) -> 0 | T11: =主营业务收入!I9 -> 0 | U11: =主营业务成本!H9 -> 0 | V11: =IFERROR((T11-U11)/U11,0) -> 0
A12: 5月 | B12: =E12+H12+N12+Q12+T12 -> 0 | C12: =F12+I12+O12+R12+U12 -> 0 | D12: =IFERROR((B12-C12)/C12,0) -> 0 | E12: =主营业务收入!C10 -> 0 | F12: =主营业务成本!C10 -> 0 | G12: =IFERROR((E12-F12)/F12,0) -> 0 | H12: =主营业务收入!D10 -> 0 | I12: =主营业务成本!D10 -> 0 | J12: =IFERROR((H12-I12)/I12,0) -> 0 | K12: =主营业务收入!E10 -> 0 | L12: =主营业务成本!E10 -> 0 | N12: =主营业务收入!F10 -> 0 | O12: =主营业务成本!F10 -> 0 | P12: =IFERROR((N12-O12)/O12,0) -> 0 | Q12: =主营业务收入!G10 -> 0 | R12: =主营业务成本!G10 -> 0 | S12: =IFERROR((Q12-R12)/R12,0) -> 0 | T12: =主营业务收入!I10 -> 0 | U12: =主营业务成本!H10 -> 0 | V12: =IFERROR((T12-U12)/U12,0) -> 0
A13: 6月 | B13: =E13+H13+N13+Q13+T13 -> 0 | C13: =F13+I13+O13+R13+U13 -> 0 | D13: =IFERROR((B13-C13)/C13,0) -> 0 | E13: =主营业务收入!C11 -> 0 | F13: =主营业务成本!C11 -> 0 | G13: =IFERROR((E13-F13)/F13,0) -> 0 | H13: =主营业务收入!D11 -> 0 | I13: =主营业务成本!D11 -> 0 | J13: =IFERROR((H13-I13)/I13,0) -> 0 | K13: =主营业务收入!E11 -> 0 | L13: =主营业务成本!E11 -> 0 | N13: =主营业务收入!F11 -> 0 | O13: =主营业务成本!F11 -> 0 | P13: =IFERROR((N13-O13)/O13,0) -> 0 | Q13: =主营业务收入!G11 -> 0 | R13: =主营业务成本!G11 -> 0 | S13: =IFERROR((Q13-R13)/R13,0) -> 0 | T13: =主营业务收入!I11 -> 0 | U13: =主营业务成本!H11 -> 0 | V13: =IFERROR((T13-U13)/U13,0) -> 0
A14: 7月 | B14: =E14+H14+N14+Q14+T14 -> 0 | C14: =F14+I14+O14+R14+U14 -> 0 | D14: =IFERROR((B14-C14)/C14,0) -> 0 | E14: =主营业务收入!C12 -> 0 | F14: =主营业务成本!C12 -> 0 | G14: =IFERROR((E14-F14)/F14,0) -> 0 | H14: =主营业务收入!D12 -> 0 | I14: =主营业务成本!D12 -> 0 | J14: =IFERROR((H14-I14)/I14,0) -> 0 | K14: =主营业务收入!E12 -> 0 | L14: =主营业务成本!E12 -> 0 | N14: =主营业务收入!F12 -> 0 | O14: =主营业务成本!F12 -> 0 | P14: =IFERROR((N14-O14)/O14,0) -> 0 | Q14: =主营业务收入!G12 -> 0 | R14: =主营业务成本!G12 -> 0 | S14: =IFERROR((Q14-R14)/R14,0) -> 0 | T14: =主营业务收入!I12 -> 0 | U14: =主营业务成本!H12 -> 0 | V14: =IFERROR((T14-U14)/U14,0) -> 0
A15: 8月 | B15: =E15+H15+N15+Q15+T15 -> 0 | C15: =F15+I15+O15+R15+U15 -> 0 | D15: =IFERROR((B15-C15)/C15,0) -> 0 | E15: =主营业务收入!C13 -> 0 | F15: =主营业务成本!C13 -> 0 | G15: =IFERROR((E15-F15)/F15,0) -> 0 | H15: =主营业务收入!D13 -> 0 | I15: =主营业务成本!D13 -> 0 | J15: =IFERROR((H15-I15)/I15,0) -> 0 | K15: =主营业务收入!E13 -> 0 | L15: =主营业务成本!E13 -> 0 | N15: =主营业务收入!F13 -> 0 | O15: =主营业务成本!F13 -> 0 | P15: =IFERROR((N15-O15)/O15,0) -> 0 | Q15: =主营业务收入!G13 -> 0 | R15: =主营业务成本!G13 -> 0 | S15: =IFERROR((Q15-R15)/R15,0) -> 0 | T15: =主营业务收入!I13 -> 0 | U15: =主营业务成本!H13 -> 0 | V15: =IFERROR((T15-U15)/U15,0) -> 0
A16: 9月 | B16: =E16+H16+N16+Q16+T16 -> 0 | C16: =F16+I16+O16+R16+U16 -> 0 | D16: =IFERROR((B16-C16)/C16,0) -> 0 | E16: =主营业务收入!C14 -> 0 | F16: =主营业务成本!C14 -> 0 | G16: =IFERROR((E16-F16)/F16,0) -> 0 | H16: =主营业务收入!D14 -> 0 | I16: =主营业务成本!D14 -> 0 | J16: =IFERROR((H16-I16)/I16,0) -> 0 | K16: =主营业务收入!E14 -> 0 | L16: =主营业务成本!E14 -> 0 | N16: =主营业务收入!F14 -> 0 | O16: =主营业务成本!F14 -> 0 | P16: =IFERROR((N16-O16)/O16,0) -> 0 | Q16: =主营业务收入!G14 -> 0 | R16: =主营业务成本!G14 -> 0 | S16: =IFERROR((Q16-R16)/R16,0) -> 0 | T16: =主营业务收入!I14 -> 0 | U16: =主营业务成本!H14 -> 0 | V16: =IFERROR((T16-U16)/U16,0) -> 0
A17: 10月 | B17: =E17+H17+N17+Q17+T17 -> 0 | C17: =F17+I17+O17+R17+U17 -> 0 | D17: =IFERROR((B17-C17)/C17,0) -> 0 | E17: =主营业务收入!C15 -> 0 | F17: =主营业务成本!C15 -> 0 | G17: =IFERROR((E17-F17)/F17,0) -> 0 | H17: =主营业务收入!D15 -> 0 | I17: =主营业务成本!D15 -> 0 | J17: =IFERROR((H17-I17)/I17,0) -> 0 | K17: =主营业务收入!E15 -> 0 | L17: =主营业务成本!E15 -> 0 | N17: =主营业务收入!F15 -> 0 | O17: =主营业务成本!F15 -> 0 | P17: =IFERROR((N17-O17)/O17,0) -> 0 | Q17: =主营业务收入!G15 -> 0 | R17: =主营业务成本!G15 -> 0 | S17: =IFERROR((Q17-R17)/R17,0) -> 0 | T17: =主营业务收入!I15 -> 0 | U17: =主营业务成本!H15 -> 0 | V17: =IFERROR((T17-U17)/U17,0) -> 0
A18: 11月 | B18: =E18+H18+N18+Q18+T18 -> 0 | C18: =F18+I18+O18+R18+U18 -> 0 | D18: =IFERROR((B18-C18)/C18,0) -> 0 | E18: =主营业务收入!C16 -> 0 | F18: =主营业务成本!C16 -> 0 | G18: =IFERROR((E18-F18)/F18,0) -> 0 | H18: =主营业务收入!D16 -> 0 | I18: =主营业务成本!D16 -> 0 | J18: =IFERROR((H18-I18)/I18,0) -> 0 | K18: =主营业务收入!E16 -> 0 | L18: =主营业务成本!E16 -> 0 | N18: =主营业务收入!F16 -> 0 | O18: =主营业务成本!F16 -> 0 | P18: =IFERROR((N18-O18)/O18,0) -> 0 | Q18: =主营业务收入!G16 -> 0 | R18: =主营业务成本!G16 -> 0 | S18: =IFERROR((Q18-R18)/R18,0) -> 0 | T18: =主营业务收入!I16 -> 0 | U18: =主营业务成本!H16 -> 0 | V18: =IFERROR((T18-U18)/U18,0) -> 0
A19: 12月 | B19: =E19+H19+N19+Q19+T19+K19 -> 2.6924186e+08 | C19: =F19+I19+O19+R19+U19+L19 -> 2.2479137e+08 | D19: =IFERROR((B19-C19)/C19,0) -> 0.19774108 | E19: =主营业务收入!C17 -> -12257427 | F19: =主营业务成本!C17 -> 12880647 | G19: =IFERROR((E19-F19)/F19,0) -> -1.9516158 | H19: =主营业务收入!D17 -> 22303974 | I19: =主营业务成本!D17 -> 2.1191073e+08 | J19: =IFERROR((H19-I19)/I19,0) -> -0.89474825 | K19: =主营业务收入!E17 -> 2.5919531e+08 | L19: =主营业务成本!E17 -> 0 | M19: =IFERROR((K19-L19)/L19,0) -> 0 | N19: =主营业务收入!F17 -> 0 | O19: =主营业务成本!F17 -> 0 | P19: =IFERROR((N19-O19)/O19,0) -> 0 | Q19: =主营业务收入!G17 -> 0 | R19: =主营业务成本!G17 -> 0 | S19: =IFERROR((Q19-R19)/R19,0) -> 0 | T19: =主营业务收入!I17 -> 0 | U19: =主营业务成本!H17 -> 0 | V19: =IFERROR((T19-U19)/U19,0) -> 0
A20: 本年合计 | B20: =SUM(B8:B19) -> 2.6924186e+08 | C20: =SUM(C8:C19) -> 2.2479137e+08 | D20: =IFERROR((B20-C20)/C20,0) -> 0.19774108 | E20: =SUM(E8:E19) -> -12257427 | F20: =SUM(F8:F19) -> 12880647 | G20: =IFERROR((E20-F20)/F20,0) -> -1.9516158 | H20: =SUM(H8:H19) -> 22303974 | I20: =SUM(I8:I19) -> 2.1191073e+08 | J20: =IFERROR((H20-I20)/I20,0) -> -0.89474825 | N20: =SUM(N8:N19) -> 0 | O20: =SUM(O8:O19) -> 0 | P20: =IFERROR((N20-O20)/O20,0) -> 0 | Q20: =SUM(Q8:Q19) -> 0 | R20: =SUM(R8:R19) -> 0 | S20: =IFERROR((Q20-R20)/R20,0) -> 0 | T20: =SUM(T8:T19) -> 0 | U20: =SUM(U8:U19) -> 0 | V20: =IFERROR((T20-U20)/U20,0) -> 0
A21: 调整数 | D21: * | G21: * | J21: * | P21: * | S21: * | V21: *
A22: 鉴证数 | B22: =B20+B21 -> 2.6924186e+08 | C22: =C20+C21 -> 2.2479137e+08 | D22: =IFERROR((B22-C22)/C22,0) -> 0.19774108 | E22: =E20+E21 -> -12257427 | F22: =F20+F21 -> 12880647 | G22: =IFERROR((E22-F22)/F22,0) -> -1.9516158 | H22: =H20+H21 -> 22303974 | I22: =I20+I21 -> 2.1191073e+08 | J22: =IFERROR((H22-I22)/I22,0) -> -0.89474825 | N22: =N20+N21 -> 0 | O22: =O20+O21 -> 0 | P22: =IFERROR((N22-O22)/O22,0) -> 0 | Q22: =Q20+Q21 -> 0 | R22: =R20+R21 -> 0 | S22: =IFERROR((Q22-R22)/R22,0) -> 0 | T22: =T20+T21 -> 0 | U22: =U20+U21 -> 0 | V22: =IFERROR((T22-U22)/U22,0) -> 0
A23: 审核说明及结论

Sheet 其他业务收入、成本
A1: =主营业务成本!A1 -> 新疆华政华政华瑞税务师事务所有限公司巴州分所工作底稿 | F1: 编 制： | G1: =Sheet1!F15 -> 王翠英 | I1: 日期： | J1: =Sheet1!H15 -> 46040
A2: =主营业务成本!A2 -> 被审核单位: 新疆通力房地产开发有限公司库尔勒二分公司 | F2: 复 核： | G2: =Sheet1!F17 -> 刘洁 | I2: 日期： | J2: =Sheet1!H17 -> 46140
A3: =主营业务成本!A3 -> 纳税年度: 2025年度 | F3: 索 引： | G3: S2
A4: 其他业务收入、成本鉴证表
A5: 序号 | B5: 项 目 | C5: 其他业务收入 | G5: 其他业务成本 | K5: 备注 （税率、业务具体内容）
C6: 账面金额 | D6: 会计调整额 | F6: 鉴证确认额 | G6: 账面金额 | H6: 会计调整额 | J6: 鉴证确认额
D7: 借 | E7: 贷 | H7: 借 | I7: 贷
A8: 1 | B8: 销售材料 | F8: =C8-D8+E8 -> 0 | J8: =G8+H8-I8 -> 0
A9: 2 | B9: 其中：非货币性资产交换 | C9: 0 | F9: =C9-D9+E9 -> 0 | G9: 0 | J9: =G9+H9-I9 -> 0
A10: 3 | B10: 出租固定资产 | C10: =[18]Sheet1!$G$2000 -> -302308.15 | F10: =C10-D10+E10 -> -302308.15 | G10: 0 | J10: =G10+H10-I10 -> 0
A11: 4 | B11: 出租无形资产 | C11: 0 | F11: =C11-D11+E11 -> 0 | G11: 0 | J11: =G11+H11-I11 -> 0
A12: 5 | B12: 出租包装物和商品 | C12: 0 | F12: =C12-D12+E12 -> 0 | G12: 0 | J12: =G12+H12-I12 -> 0
A13: 6 | B13: 其他 | C13: =[18]Sheet1!$G$2001 -> 1268935.4 | D13: =SUM(D14:D18) -> 0 | E13: =SUM(E14:E18) -> 0 | F13: =C13-D13+E13 -> 1268935.4 | G13: =SUM(G14:G18) -> 0 | H13: =SUM(H14:H18) -> 0 | I13: =SUM(I14:I18) -> 0 | J13: =G13+H13-I13 -> 0
B14: 其中： | F14: =C14-D14+E14 -> 0 | J14: =G14+H14-I14 -> 0
B15: 车位 | F15: =C15-D15+E15 -> 0 | J15: =G15+H15-I15 -> 0
B16: 储藏室 | C16: =[18]Sheet1!$G$2002 -> 1268096.3 | F16: =C16-D16+E16 -> 1268096.3 | J16: =G16+H16-I16 -> 0
B17: 4期机械式停车设备款 | F17: =C17-D17+E17 -> 0 | J17: =G17+H17-I17 -> 0
B18: 代收水费 | F18: =C18-D18+E18 -> 0 | J18: =G18+H18-I18 -> 0
B19: 税金 | C19: =[18]Sheet1!$G$2003 -> 839.05
A20: 合计 | C20: =SUM(C8:C13) -> 966627.23 | D20: =SUM(D8:D13) -> 0 | E20: =SUM(E8:E13) -> 0 | F20: =SUM(F8:F13) -> 966627.23 | G20: =SUM(G8:G13) -> 0 | H20: =SUM(H8:H13) -> 0 | I20: =SUM(I8:I13) -> 0 | J20: =SUM(J8:J13) -> 0
A21: 审核标识及说明：

Sheet 营业外收入鉴证表
A1: =其他业务收入、成本!A1 -> 新疆华政华政华瑞税务师事务所有限公司巴州分所工作底稿 | D1: 编 制： | E1: =Sheet1!F15 -> 王翠英 | F1: 日期： | G1: =Sheet1!H15 -> 46040
A2: =其他业务收入、成本!A2 -> 被审核单位: 新疆通力房地产开发有限公司库尔勒二分公司 | D2: 复 核： | E2: =Sheet1!F17 -> 刘洁 | F2: 日期： | G2: =Sheet1!H17 -> 46140
A3: =其他业务收入、成本!A3 -> 纳税年度: 2025年度 | D3: 索 引： | E3: S10
A4: 营业外收入鉴证表
A5: 序号 | B5: 项 目 | C5: 账面金额 | D5: 会计调整额 | F5: 鉴证确认额 | G5: 备注
D6: 借方 | E6: 贷方
A7: 1 | B7: 非流动资产处置利得 | F7: =C7-D7+E7 -> 0
A8: 2 | B8: 非货币性资产交换利得 | C8: 0 | F8: =C8-D8+E8 -> 0
A9: 3 | B9: 债务重组利得 | C9: 0 | F9: =C9-D9+E9 -> 0
A10: 4 | B10: 政府补助利得 | F10: =C10-D10+E10 -> 0
A11: 5 | B11: 盘盈利得 | F11: =C11-D11+E11 -> 0
A12: 6 | B12: 捐赠利得 | C12: 0 | F12: =C12-D12+E12 -> 0
A13: 7 | B13: 罚没利得 | F13: =C13-D13+E13 -> 0
A14: 8 | B14: 确实无法偿付的应付款项 | F14: =C14-D14+E14 -> 0
A15: 9 | B15: 汇兑收益 | F15: =C15-D15+E15 -> 0
B16: 其他 | C16: =C17+C18+C19+C22+C20+C21 -> 11014.59 | D16: =SUM(D17:D22) -> 0 | E16: =SUM(E17:E22) -> 0 | F16: =C16-D16+E16 -> 11014.59
B17: 其中：个税手续费 | F17: =C17-D17+E17 -> 0
B18: 质保金扣除 | F18: =C18-D18+E18 -> 0
B19: 退还失业金 | F19: =C19-D19+E19 -> 0
B20: 违约金 | C20: =[18]Sheet1!$G$2005 -> 9000
B21: 社保局返还失业津贴 | C21: 2014.56
B22: 其他 | C22: 0.03 | F22: =C22-D22+E22 -> 0.03
A23: 合 计 | C23: =SUM(C7:C16) -> 11014.59 | D23: =SUM(D7:D16) -> 0 | E23: =SUM(E7:E16) -> 0 | F23: =SUM(F7:F16) -> 11014.59
A24: 审核标识及说明：

Sheet 营业外支出
A1: =其他业务收入、成本!A1 -> 新疆华政华政华瑞税务师事务所有限公司巴州分所工作底稿 | D1: 编 制： | E1: =Sheet1!F15 -> 王翠英 | F1: 日期： | G1: =Sheet1!H15 -> 46040
A2: =其他业务收入、成本!A2 -> 被审核单位: 新疆通力房地产开发有限公司库尔勒二分公司 | D2: 复 核： | E2: =Sheet1!F17 -> 刘洁 | F2: 日期： | G2: =Sheet1!H17 -> 46140
A3: =其他业务收入、成本!A3 -> 纳税年度: 2025年度 | D3: 索 引： | E3: C10
A4: 营业外支出鉴证表
A5: 序号 | B5: 项 目 | C5: 账面金额 | D5: 会计调整额 | F5: 鉴证确认额 | G5: 备注
D6: 借方 | E6: 贷方
A7: 1 | B7: 非流动资产处置损失 | F7: =C7+D7-E7 -> 0
A8: 2 | B8: 非货币性资产交换损失 | C8: 0 | F8: =C8+D8-E8 -> 0
A9: 3 | B9: 债务重组损失 | C9: 0 | F9: =C9+D9-E9 -> 0
A10: 4 | B10: 非常损失 | F10: =C10+D10-E10 -> 0
A11: 5 | B11: 捐赠支出 | F11: =C11+D11-E11 -> 0
A12: 6 | B12: 赞助支出 | F12: =C12+D12-E12 -> 0
A13: 7 | B13: 罚没支出（含滞纳金） | F13: =C13+D13-E13 -> 0
A14: 8 | B14: 坏账损失 | F14: =C14+D14-E14 -> 0
A15: 9 | B15: 无法收回的债券股权投资损失 | F15: =C15+D15-E15 -> 0
A16: 10 | B16: 其他 | C16: =[18]Sheet1!$G$2068 -> 11221.12 | D16: =SUM(D17:D19) -> 0 | E16: =SUM(E17:E19) -> 0 | F16: =C16+D16-E16 -> 11221.12
B17: 其中：社保滞纳金 | F17: =C17+D17-E17 -> 0
B18: 个人应承担社保 | F18: =C18+D18-E18 -> 0
B19: 非公益性捐赠 | F19: =C19+D19-E19 -> 0
A20: 合计 | C20: =SUM(C7:C16) -> 11221.12 | D20: =SUM(D7:D16) -> 0 | E20: =SUM(E7:E16) -> 0 | F20: =SUM(F7:F16) -> 11221.12
A21: 审核标识及说明：

Sheet 税金及附加
A1: =其他业务收入、成本!A1 -> 新疆华政华政华瑞税务师事务所有限公司巴州分所工作底稿 | F1: 编 制： | G1: =Sheet1!F15 -> 王翠英 | H1: 日期： | I1: =营业外支出!G1 -> 46040
A2: =其他业务收入、成本!A2 -> 被审核单位: 新疆通力房地产开发有限公司库尔勒二分公司 | F2: 复 核： | G2: =Sheet1!F17 -> 刘洁 | H2: 日期： | I2: =营业外支出!G2 -> 46140
A3: =其他业务收入、成本!A3 -> 纳税年度: 2025年度 | F3: 索 引： | G3: C11
A4: 税金及附加鉴证表
A5: 序号 | B5: 适用税种及附加 | C5: 计税依据 | D5: 适用税率或征收率 | E5: 应计提税金或附加 | I5: 备注
E6: 账面金额 | F6: 会计调整额 | H6: 鉴证确认额 | I6: 依据收入应确认的税金
F7: 借方 | G7: 贷方
A8: 1 | B8: 营业税 | H8: =E8+F8-G8 -> 0
A9: 2 | B9: 城市维护建设税 | D9: 0.07 | E9: 620194.99 | H9: =E9+F9-G9 -> 620194.99 | I9: =C9*D9 -> 0
A10: 3 | B10: 教育费附加 | D10: 0.03 | E10: 265797.85 | H10: =E10+F10-G10 -> 265797.85 | I10: =C10*D10 -> 0
A11: 4 | B11: 地方教育费附加 | D11: 0.02 | E11: 177198.59 | H11: =E11+F11-G11 -> 177198.59 | I11: =C11*D11 -> 0
A12: 5 | B12: 土地增值税 | E12: 2608419.6 | H12: =E12+F12-G12 -> 2608419.6 | I12: =H12 -> 2608419.6
A13: 6 | B13: 资源税 | E13: 0 | H13: =E13+F13-G13 -> 0 | I13: =H13 -> 0
A14: 7 | B14: 土地使用税 | E14: 363614.46 | H14: =E14+F14-G14 -> 363614.46 | I14: =H14 -> 363614.46
A15: 8 | B15: 房产税 | E15: 104373.3 | H15: =E15+F15-G15 -> 104373.3 | I15: =H15 -> 104373.3
A16: 9 | B16: 印花税 | E16: 111191.35 | H16: =E16+F16-G16 -> 111191.35 | I16: =H16 -> 111191.35
A17: 10 | B17: 契税 | E17: 0 | H17: =E17+F17-G17 -> 0
A18: 合计 | E18: =SUM(E8:E17) -> 4250790.2 | F18: =SUM(F8:F17) -> 0 | G18: =SUM(G8:G17) -> 0 | H18: =SUM(H8:H17) -> 4250790.2 | I18: =SUM(I8:I17) -> 3187598.8
A19: 审核标识及说明：

Sheet 销售费用
A1: =其他业务收入、成本!A1 -> 新疆华政华政华瑞税务师事务所有限公司巴州分所工作底稿 | D1: 编 制： | E1: =Sheet1!F15 -> 王翠英 | F1: 日期： | G1: =税金及附加!I1 -> 46040
A2: =其他业务收入、成本!A2 -> 被审核单位: 新疆通力房地产开发有限公司库尔勒二分公司 | D2: 复 核： | E2: =Sheet1!F17 -> 刘洁 | F2: 日期： | G2: =税金及附加!I2 -> 46140
A3: =其他业务收入、成本!A3 -> 纳税年度: 2025年度 | D3: 索 引： | E3: C12
A4: 销售（营业）费用鉴证表
A5: 序号 | B5: 项 目 | C5: 账面金额 | D5: 会计调整额 | F5: 鉴证确认额 | G5: 比例
D6: 借方 | E6: 贷方
A7: 1 | B7: 一、职工薪酬 | C7: =C8+C9+C10+C11+C12+C13+C14+C15 -> 1513669.8 | D7: =D8+D9+D10+D11+D12+D13+D14+D15 -> 0 | E7: =E8+E9+E10+E11+E12+E13+E14+E15 -> 0 | F7: =C7+D7-E7 -> 1513669.8 | G7: =IFERROR(C7/$C$56,0) -> 0.28933843
A8: 2 | B8: 工资薪金支出 | C8: 1366805.6 | F8: =C8+D8-E8 -> 1366805.6 | G8: =IFERROR(C8/$C$56,0) -> 0.26126529 | J8: 140488.2 | K8: =J8-F8 -> -1226317.4
A9: 3 | B9: 职工福利费支出 | C9: 5600 | F9: =C9+D9-E9 -> 5600 | G9: =IFERROR(C9/$C$56,0) -> 0.0010704416
A10: 4 | B10: 职工教育经费支出 | F10: =C10+D10-E10 -> 0 | G10: =IFERROR(C10/$C$56,0) -> 0
A11: 5 | B11: 工会经费支出 | F11: =C11+D11-E11 -> 0 | G11: =IFERROR(C11/$C$56,0) -> 0
A12: 6 | B12: 住房公积金 | F12: =C12+D12-E12 -> 0 | G12: =IFERROR(C12/$C$56,0) -> 0
A13: 7 | B13: 各类基本社会保障性缴款 | C13: 141264.25 | F13: =C13+D13-E13 -> 141264.25 | G13: =IFERROR(C13/$C$56,0) -> 0.027002703
A14: 8 | B14: 补充养老保险 | F14: =C14+D14-E14 -> 0 | G14: =IFERROR(C14/$C$56,0) -> 0
A15: 9 | B15: 补充医疗保险 | C15: 0 | F15: =C15+D15-E15 -> 0 | G15: =IFERROR(C15/$C$56,0) -> 0
A16: 10 | B16: 二、劳务费 | F16: =C16+D16-E16 -> 0 | G16: =IFERROR(C16/$C$56,0) -> 0
A17: 11 | B17: 三、咨询顾问费 | F17: =C17+D17-E17 -> 0 | G17: =IFERROR(C17/$C$56,0) -> 0
A18: 12 | B18: 四、业务招待费 | C18: 68214.7 | F18: =C18+D18-E18 -> 68214.7 | G18: =IFERROR(C18/$C$56,0) -> 0.01303926
A19: 13 | B19: 五、广告费和业务宣传费 | C19: 963921.59 | F19: =C19+D19-E19 -> 963921.59 | G19: =IFERROR(C19/$C$56,0) -> 0.1842539
A20: 14 | B20: 六、佣金和手续费 | C20: =2652989.16-811775.23-35608 -> 1805605.9 | F20: =C20+D20-E20 -> 1805605.9 | G20: =IFERROR(C20/$C$56,0) -> 0.34514211
A21: 15 | B21: 七、资产折旧摊销费 | C21: =SUM(C22:C25) -> 0 | F21: =C21+D21-E21 -> 0 | G21: =IFERROR(C21/$C$56,0) -> 0
A22: 16 | B22: 固定资产折旧 | F22: =C22+D22-E22 -> 0 | G22: =IFERROR(C22/$C$56,0) -> 0
A23: 17 | B23: 生产性生物资产折旧 | F23: =C23+D23-E23 -> 0 | G23: =IFERROR(C23/$C$56,0) -> 0
A24: 18 | B24: 无形资产摊销 | F24: =C24+D24-E24 -> 0 | G24: =IFERROR(C24/$C$56,0) -> 0
A25: 19 | B25: 长期待摊费用的摊销 | F25: =C25+D25-E25 -> 0 | G25: =IFERROR(C25/$C$56,0) -> 0
A26: 20 | B26: 八、财产损耗、盘亏及毁损损失 | F26: =C26+D26-E26 -> 0 | G26: =IFERROR(C26/$C$56,0) -> 0
A27: 21 | B27: 九、办公费 | C27: 41704.36 | F27: =C27+D27-E27 -> 41704.36 | G27: =IFERROR(C27/$C$56,0) -> 0.0079718007
A28: 22 | B28: 十、董事会费 | F28: =C28+D28-E28 -> 0 | G28: =IFERROR(C28/$C$56,0) -> 0
A29: 23 | B29: 十一、租赁费 | C29: 35608 | F29: =C29+D29-E29 -> 35608 | G29: =IFERROR(C29/$C$56,0) -> 0.0068064797
A30: 24 | B30: 十二、诉讼费 | F30: =C30+D30-E30 -> 0 | G30: =IFERROR(C30/$C$56,0) -> 0
A31: 25 | B31: 十三、差旅费 | F31: =C31+D31-E31 -> 0 | G31: =IFERROR(C31/$C$56,0) -> 0
A32: 26 | B32: 十四、保险费 | F32: =C32+D32-E32 -> 0 | G32: =IFERROR(C32/$C$56,0) -> 0
A33: 27 | B33: 十五、运输、仓储费 | F33: =C33+D33-E33 -> 0 | G33: =IFERROR(C33/$C$56,0) -> 0
A34: 28 | B34: 十六、修理费 | F34: =C34+D34-E34 -> 0 | G34: =IFERROR(C34/$C$56,0) -> 0
A35: 29 | B35: 十七、包装费 | F35: =C35+D35-E35 -> 0 | G35: =IFERROR(C35/$C$56,0) -> 0
A36: 30 | B36: 十八、技术转让费 | F36: =C36+D36-E36 -> 0 | G36: =IFERROR(C36/$C$56,0) -> 0
A37: 31 | B37: 十九、研究费用 | F37: =C37+D37-E37 -> 0 | G37: =IFERROR(C37/$C$56,0) -> 0
A38: 32 | B38: 二十、各项税费 | C38: =C39+C40+C41+C42 -> 0 | F38: =C38+D38-E38 -> 0 | G38: =IFERROR(C38/$C$56,0) -> 0
A39: 33 | B39: 房产税 | F39: =C39+D39-E39 -> 0 | G39: =IFERROR(C39/$C$56,0) -> 0
A40: 34 | B40: 城镇土地使用税 | F40: =C40+D40-E40 -> 0 | G40: =IFERROR(C40/$C$56,0) -> 0
A41: 35 | B41: 印花税 | F41: =C41+D41-E41 -> 0 | G41: =IFERROR(C41/$C$56,0) -> 0
A42: 36 | B42: 车船税 | F42: =C42+D42-E42 -> 0 | G42: =IFERROR(C42/$C$56,0) -> 0
A43: 37 | B43: 二十四、党组织工作经费 | F43: =C43+D43-E43 -> 0 | G43: =IFERROR(C43/$C$56,0) -> 0
A44: 38 | B44: 二十五、其他 | C44: =SUM(C45:C55) -> 802761.14 | E44: =D56 -> 0 | F44: =C44+D44-E44 -> 802761.14 | G44: =IFERROR(C44/$C$56,0) -> 0.15344803
B45: 水电费 | C45: 104917.31
B46: 其他 | C46: 3168
B47: 团队活动费 | C47: 2335
B48: 样板间费用 | C48: 70300.6
B49: 销售佣金 | F49: =C49+D49-E49 -> 0 | G49: =IFERROR(C49/$C$56,0) -> 0
B50: 案场服务费 | F50: =C50+D50-E50 -> 0 | G50: =IFERROR(C50/$C$56,0) -> 0
B51: 物业服务费 | C51: 622040.23 | F51: =C51+D51-E51 -> 622040.23 | G51: =IFERROR(C51/$C$56,0) -> 0.11890317
B52: 其他费用 | F52: =C52+D52-E52 -> 0 | G52: =IFERROR(C52/$C$56,0) -> 0
B53: 促销服务费 | F53: =C53+D53-E53 -> 0 | G53: =IFERROR(C53/$C$56,0) -> 0
B54: 售楼部费用 | F54: =C54+D54-E54 -> 0 | G54: =IFERROR(C54/$C$56,0) -> 0
B55: 工资调整 | F55: =C55+D55-E55 -> 0 | G55: =IFERROR(C55/$C$56,0) -> 0
A56: 39 | B56: 合计 | C56: =C7+C16+C17+C18+C19+C20+C21+C26+C27+C28+C29+C30+C31+C32+C33+C34+C35+C36+C37+C38+C43+C44 -> 5231485.5 | D56: =D7+D16+D17+D18+D19+D20+D21+D26+D27+D28+D29+D30+D31+D32+D33+D34+D35+D36+D37+D38+D44 -> 0 | E56: =E7+E16+E17+E18+E19+E20+E21+E26+E27+E28+E29+E30+E31+E32+E33+E34+E35+E36+E37+E38+E44 -> 0 | F56: =C56+D56-E56 -> 5231485.5 | G56: =G7+G16+G17+G18+G19+G20+G21+G26+G27+G28+G29+G30+G31+G32+G33+G34+G35+G36+G37+G38+G43+G44 -> 1 | H56: =C56-F56 -> 0
A57: 审核标识及说明：
C59: 5231485.5
C61: =C56-C59 -> 0

Sheet 管理费用
A1: =其他业务收入、成本!A1 -> 新疆华政华政华瑞税务师事务所有限公司巴州分所工作底稿 | D1: 编 制： | E1: =Sheet1!F15 -> 王翠英 | F1: 日期： | G1: =税金及附加!I1 -> 46040
A2: =其他业务收入、成本!A2 -> 被审核单位: 新疆通力房地产开发有限公司库尔勒二分公司 | D2: 复 核： | E2: =Sheet1!F17 -> 刘洁 | F2: 日期： | G2: =税金及附加!I2 -> 46140
A3: =其他业务收入、成本!A3 -> 纳税年度: 2025年度 | D3: 索 引： | E3: C13
A4: 管理费用鉴证表
A5: 序号 | B5: 项 目 | C5: 账面金额 | D5: 会计调整额 | F5: 鉴证确认额 | G5: 比例
D6: 借方 | E6: 贷方
A7: 1 | B7: 一、职工薪酬 | C7: =SUM(C8:C15) -> 2433578 | D7: =SUM(D8:D15) -> 11867.02 | E7: =SUM(E8:E15) -> 0 | F7: =C7+D7-E7 -> 2445445 | G7: =IFERROR(C7/$C$72,0) -> 0.9034146
A8: 2 | B8: 工资薪金支出 | C8: =1773976.28+255130.55 -> 2029106.8 | D8: =SUMIF(凭证检查表!H7:H5005,调整事项!B15,凭证检查表!G7:G5005) -> 0 | F8: =C8+D8-E8 -> 2029106.8 | G8: =IFERROR(C8/$C$72,0) -> 0.75326319 | I8: 596414.87 | J8: =I8-C8 -> -1432692
A9: 3 | B9: 职工福利费支出 | C9: 22076 | D9: =SUMIF(凭证检查表!H7:H5005,调整事项!B16,凭证检查表!G7:G5005) -> 11867.02 | F9: =C9+D9-E9 -> 33943.02 | G9: =IFERROR(C9/$C$72,0) -> 0.0081952502
A10: 4 | B10: 职工教育经费支出 | C10: 200051 | D10: =SUMIF(凭证检查表!H7:H5005,调整事项!B17,凭证检查表!G7:G5005) -> 0 | F10: =C10+D10-E10 -> 200051 | G10: =IFERROR(C10/$C$72,0) -> 0.074264722
A11: 5 | B11: 工会经费支出 | C11: =76333.65-8415.4 -> 67918.25 | D11: =SUMIF(凭证检查表!H7:H5005,调整事项!B18,凭证检查表!G7:G5005) -> 0 | F11: =C11+D11-E11 -> 67918.25 | G11: =IFERROR(C11/$C$72,0) -> 0.02521322
A12: 6 | B12: 住房公积金 | C12: 37300 | D12: =SUMIF(凭证检查表!H7:H5005,调整事项!B21,凭证检查表!G7:G5005) -> 0 | F12: =C12+D12-E12 -> 37300 | G12: =IFERROR(C12/$C$72,0) -> 0.01384684
A13: 7 | B13: 各类基本社会保障性缴款 | C13: 77125.93 | D13: =SUMIF(凭证检查表!H7:H5005,调整事项!B20,凭证检查表!G7:G5005) -> 0 | F13: =C13+D13-E13 -> 77125.93 | G13: =IFERROR(C13/$C$72,0) -> 0.028631378
A14: 8 | B14: 补充养老保险 | D14: =SUMIF(凭证检查表!H7:H5005,调整事项!B22,凭证检查表!G7:G5005) -> 0 | F14: =C14+D14-E14 -> 0 | G14: =IFERROR(C14/$C$72,0) -> 0
A15: 9 | B15: 补充医疗保险 | D15: =SUMIF(凭证检查表!H7:H5005,调整事项!B23,凭证检查表!G7:G5005) -> 0 | F15: =C15+D15-E15 -> 0 | G15: =IFERROR(C15/$C$72,0) -> 0
A16: 10 | B16: 二、劳务费 | F16: =C16+D16-E16 -> 0 | G16: =IFERROR(C16/$C$72,0) -> 0
A17: 11 | B17: 三、咨询顾问费 | C17: =39603.96+12735.85 -> 52339.81 | F17: =C17+D17-E17 -> 52339.81 | G17: =IFERROR(C17/$C$72,0) -> 0.019430052
A18: 12 | B18: 四、业务招待费 | C18: 5554 | D18: =SUMIF(凭证检查表!H7:H5005,调整事项!B24,凭证检查表!G7:G5005) -> 29137.22 | F18: =C18+D18-E18 -> 34691.22 | G18: =IFERROR(C18/$C$72,0) -> 0.0020618056
A19: 13 | B19: 五、广告费和业务宣传费 | F19: =C19+D19-E19 -> 0 | G19: =IFERROR(C19/$C$72,0) -> 0
A20: 14 | B20: 六、佣金和手续费 | F20: =C20+D20-E20 -> 0 | G20: =IFERROR(C20/$C$72,0) -> 0
A21: 15 | B21: 七、资产折旧摊销费 | C21: =SUM(C22:C25) -> 6467.36 | D21: =SUM(D22:D25) -> 0 | E21: =SUM(E22:E25) -> 0 | F21: =C21+D21-E21 -> 6467.36 | G21: =IFERROR(C21/$C$72,0) -> 0.0024008712
A22: 16 | B22: 固定资产折旧 | C22: 6467.36 | F22: =C22+D22-E22 -> 6467.36 | G22: =IFERROR(C22/$C$72,0) -> 0.0024008712
A23: 17 | B23: 生产性生物资产折旧 | F23: =C23+D23-E23 -> 0 | G23: =IFERROR(C23/$C$72,0) -> 0
A24: 18 | B24: 无形资产摊销 | F24: =C24+D24-E24 -> 0 | G24: =IFERROR(C24/$C$72,0) -> 0
A25: 19 | B25: 长期待摊费用的摊销 | F25: =C25+D25-E25 -> 0 | G25: =IFERROR(C25/$C$72,0) -> 0
A26: 20 | B26: 八、财产损耗、盘亏及毁损损失 | F26: =C26+D26-E26 -> 0 | G26: =IFERROR(C26/$C$72,0) -> 0
A27: 21 | B27: 九、办公费 | C27: 35442.21 | F27: =C27+D27-E27 -> 35442.21 | G27: =IFERROR(C27/$C$72,0) -> 0.013157174
A28: 22 | B28: 十、董事会费 | F28: =C28+D28-E28 -> 0 | G28: =IFERROR(C28/$C$72,0) -> 0
A29: 23 | B29: 十一、租赁费 | F29: =C29+D29-E29 -> 0 | G29: =IFERROR(C29/$C$72,0) -> 0
A30: 24 | B30: 十二、诉讼费 | F30: =C30+D30-E30 -> 0 | G30: =IFERROR(C30/$C$72,0) -> 0
A31: 25 | B31: 十三、差旅费 | C31: 22648.74 | F31: =C31+D31-E31 -> 22648.74 | G31: =IFERROR(C31/$C$72,0) -> 0.0084078678
A32: 26 | B32: 十四、保险费 | F32: =C32+D32-E32 -> 0 | G32: =IFERROR(C32/$C$72,0) -> 0
A33: 27 | B33: 十五、运输、仓储费 | F33: =C33+D33-E33 -> 0 | G33: =IFERROR(C33/$C$72,0) -> 0
A34: 28 | B34: 十六、修理费 | C34: 3900 | F34: =C34+D34-E34 -> 3900 | G34: =IFERROR(C34/$C$72,0) -> 0.0014477929
A35: 29 | B35: 十七、包装费 | F35: =C35+D35-E35 -> 0 | G35: =IFERROR(C35/$C$72,0) -> 0
A36: 30 | B36: 十八、技术转让费 | F36: =C36+D36-E36 -> 0 | G36: =IFERROR(C36/$C$72,0) -> 0
A37: 31 | B37: 十九、研究费用 | F37: =C37+D37-E37 -> 0 | G37: =IFERROR(C37/$C$72,0) -> 0
A38: 32 | B38: 二十、各项税费 | C38: =SUM(C39:C43) -> 0 | F38: =C38+D38-E38 -> 0 | G38: =IFERROR(C38/$C$72,0) -> 0
A39: 34 | B39: 残疾人保障金 | F39: =C39+D39-E39 -> 0 | G39: =IFERROR(C39/$C$72,0) -> 0
A40: 33 | B40: 房产税 | F40: =C40+D40-E40 -> 0 | G40: =IFERROR(C40/$C$72,0) -> 0
A41: 34 | B41: 城镇土地使用税 | F41: =C41+D41-E41 -> 0 | G41: =IFERROR(C41/$C$72,0) -> 0
A42: 35 | B42: 印花税 | F42: =C42+D42-E42 -> 0 | G42: =IFERROR(C42/$C$72,0) -> 0
A43: 36 | B43: 车船税 | F43: =C43+D43-E43 -> 0 | G43: =IFERROR(C43/$C$72,0) -> 0
A44: 33 | F44: =C44+D44-E44 -> 0 | G44: =IFERROR(C44/$C$72,0) -> 0
A45: 37 | B45: 二十四、党组织工作经费 | F45: =C45+D45-E45 -> 0 | G45: =IFERROR(C45/$C$72,0) -> 0
A46: 38 | B46: 二十五、其他 | C46: =SUM(C47:C71) -> 133825.34 | E46: =D72 -> 41004.24 | F46: =C46+D46-E46 -> 92821.1 | G46: =IFERROR(C46/$C$72,0) -> 0.04967984 | H46: =C72-F72 -> 0
A47: 39 | B47: 水电费 | F47: =C47+D47-E47 -> 0 | G47: =IFERROR(C47/$C$72,0) -> 0
A48: 40 | B48: 车辆使用费 | F48: =C48+D48-E48 -> 0 | G48: =IFERROR(C48/$C$72,0) -> 0
A49: 41 | B49: 服务费 | C49: 497.52 | F49: =C49+D49-E49 -> 497.52 | G49: =IFERROR(C49/$C$72,0) -> 0.00018469382
A50: 42 | B50: 车船燃料费 | C50: 1366 | F50: =C50+D50-E50 -> 1366 | G50: =IFERROR(C50/$C$72,0) -> 0.00050709874
A51: 43 | B51: 其他现场经费 | F51: =C51+D51-E51 -> 0 | G51: =IFERROR(C51/$C$72,0) -> 0
A52: 44 | B52: 物业管理费 | F52: =C52+D52-E52 -> 0 | G52: =IFERROR(C52/$C$72,0) -> 0
A53: 45 | B53: 车辆费用 | C53: 4224 | F53: =C53+D53-E53 -> 4224 | G53: =IFERROR(C53/$C$72,0) -> 0.0015680711
A54: 46 | B54: 安全防卫费 | F54: =C54+D54-E54 -> 0 | G54: =IFERROR(C54/$C$72,0) -> 0
A55: 47 | B55: 检测费 | F55: =C55+D55-E55 -> 0 | G55: =IFERROR(C55/$C$72,0) -> 0
A56: 48 | B56: 取暖降温费 | F56: =C56+D56-E56 -> 0 | G56: =IFERROR(C56/$C$72,0) -> 0
A57: 49 | B57: 交通费 | C57: 320 | F57: =C57+D57-E57 -> 320 | G57: =IFERROR(C57/$C$72,0) -> 0.00011879326
A58: 50 | B58: 电话费 | F58: =C58+D58-E58 -> 0 | G58: =IFERROR(C58/$C$72,0) -> 0
A59: 51 | B59: 维保费 | F59: =C59+D59-E59 -> 0 | G59: =IFERROR(C59/$C$72,0) -> 0
A60: 52 | B60: 咨询费 | F60: =C60+D60-E60 -> 0 | G60: =IFERROR(C60/$C$72,0) -> 0
A61: 53 | B61: 诉讼费 | F61: =C61+D61-E61 -> 0 | G61: =IFERROR(C61/$C$72,0) -> 0
A62: 54 | B62: 其他费用 | F62: =C62+D62-E62 -> 0 | G62: =IFERROR(C62/$C$72,0) -> 0
B63: 其他费用 | F63: =C63+D63-E63 -> 0 | G63: =IFERROR(C63/$C$72,0) -> 0
B64: 培训费 | F64: =C64+D64-E64 -> 0 | G64: =IFERROR(C64/$C$72,0) -> 0
B65: 邮寄费 | C65: 1807.5 | F65: =C65+D65-E65 -> 1807.5 | G65: =IFERROR(C65/$C$72,0) -> 0.00067099632
B66: 业务费 | C66: 117064.92 | F66: =C66+D66-E66 -> 117064.92 | G66: =IFERROR(C66/$C$72,0) -> 0.043457887
B67: 过路费 | C67: 130 | F67: =C67+D67-E67 -> 130 | G67: =IFERROR(C67/$C$72,0) -> 4.8259763e-05
B68: 2025年1月缴纳2024年12月工会经费 | C68: 8415.4 | F68: =C68+D68-E68 -> 8415.4 | G68: =IFERROR(C68/$C$72,0) -> 0.0031240401
F69: =C69+D69-E69 -> 0 | G69: =IFERROR(C69/$C$72,0) -> 0
F70: =C70+D70-E70 -> 0 | G70: =IFERROR(C70/$C$72,0) -> 0
A71: 48 | F71: =C71+D71-E71 -> 0 | G71: =IFERROR(C71/$C$72,0) -> 0
A72: 49 | B72: 合计 | C72: =C7+C16+C17+C18+C19+C20+C21+C26+C27+C28+C29+C30+C31+C32+C33+C34+C35+C36+C37+C38+C45+C46 -> 2693755.5 | D72: =D7+D16+D17+D18+D19+D20+D21+D26+D27+D28+D29+D30+D31+D32+D33+D34+D35+D36+D37+D38+D45+D46 -> 41004.24 | E72: =E7+E16+E17+E18+E19+E20+E21+E26+E27+E28+E29+E30+E31+E32+E33+E34+E35+E36+E37+E38+E45+E46 -> 41004.24 | F72: =F7+F16+F17+F18+F19+F20+F21+F26+F27+F28+F29+F30+F31+F32+F33+F34+F35+F36+F37+F38+F45+F46 -> 2693755.5 | G72: =G7+G16+G17+G18+G19+G20+G21+G26+G27+G28+G29+G30+G31+G32+G33+G34+G35+G36+G37+G38+G45+G46 -> 1
A73: 审核标识及说明：
C75: 2693755.5
C77: =C72-C75 -> 0

Sheet 财务费用
A1: =其他业务收入、成本!A1 -> 新疆华政华政华瑞税务师事务所有限公司巴州分所工作底稿 | D1: 编 制： | E1: =Sheet1!F15 -> 王翠英 | F1: 日期： | G1: =税金及附加!I1 -> 46040
A2: =其他业务收入、成本!A2 -> 被审核单位: 新疆通力房地产开发有限公司库尔勒二分公司 | D2: 复 核： | E2: =Sheet1!F17 -> 刘洁 | F2: 日期： | G2: =税金及附加!I2 -> 46140
A3: =其他业务收入、成本!A3 -> 纳税年度: 2025年度 | D3: 索 引： | E3: C15
A4: 财务费用鉴证表
A5: 序号 | B5: 项 目 | C5: 账面金额 | D5: 会计调整额 | F5: 鉴证确认额 | G5: 备注
D6: 借方 | E6: 贷方
A7: 1 | B7: 利息收入 | C7: -458836.49 | F7: =C7+D7-E7 -> -458836.49
A8: 2 | B8: 利息支出 | C8: 1320619 | F8: =C8+D8-E8 -> 1320619
A9: 3 | B9: 汇兑损益 | F9: =C9+D9-E9 -> 0
A10: 4 | B10: 现金折扣 | F10: =C10+D10-E10 -> 0
A11: 5 | B11: 其他（金融机构手续费） | C11: 4305 | F11: =C11+D11-E11 -> 4305
A12: 6 | B12: 其他（与未实现融资收益相关在当期确认的财务费用） | F12: =C12+D12-E12 -> 0
A13: 7 | B13: 其他 | C13: 598800 | F13: =C13+D13-E13 -> 598800
A14: 合 计 | C14: =SUM(C7:C13) -> 1464887.5 | D14: =SUM(D7:D13) -> 0 | E14: =SUM(E7:E13) -> 0 | F14: =C14+D14-E14 -> 1464887.5
A15: 审核标识及说明：

Sheet 固定资产折旧
A1: =其他业务收入、成本!A1 -> 新疆华政华政华瑞税务师事务所有限公司巴州分所工作底稿 | O1: 编 制： | P1: =Sheet1!F15 -> 王翠英 | R1: 日期： | S1: =Sheet1!H15 -> 46040
A2: =利润总额!B2 -> 被审核单位: 新疆通力房地产开发有限公司库尔勒二分公司 | O2: 复 核： | P2: =Sheet1!F17 -> 刘洁 | R2: 日期： | S2: =Sheet1!H17 -> 46140
A3: =利润总额!B3 -> 纳税年度: 2025年度 | O3: 索 引： | P3: K12
A4: 固定资产折旧鉴证表
A5: 行次 | B5: 资产类别 | D5: 会 计 | O5: 税 收 | S5: 纳税调整额
C6: 车牌号 | D6: 期末固定资产原值 | E6: 单价 | F6: 购入时间 | G6: 残值率 | H6: 折旧年限 | I6: 本年增加额（减少以负数表示） | J6: 增加或减少方式 | K6: 期初累计折旧 | L6: 本年折旧 | M6: 期末累计折旧 | N6: 累计折旧和原值比较 | O6: 资产计税基础 | P6: 税收金额 | Q6: 期初税收累计折旧 | R6: 累计折旧
A7: 1 | B7: 1.房屋建筑物小计 | D7: =SUM(D8:D11) -> 0 | G7: * | H7: * | I7: =SUM(I8:I11) -> 0 | K7: =SUM(K8:K11) -> 0 | L7: =SUM(L8:L11) -> 0 | M7: =SUM(M8:M11) -> 0 | O7: =SUM(O8:O11) -> 0 | P7: =SUM(P8:P11) -> 0 | Q7: =SUM(Q8:Q11) -> 0 | R7: =SUM(R8:R11) -> 0 | S7: =SUM(S8:S11) -> 0
M8: =SUM(K8:L8) -> 0 | N8: =D8-M8 -> 0 | O8: =D8 -> 0 | P8: =MIN(L8,O8*(1-G8)/20) -> 0 | Q8: =K8 -> 0 | R8: =SUM(P8:Q8) -> 0 | S8: =L8-P8 -> 0
M9: =SUM(K9:L9) -> 0 | N9: =D9-M9 -> 0 | O9: =D9 -> 0 | P9: =MIN(L9,O9*(1-G9)/20) -> 0 | Q9: =K9 -> 0 | R9: =SUM(P9:Q9) -> 0 | S9: =L9-P9 -> 0
M10: =SUM(K10:L10) -> 0 | N10: =D10-M10 -> 0 | O10: =D10 -> 0 | P10: =MIN(L10,O10*(1-G10)/20) -> 0 | Q10: =K10 -> 0 | R10: =SUM(P10:Q10) -> 0 | S10: =L10-P10 -> 0
H11: 20 | L11: 0 | M11: =SUM(K11:L11) -> 0 | N11: =D11-M11 -> 0 | O11: =D11 -> 0 | P11: =MIN(L11,O11*(1-G11)/20) -> 0 | Q11: =K11 -> 0 | R11: =SUM(P11:Q11) -> 0 | S11: =L11-P11 -> 0
A12: 2 | B12: 2.飞机、火车、轮船、机器、机械和其他生产设备小计 | D12: =SUM(D13:D19) -> 0 | G12: * | H12: * | I12: =SUM(I13:I19) -> 0 | K12: =SUM(K13:K19) -> 0 | L12: =SUM(L13:L19) -> 0 | M12: =SUM(M13:M19) -> 0 | N12: =D12-M12 -> 0 | O12: =SUM(O13:O19) -> 0 | P12: =SUM(P13:P19) -> 0 | Q12: =SUM(Q13:Q19) -> 0 | R12: =SUM(R13:R19) -> 0 | S12: =SUM(S13:S19) -> 0
M13: =SUM(K13:L13) -> 0 | N13: =D13-M13 -> 0 | O13: =D13 -> 0 | P13: =MIN(L13,O13*(1-G13)/10) -> 0 | Q13: =K13 -> 0 | R13: =SUM(P13:Q13) -> 0 | S13: =L13-P13 -> 0
M14: =SUM(K14:L14) -> 0 | N14: =D14-M14 -> 0 | O14: =D14 -> 0 | P14: =MIN(L14,O14*(1-G14)/10) -> 0 | Q14: =K14 -> 0 | R14: =SUM(P14:Q14) -> 0 | S14: =L14-P14 -> 0
M15: =SUM(K15:L15) -> 0 | N15: =D15-M15 -> 0 | O15: =D15 -> 0 | P15: =MIN(L15,O15*(1-G15)/10) -> 0 | Q15: =K15 -> 0 | R15: =SUM(P15:Q15) -> 0 | S15: =L15-P15 -> 0
M16: =SUM(K16:L16) -> 0 | N16: =D16-M16 -> 0 | O16: =D16 -> 0 | P16: =MIN(L16,O16*(1-G16)/10) -> 0 | Q16: =K16 -> 0 | R16: =SUM(P16:Q16) -> 0 | S16: =L16-P16 -> 0
M17: =SUM(K17:L17) -> 0 | N17: =D17-M17 -> 0 | O17: =D17 -> 0 | P17: =MIN(L17,O17*(1-G17)/10) -> 0 | Q17: =K17 -> 0 | R17: =SUM(P17:Q17) -> 0
M18: =SUM(K18:L18) -> 0 | N18: =D18-M18 -> 0 | O18: =D18 -> 0 | P18: =MIN(L18,O18*(1-G18)/10) -> 0 | Q18: =K18 -> 0 | R18: =SUM(P18:Q18) -> 0
H19: 10 | L19: 0 | M19: =SUM(K19:L19) -> 0 | N19: =D19-M19 -> 0 | O19: =D19 -> 0 | P19: =MIN(L19,O19*(1-G19)/10) -> 0 | Q19: =K19 -> 0 | R19: =SUM(P19:Q19) -> 0 | S19: =L19-P19 -> 0
A20: 3 | B20: 3.与生产经营有关的器具工具家具小计 | D20: =SUM(D21:D31) -> 0 | G20: * | H20: * | I20: =SUM(I21:I31) -> 0 | J20: =SUM(J21:J31) -> 0 | K20: =SUM(K21:K31) -> 0 | L20: =SUM(L21:L31) -> 0 | M20: =SUM(M21:M31) -> 0 | N20: =D20-M20 -> 0 | O20: =SUM(O21:O31) -> 0 | P20: =SUM(P21:P31) -> 0 | Q20: =SUM(Q21:Q31) -> 0 | R20: =SUM(R21:R31) -> 0 | S20: =SUM(S21:S31) -> 0
L21: 0 | M21: =SUM(K21:L21) -> 0 | N21: =D21-M21 -> 0 | O21: =D21 -> 0 | P21: =MIN(L21,O21*(1-G21)/5) -> 0 | Q21: =K21 -> 0 | R21: =SUM(P21:Q21) -> 0 | S21: =L21-P21 -> 0
L22: 0 | M22: =SUM(K22:L22) -> 0 | N22: =D22-M22 -> 0 | O22: =D22 -> 0 | P22: =MIN(L22,O22*(1-G22)/5) -> 0 | Q22: =K22 -> 0 | R22: =SUM(P22:Q22) -> 0 | S22: =L22-P22 -> 0
L23: 0 | M23: =SUM(K23:L23) -> 0 | N23: =D23-M23 -> 0 | O23: =D23 -> 0 | P23: =MIN(L23,O23*(1-G23)/5) -> 0 | Q23: =K23 -> 0 | R23: =SUM(P23:Q23) -> 0 | S23: =L23-P23 -> 0
M24: =SUM(K24:L24) -> 0 | N24: =D24-M24 -> 0 | O24: =D24 -> 0 | P24: =MIN(L24,O24*(1-G24)/5) -> 0 | Q24: =K24 -> 0 | R24: =SUM(P24:Q24) -> 0
M25: =SUM(K25:L25) -> 0 | N25: =D25-M25 -> 0 | O25: =D25 -> 0 | P25: =MIN(L25,O25*(1-G25)/5) -> 0 | Q25: =K25 -> 0 | R25: =SUM(P25:Q25) -> 0
M26: =SUM(K26:L26) -> 0 | N26: =D26-M26 -> 0 | O26: =D26 -> 0 | P26: =MIN(L26,O26*(1-G26)/5) -> 0 | Q26: =K26 -> 0 | R26: =SUM(P26:Q26) -> 0
M27: =SUM(K27:L27) -> 0 | N27: =D27-M27 -> 0 | O27: =D27 -> 0 | P27: =MIN(L27,O27*(1-G27)/5) -> 0 | Q27: =K27 -> 0 | R27: =SUM(P27:Q27) -> 0
M28: =SUM(K28:L28) -> 0 | N28: =D28-M28 -> 0 | O28: =D28 -> 0 | P28: =MIN(L28,O28*(1-G28)/5) -> 0 | Q28: =K28 -> 0 | R28: =SUM(P28:Q28) -> 0
M29: =SUM(K29:L29) -> 0 | N29: =D29-M29 -> 0 | O29: =D29 -> 0 | P29: =MIN(L29,O29*(1-G29)/5) -> 0 | Q29: =K29 -> 0 | R29: =SUM(P29:Q29) -> 0
M30: =SUM(K30:L30) -> 0 | N30: =D30-M30 -> 0 | O30: =D30 -> 0 | P30: =MIN(L30,O30*(1-G30)/5) -> 0 | Q30: =K30 -> 0 | R30: =SUM(P30:Q30) -> 0
L31: 0 | M31: =SUM(K31:L31) -> 0 | N31: =D31-M31 -> 0 | O31: =D31 -> 0 | P31: =MIN(L31,O31*(1-G31)/5) -> 0 | Q31: =K31 -> 0 | R31: =SUM(P31:Q31) -> 0 | S31: =L31-P31 -> 0
A32: 4 | B32: 4.飞机、火车、轮船以外的运输工具小计 | D32: =SUM(D33:D36) -> 0 | G32: * | H32: * | I32: =SUM(I33:I36) -> 0 | J32: =SUM(J33:J36) -> 0 | K32: =SUM(K33:K36) -> 0 | L32: =SUM(L33:L36) -> 0 | M32: =SUM(M33:M36) -> 0 | N32: =D32-M32 -> 0 | O32: =SUM(O33:O36) -> 0 | P32: =SUM(P33:P36) -> 0 | Q32: =SUM(Q33:Q36) -> 0 | R32: =SUM(R33:R36) -> 0 | S32: =SUM(S33:S36) -> 0
M33: =SUM(K33:L33) -> 0 | N33: =D33-M33 -> 0 | O33: =D33 -> 0 | P33: =MIN(L33,O33*(1-G33)/4) -> 0 | Q33: =K33 -> 0 | R33: =SUM(P33:Q33) -> 0 | S33: =L33-P33 -> 0
M34: =SUM(K34:L34) -> 0 | N34: =D34-M34 -> 0 | O34: =D34 -> 0 | P34: =MIN(L34,O34*(1-G34)/4) -> 0 | Q34: =K34 -> 0 | R34: =SUM(P34:Q34) -> 0 | S34: =L34-P34 -> 0
M35: =SUM(K35:L35) -> 0 | N35: =D35-M35 -> 0 | O35: =D35 -> 0 | P35: =MIN(L35,O35*(1-G35)/4) -> 0 | Q35: =K35 -> 0 | R35: =SUM(P35:Q35) -> 0 | S35: =L35-P35 -> 0
L36: 0 | M36: =SUM(K36:L36) -> 0 | N36: =D36-M36 -> 0 | O36: =D36 -> 0 | P36: =MIN(L36,O36*(1-G36)/4) -> 0 | Q36: =K36 -> 0 | R36: =SUM(P36:Q36) -> 0 | S36: =L36-P36 -> 0
A37: 5 | B37: 5.电子设备小计 | D37: =SUM(D38:D48) -> 26910 | G37: * | H37: * | I37: =SUM(I38:I48) -> 0 | J37: =SUM(J38:J48) -> 0 | K37: =SUM(K38:K48) -> 15672.71 | L37: =SUM(L38:L48) -> 6467.36 | M37: =SUM(M38:M48) -> 22140.07 | N37: =D37-M37 -> 4769.93 | O37: =SUM(O38:O48) -> 26910 | P37: =SUM(P38:P48) -> 6467.36 | Q37: =SUM(Q38:Q48) -> 15672.71 | R37: =SUM(R38:R48) -> 22140.07 | S37: =SUM(S38:S48) -> 0
B38: 电子设备 | D38: =[18]Sheet1!$E$223 -> 26910 | K38: 15672.71 | L38: 6467.36 | M38: =SUM(K38:L38) -> 22140.07 | N38: =D38-M38 -> 4769.93 | O38: =D38 -> 26910 | P38: =MIN(L38,O38*(1-G38)/3) -> 6467.36 | Q38: =K38 -> 15672.71 | R38: =SUM(P38:Q38) -> 22140.07 | S38: =L38-P38 -> 0
M39: =SUM(K39:L39) -> 0 | N39: =D39-M39 -> 0 | O39: =D39 -> 0 | P39: =MIN(L39,O39*(1-G39)/3) -> 0 | Q39: =K39 -> 0 | R39: =SUM(P39:Q39) -> 0 | S39: =L39-P39 -> 0
M40: =SUM(K40:L40) -> 0 | N40: =D40-M40 -> 0 | O40: =D40 -> 0 | P40: =MIN(L40,O40*(1-G40)/3) -> 0 | Q40: =K40 -> 0 | R40: =SUM(P40:Q40) -> 0 | S40: =L40-P40 -> 0
M41: =SUM(K41:L41) -> 0 | N41: =D41-M41 -> 0 | O41: =D41 -> 0 | P41: =MIN(L41,O41*(1-G41)/3) -> 0 | Q41: =K41 -> 0 | R41: =SUM(P41:Q41) -> 0 | S41: =L41-P41 -> 0
M42: =SUM(K42:L42) -> 0 | N42: =D42-M42 -> 0 | O42: =D42 -> 0 | P42: =MIN(L42,O42*(1-G42)/3) -> 0 | Q42: =K42 -> 0 | R42: =SUM(P42:Q42) -> 0 | S42: =L42-P42 -> 0
M43: =SUM(K43:L43) -> 0 | N43: =D43-M43 -> 0 | O43: =D43 -> 0 | P43: =MIN(L43,O43*(1-G43)/3) -> 0 | Q43: =K43 -> 0 | R43: =SUM(P43:Q43) -> 0 | S43: =L43-P43 -> 0
M44: =SUM(K44:L44) -> 0 | N44: =D44-M44 -> 0 | O44: =D44 -> 0 | P44: =MIN(L44,O44*(1-G44)/3) -> 0 | Q44: =K44 -> 0 | R44: =SUM(P44:Q44) -> 0 | S44: =L44-P44 -> 0
M45: =SUM(K45:L45) -> 0 | N45: =D45-M45 -> 0 | O45: =D45 -> 0 | P45: =MIN(L45,O45*(1-G45)/3) -> 0 | Q45: =K45 -> 0 | R45: =SUM(P45:Q45) -> 0 | S45: =L45-P45 -> 0
M46: =SUM(K46:L46) -> 0 | N46: =D46-M46 -> 0 | O46: =D46 -> 0 | P46: =MIN(L46,O46*(1-G46)/3) -> 0 | Q46: =K46 -> 0 | R46: =SUM(P46:Q46) -> 0 | S46: =L46-P46 -> 0
M47: =SUM(K47:L47) -> 0 | N47: =D47-M47 -> 0 | O47: =D47 -> 0 | P47: =MIN(L47,O47*(1-G47)/3) -> 0 | Q47: =K47 -> 0 | R47: =SUM(P47:Q47) -> 0 | S47: =L47-P47 -> 0
L48: 0 | M48: =SUM(K48:L48) -> 0 | N48: =D48-M48 -> 0 | O48: =D48 -> 0 | P48: =MIN(L48,O48*(1-G48)/3) -> 0 | Q48: =K48 -> 0 | R48: =SUM(P48:Q48) -> 0 | S48: =L48-P48 -> 0
A49: 6 | B49: 其他小计 | D49: =SUM(D50:D56) -> 0 | G49: * | H49: * | I49: =SUM(I50:I56) -> 0 | J49: =SUM(J50:J56) -> 0 | K49: =SUM(K50:K56) -> 0 | L49: =SUM(L50:L56) -> 0 | M49: =SUM(M50:M56) -> 0 | O49: =SUM(O50:O56) -> 0 | P49: =SUM(P50:P56) -> 0 | Q49: =SUM(Q50:Q56) -> 0 | R49: =SUM(R50:R56) -> 0 | S49: =SUM(S50:S56) -> 0
M50: =SUM(K50:L50) -> 0 | O50: =D50 -> 0 | P50: =MIN(L50,O50*(1-G50)/5) -> 0 | R50: =SUM(P50:Q50) -> 0 | S50: =L50-P50 -> 0
M51: =SUM(K51:L51) -> 0 | O51: =D51 -> 0 | P51: =MIN(L51,O51*(1-G51)/5) -> 0 | R51: =SUM(P51:Q51) -> 0 | S51: =L51-P51 -> 0
M52: =SUM(K52:L52) -> 0 | O52: =D52 -> 0 | P52: =MIN(L52,O52*(1-G52)/5) -> 0 | R52: =SUM(P52:Q52) -> 0 | S52: =L52-P52 -> 0
M53: =SUM(K53:L53) -> 0 | O53: =D53 -> 0 | P53: =MIN(L53,O53*(1-G53)/5) -> 0 | R53: =SUM(P53:Q53) -> 0 | S53: =L53-P53 -> 0
M54: =SUM(K54:L54) -> 0 | O54: =D54 -> 0 | P54: =MIN(L54,O54*(1-G54)/5) -> 0 | R54: =SUM(P54:Q54) -> 0 | S54: =L54-P54 -> 0
M55: =SUM(K55:L55) -> 0 | O55: =D55 -> 0 | P55: =MIN(L55,O55*(1-G55)/5) -> 0 | R55: =SUM(P55:Q55) -> 0 | S55: =L55-P55 -> 0
L56: 0 | M56: =SUM(K56:L56) -> 0 | O56: =D56 -> 0 | P56: =MIN(L56,O56*(1-G56)/5) -> 0 | R56: =SUM(P56:Q56) -> 0 | S56: =L56-P56 -> 0
A57: 合计 | D57: =D7+D12+D20+D32+D37+D49 -> 26910 | I57: =I7+I12+I20+I32+I37+I49 -> 0 | J57: =J7+J12+J20+J32+J37+J49 -> 0 | K57: =K7+K12+K20+K32+K37+K49 -> 15672.71 | L57: =L7+L12+L20+L32+L37+L49 -> 6467.36 | M57: =M7+M12+M20+M32+M37+M49 -> 22140.07 | O57: =O7+O12+O20+O32+O37+O49 -> 26910 | P57: =P7+P12+P20+P32+P37+P49 -> 6467.36 | Q57: =Q7+Q12+Q20+Q32+Q37+Q49 -> 15672.71 | R57: =R7+R12+R20+R32+R37+R49 -> 22140.07 | S57: =S7+S12+S20+S32+S37+S49 -> 0
A58: 审核标识及说明：
B59: 报表金额
B60: 差额 | D60: =D57-D59 -> 26910 | K60: =K57-K59 -> 15672.71 | L60: =L57-L59 -> 6467.36 | M60: =M57-M59 -> 22140.07
F61: 累计折旧本年借方

Sheet 无形资产，长期待摊费用
A1: =其他业务收入、成本!A1 -> 新疆华政华政华瑞税务师事务所有限公司巴州分所工作底稿 | H1: 编 制： | I1: =Sheet1!F15 -> 王翠英 | J1: 日期： | K1: =Sheet1!H15 -> 46040
A2: =其他业务收入、成本!A2 -> 被审核单位: 新疆通力房地产开发有限公司库尔勒二分公司 | H2: 复 核： | I2: =Sheet1!F17 -> 刘洁 | J2: 日期： | K2: =Sheet1!H17 -> 46140
A3: =其他业务收入、成本!A3 -> 纳税年度: 2025年度 | H3: 索 引： | I3: K14
A4: 无形资产、长期待摊费用摊销鉴证表
A5: 资产类别 | B5: 会计 | H5: 税收 | K5: 纳税调整额
B6: 原值 | C6: 入账时间 | D6: 摊销期限 | E6: 已摊销期 | F6: 本年摊销 | G6: 累计摊销 | H6: 计税基础 | I6: 本年摊销额 | J6: 累计摊销
A7: 三、无形资产（12+13+14+15+16+17+18） | B7: =SUM(B8:B27)-B11-B17-B22 -> 0 | F7: =SUM(F8:F27)-F11-F17-F22 -> 0 | G7: =SUM(G8:G27)-G11-G17-G22 -> 0 | H7: =SUM(H8:H27)-H11-H17-H22 -> 0 | I7: =SUM(I8:I27)-I11-I17-I22 -> 0 | J7: =SUM(J8:J27)-J11-J17-J22 -> 0 | K7: =SUM(K8:K27)-K11-K17-K22 -> 0
A8: （一）专利权 | H8: =B8 -> 0 | I8: =MIN(F8,H8/10) -> 0 | J8: =G8 -> 0 | K8: =F8-I8 -> 0
A9: （二）商标权 | H9: =B9 -> 0 | I9: =MIN(F9,H9/10) -> 0 | J9: =G9 -> 0 | K9: =F9-I9 -> 0
A10: （三）著作权 | H10: =B10 -> 0 | I10: =MIN(F10,H10/10) -> 0 | J10: =G10 -> 0 | K10: =F10-I10 -> 0
A11: （四）土地使用权 | B11: =SUM(B12:B14) -> 0 | F11: =SUM(F12:F14) -> 0 | G11: =SUM(G12:G14) -> 0 | H11: =SUM(H12:H14) -> 0 | I11: =SUM(I12:I14) -> 0 | J11: =SUM(J12:J14) -> 0 | K11: =SUM(K12:K14) -> 0
H12: =B12 -> 0 | I12: =MIN(F12,H12/10) -> 0 | J12: =G12 -> 0 | K12: =F12-I12 -> 0
H14: =B14 -> 0 | I14: =MIN(F14,H14/10) -> 0 | J14: =G14 -> 0 | K14: =F14-I14 -> 0
A15: （五）非专利技术 | H15: =B15 -> 0 | I15: =MIN(F15,H15/10) -> 0 | J15: =G15 -> 0 | K15: =F15-I15 -> 0
A16: （六）特许权使用费 | H16: =B16 -> 0 | I16: =MIN(F16,H16/10) -> 0 | J16: =G16 -> 0 | K16: =F16-I16 -> 0
A17: （七）软件 | B17: =SUM(B18:B20) -> 0 | F17: =SUM(F18:F20) -> 0 | G17: =SUM(G18:G20) -> 0 | H17: =SUM(H18:H20) -> 0 | I17: =SUM(I18:I20) -> 0 | J17: =SUM(J18:J20) -> 0 | K17: =SUM(K18:K20) -> 0
H18: =B18 -> 0 | I18: =MIN(F18,H18/10) -> 0 | J18: =G18 -> 0 | K18: =F18-I18 -> 0
H19: =B19 -> 0 | I19: =MIN(F19,H19/10) -> 0 | J19: =G19 -> 0 | K19: =F19-I19 -> 0
H20: =B20 -> 0 | I20: =MIN(F20,H20/10) -> 0 | J20: =G20 -> 0 | K20: =F20-I20 -> 0
A21: 其中：享受企业外购软件加速摊销政策 | B21: 原值 | C21: 入账时间 | D21: 摊销期限 | E21: 已摊销期 | F21: 本年摊销 | G21: 累计摊销 | H21: 计税基础 | I21: 按税收一般规定计算的摊销额 | J21: 加速折旧统计额 | K21: 累计摊销额
B22: =SUM(B23:B26) -> 0 | F22: =SUM(F23:F26) -> 0 | G22: =SUM(G23:G26) -> 0 | H22: =SUM(H23:H26) -> 0 | I22: =SUM(I23:I26) -> 0 | J22: =SUM(J23:J26) -> 0 | K22: =SUM(K23:K26) -> 0
A27: （八）其他 | H27: =B27 -> 0 | I27: =MIN(F27,H27/10) -> 0 | J27: =G27 -> 0 | K27: =F27-I27 -> 0
A28: 四、长期待摊费用（20+21+22+23+24） | B28: =SUM(B29:B35) -> 0 | F28: =SUM(F29:F35) -> 0 | G28: =SUM(G29:G35) -> 0 | H28: =B28 -> 0 | I28: =SUM(I29:I35) -> 0 | J28: =G28 -> 0 | K28: =F28-I28 -> 0
A29: （一）已足额提取折旧的固定资产的改建支出 | F29: =C29+D29+E29 -> 0 | H29: =B29 -> 0 | I29: =MIN(F29,H29/3) -> 0 | J29: =G29 -> 0 | K29: =F29-I29 -> 0
A30: （二）租入固定资产的改建支出 | F30: =C30+D30+E30 -> 0 | H30: =B30 -> 0 | I30: =MIN(F30,H30/3) -> 0 | J30: =G30 -> 0 | K30: =F30-I30 -> 0
A31: （三）固定资产的大修理支出 | B31: =SUM(B32:B33) -> 0 | F31: =SUM(F32:F33) -> 0 | G31: =SUM(G32:G33) -> 0 | H31: =SUM(H32:H33) -> 0 | I31: =SUM(I32:I33) -> 0 | J31: =SUM(J32:J33) -> 0 | K31: =SUM(K32:K33) -> 0
H32: =B32 -> 0 | I32: =MIN(F32,H32/3) -> 0 | J32: =G32 -> 0 | K32: =F32-I32 -> 0
H33: =B33 -> 0 | I33: =MIN(F33,H33/3) -> 0 | J33: =G33 -> 0 | K33: =F33-I33 -> 0
A34: （四）开办费 | F34: =C34+D34+E34 -> 0 | H34: =B34 -> 0 | I34: =MIN(F34,H34/3) -> 0 | J34: =G34 -> 0 | K34: =F34-I34 -> 0
A35: （五）其他 | B35: =SUM(B36:B39) -> 0 | F35: =SUM(F36:F39) -> 0 | G35: =SUM(G36:G39) -> 0 | H35: =SUM(H36:H39) -> 0 | I35: =SUM(I36:I39) -> 0 | J35: =SUM(J36:J39) -> 0 | K35: =SUM(K36:K39) -> 0
I36: =MIN(F36,B36/3) -> 0
I37: =MIN(F37,B37/3) -> 0
I38: =MIN(F38,B38/3) -> 0
I39: =MIN(F39,B39/3) -> 0
A40: 审核标识及说明：

Sheet 生产性生物资产
A1: =其他业务收入、成本!A1 -> 新疆华政华政华瑞税务师事务所有限公司巴州分所工作底稿 | I1: 编 制： | J1: ='无形资产，长期待摊费用'!I1 -> 王翠英 | K1: 日期： | L1: =Sheet1!H15 -> 46040
A2: =其他业务收入、成本!A2 -> 被审核单位: 新疆通力房地产开发有限公司库尔勒二分公司 | I2: 复 核： | J2: ='无形资产，长期待摊费用'!I2 -> 刘洁 | K2: 日期： | L2: =Sheet1!H17 -> 46140
A3: =其他业务收入、成本!A3 -> 纳税年度: 2025年度 | I3: 索 引： | J3: K15
A4: 生产性生物资产鉴证表
A5: 行次 | B5: 资产类别 | C5: 会计 | I5: 税收 | L5: 纳税调整额
C6: 资产原值 | D6: 管理费用 | E6: 营业费用 | F6: 其他 | G6: 本年折旧 | H6: 累计折旧 | I6: 资产计税基础 | J6: 税收金额 | K6: 累计折旧
B7: 1.林木小计 | C7: =SUM(C8:C10) -> 0 | D7: =SUM(D8:D10) -> 0 | E7: =SUM(E8:E10) -> 0 | F7: =SUM(F8:F10) -> 0 | G7: =SUM(D7:F7) -> 0 | H7: =SUM(H8:H10) -> 0 | I7: =SUM(I8:I10) -> 0 | J7: =SUM(J8:J10) -> 0 | K7: =SUM(K8:K10) -> 0 | L7: =SUM(L8:L10) -> 0
A8: 1 | G8: =SUM(D8:F8) -> 0 | J8: =MIN(G8,G8/10) -> 0 | L8: =G8-J8 -> 0
A9: 2 | G9: =SUM(D9:F9) -> 0 | J9: =MIN(G9,G9/10) -> 0 | L9: =G9-J9 -> 0
A10: 3 | G10: =SUM(D10:F10) -> 0 | J10: =MIN(G10,G10/10) -> 0 | L10: =G10-J10 -> 0
B11: 2.畜类小计 | C11: =SUM(C12:C14) -> 0 | D11: =SUM(D12:D14) -> 0 | E11: =SUM(E12:E14) -> 0 | F11: =SUM(F12:F14) -> 0 | G11: =SUM(D11:F11) -> 0 | H11: =SUM(H12:H14) -> 0 | I11: =SUM(I12:I14) -> 0 | J11: =SUM(J12:J14) -> 0 | K11: =SUM(K12:K14) -> 0 | L11: =SUM(L12:L14) -> 0
A12: 1 | G12: =SUM(D12:F12) -> 0 | J12: =MIN(G12,G12/3) -> 0 | L12: =G12-J12 -> 0
A13: 2 | G13: =SUM(D13:F13) -> 0 | J13: =MIN(G13,G13/3) -> 0 | L13: =G13-J13 -> 0
A14: 3 | G14: =SUM(D14:F14) -> 0 | J14: =MIN(G14,G14/3) -> 0 | L14: =G14-J14 -> 0
A15: 合计 | C15: =C11+C7 -> 0 | D15: =管理费用!C23 -> 0 | E15: =销售费用!C23 -> 0 | G15: =SUM(D15:F15) -> 0 | H15: =H11+H7 -> 0 | I15: =I11+I7 -> 0 | J15: =J11+J7 -> 0 | K15: =K11+K7 -> 0 | L15: =L11+L7 -> 0
A16: 审核标识及说明：

Sheet 4000期间费用明细表 
A1: =其他业务收入、成本!A1 -> 新疆华政华政华瑞税务师事务所有限公司巴州分所工作底稿 | E1: ="编 制： "&Sheet1!F15 -> 编 制： 王翠英 | G1: 日期： | H1: =生产性生物资产!L1 -> 46040
A2: =其他业务收入、成本!A2 -> 被审核单位: 新疆通力房地产开发有限公司库尔勒二分公司 | E2: ="复 合： "&Sheet1!F17 -> 复 合： 刘洁 | G2: 日期： | H2: =生产性生物资产!L2 -> 46140
A3: =其他业务收入、成本!A3 -> 纳税年度: 2025年度 | E3: 索 引: C12
A4: 期间费用鉴证明细表
A5: 行次 | B5: 项目 | C5: 销售费用 | E5: 管理费用 | G5: 财务费用 | H5: 备注
C6: 1 | E6: 2 | G6: 3
A7: 1 | B7: 一、职工薪酬 | C7: =销售费用!F7 -> 1513669.8 | E7: =管理费用!F7 -> 2445445 | G7: *
A8: 2 | B8: 二、劳务费 | C8: =销售费用!F16 -> 0 | E8: =管理费用!F16 -> 0 | G8: *
A9: 3 | B9: 三、咨询顾问费 | C9: =销售费用!F17 -> 0 | E9: =管理费用!F17 -> 52339.81 | G9: *
A10: 4 | B10: 四、业务招待费 | C10: =销售费用!F18 -> 68214.7 | E10: =管理费用!F18 -> 34691.22 | G10: *
A11: 5 | B11: 五、广告费和业务宣传费 | C11: =销售费用!F19 -> 963921.59 | E11: =管理费用!F19 -> 0 | G11: *
A12: 6 | B12: 六、佣金和手续费 | C12: =销售费用!F20 -> 1805605.9 | E12: =管理费用!F20 -> 0
A13: 7 | B13: 七、资产折旧摊销费 | C13: =销售费用!F21 -> 0 | E13: =管理费用!F21 -> 6467.36 | G13: *
A14: 8 | B14: 八、财产损耗、盘亏及毁损损失 | C14: =销售费用!F26 -> 0 | E14: =管理费用!F26 -> 0 | G14: *
A15: 9 | B15: 九、办公费 | C15: =销售费用!F27 -> 41704.36 | E15: =管理费用!F27 -> 35442.21 | G15: *
A16: 10 | B16: 十、董事会费 | C16: =销售费用!F28 -> 0 | E16: =管理费用!F28 -> 0 | G16: *
A17: 11 | B17: 十一、租赁费 | C17: =销售费用!F29 -> 35608 | E17: =管理费用!F29 -> 0 | G17: *
A18: 12 | B18: 十二、诉讼费 | C18: =销售费用!F30 -> 0 | E18: =管理费用!F30 -> 0 | G18: *
A19: 13 | B19: 十三、差旅费 | C19: =销售费用!F31 -> 0 | E19: =管理费用!F31 -> 22648.74 | G19: *
A20: 14 | B20: 十四、保险费 | C20: =销售费用!F32 -> 0 | E20: =管理费用!F32 -> 0 | G20: *
A21: 15 | B21: 十五、运输、仓储费 | C21: =销售费用!F33 -> 0 | E21: =管理费用!F33 -> 0 | G21: *
A22: 16 | B22: 十六、修理费 | C22: =销售费用!F34 -> 0 | E22: =管理费用!F34 -> 3900 | G22: *
A23: 17 | B23: 十七、包装费 | C23: =销售费用!F35 -> 0 | E23: =管理费用!F35 -> 0 | G23: *
A24: 18 | B24: 十八、技术转让费 | C24: =销售费用!F36 -> 0 | E24: =管理费用!F36 -> 0 | G24: *
A25: 19 | B25: 十九、研究费用 | C25: =销售费用!F37 -> 0 | E25: =管理费用!F37 -> 0 | G25: *
A26: 20 | B26: 二十、各项税费 | C26: =销售费用!F38 -> 0 | E26: =管理费用!F38 -> 0 | G26: *
A27: 21 | B27: 二十一、利息收支 | C27: * | E27: * | G27: =财务费用!F8+财务费用!F7 -> 861782.51
A28: 22 | B28: 二十二、汇兑差额 | C28: * | E28: * | G28: =财务费用!F9 -> 0
A29: 23 | B29: 二十三、现金折扣 | C29: * | E29: * | G29: =财务费用!F10 -> 0
A30: 24 | B30: 二十四、党组织工作经费 | C30: =销售费用!F43 -> 0 | E30: =管理费用!F45 -> 0
A31: 25 | B31: 二十五、其他 | C31: =销售费用!F44 -> 802761.14 | E31: =管理费用!F46 -> 92821.1 | G31: =财务费用!F12+财务费用!F13+财务费用!F11 -> 603105
A32: 26 | B32: 合计 | C32: =C7+C8+C9+C10+C11+C12+C13+C14+C15+C16+C17+C18+C19+C20+C21+C22+C23+C24+C25+C26+C30+C31 -> 5231485.5 | D32: =D7+D8+D9+D10+D11+D12+D13+D14+D15+D16+D17+D18+D19+D20+D21+D22+D23+D24+D25+D26+D30+D31 -> 0 | E32: =E7+E8+E9+E10+E11+E12+E13+E14+E15+E16+E17+E18+E19+E20+E21+E22+E23+E24+E25+E26+E30+E31 -> 2693755.5 | G32: =G12+G27+G28+G29+G31 -> 1464887.5
A33: 审核标识及说明：

Sheet A105000纳税调整项目明细表 
A1: A105000
A2: 纳税调整项目明细表
A3: 行次 | B3: 项 目 | C3: 账载金额 | D3: 税收金额 | E3: 调增金额 | F3: 调减金额
C4: 1 | D4: 2 | E4: 3 | F4: 4
A5: 1 | B5: 一、收入类调整项目（2+3+4+5+6+7+8+10+11） | C5: * | D5: * | E5: =SUM(E6:E15)-E12 -> 505107.23 | F5: =SUM(F6:F15)-F12 -> 0
A6: 2 | B6: （一）视同销售收入（填写A105010） | C6: * | D6: =调整表!E9 -> 505107.23 | E6: =D6 -> 505107.23 | F6: *
A7: 3 | B7: （二）未按权责发生制原则确认的收入（填写A105020） | C7: =A105020未按权责发生制确认收入纳税调整明细表!D20 -> 0 | D7: =A105020未按权责发生制确认收入纳税调整明细表!F20 -> 0 | E7: =IF((D7-C7)>0,D7-C7,0) -> 0 | F7: =IF(D7-C7<0,C7-D7,0) -> 0
A8: 4 | B8: （三）投资收益（填写A105030） | C8: =调整表!D15 -> 0 | D8: =调整表!E15 -> 0 | E8: =IF((D8-C8)>0,D8-C8,0) -> 0 | F8: =IF(D8-C8<0,C8-D8,0) -> 0
A9: 5 | B9: （四）按权益法核算长期股权投资对初始投资成本调整确认收益 | C9: * | D9: * | E9: *
A10: 6 | B10: （五）交易性金融资产初始投资调整 | C10: * | D10: * | F10: *
A11: 7 | B11: （六）公允价值变动净损益 | D11: * | E11: =IF((C11)<0,C11*-1,0) -> 0 | F11: =IF(C11>0,C11,0) -> 0
A12: 8 | B12: （七）不征税收入 | C12: * | D12: * | F12: =F13 -> 0
A13: 9 | B13: 其中：专项用途财政性资金（填写A105040） | C13: * | D13: * | F13: ='5040不征税'!F16 -> 0
A14: 10 | B14: （八）销售折扣、折让和退回 | E14: =IF(C14-D14>0,C14-D14,0) -> 0 | F14: =IF(C14-D14<0,(C14-D14)*-1,0) -> 0
A15: 11 | B15: （九）其他 | E15: =MAX((D15-C15),0) -> 0 | F15: =MAX((C15-D15),0) -> 0
A16: 12 | B16: 二、扣除类调整项目 （13+14+…24+26+27+28+29+30） | C16: * | D16: * | E16: =SUM(E17:E35)-E29 -> 55246.38 | F16: =SUM(F17:F35) -> 0
A17: 13 | B17: （一）视同销售成本（填写A105010） | C17: * | D17: =调整表!E10 -> 505107.23 | E17: * | F17: =ABS([14]A105010视同销售和房地产开发企业特定业务纳税调整明细表!D15) -> 0
A18: 14 | B18: （二）职工薪酬（填写A105050） | C18: ='5050职工薪酬调整表'!C20 -> 3959114.8 | D18: ='5050职工薪酬调整表'!G20 -> 3959114.8 | E18: =IF(C18-D18>0,C18-D18,0) -> 0.0099999998 | F18: =IF(C18-D18<0,(C18-D18)*-1,0) -> 0
A19: 15 | B19: （三）业务招待费支出 | C19: =调整表!D25 -> 102905.92 | D19: =调整表!E25 -> 61743.55 | E19: =C19-D19 -> 41162.37 | F19: *
A20: 16 | B20: （四）广告费和业务宣传费支出（填写A105060） | C20: * | D20: * | E20: =IF(A105060广告费和业务宣传费跨年度纳税调整明细表!C16>0,A105060广告费和业务宣传费跨年度纳税调整明细表!C16,0) -> 0 | F20: =IF(A105060广告费和业务宣传费跨年度纳税调整明细表!C16<0,ABS(A105060广告费和业务宣传费跨年度纳税调整明细表!C16),0) -> 0
A21: 17 | B21: （五）捐赠支出（填写A105070） | C21: =A105070捐赠支出纳税调整明细表!C12 -> 0 | D21: =A105070捐赠支出纳税调整明细表!F12 -> 0 | E21: =IF(A105060广告费和业务宣传费跨年度纳税调整明细表!C17>0,A105060广告费和业务宣传费跨年度纳税调整明细表!C17,0) -> 0 | F21: =IF(A105060广告费和业务宣传费跨年度纳税调整明细表!C17<0,ABS(A105060广告费和业务宣传费跨年度纳税调整明细表!C17),0) -> 0
A22: 18 | B22: （六）利息支出 | C22: =调整表!D28 -> 0 | D22: =调整表!E28 -> 0 | E22: =IF(C22-D22>0,C22-D22,0) -> 0 | F22: =IF(C22-D22<0,(C22-D22)*-1,0) -> 0
A23: 19 | B23: （七）罚金、罚款和被没收财物的损失 | C23: =调整表!D29 -> 0 | D23: * | E23: =C23 -> 0 | F23: *
A24: 20 | B24: （八）税收滞纳金、加收利息 | C24: =调整表!D30 -> 0 | D24: * | E24: =C24 -> 0 | F24: *
A25: 21 | B25: （九）赞助支出 | C25: =调整表!D31 -> 0 | D25: * | E25: =C25 -> 0 | F25: *
A26: 22 | B26: （十）与未实现融资收益相关在当期确认的财务费用 | E26: =IF(C26-D26>0,C26-D26,0) -> 0 | F26: =IF(C26-D26<0,(C26-D26)*-1,0) -> 0
A27: 23 | B27: （十一）佣金和手续费支出 | E27: =C27-D27 -> 0 | F27: *
A28: 24 | B28: （十二）不征税收入用于支出所形成的费用 | C28: * | D28: * | E28: =E29 -> 0 | F28: *
A29: 25 | B29: 其中：专项用途财政性资金用于支出所形成的费用（填写A105040） | C29: * | D29: * | E29: ='5040不征税'!M16 -> 0 | F29: *
A31: 26 | B31: （十三）跨期扣除项目 | C31: =调整表!D33 -> 0 | D31: =调整表!E33 -> 0 | E31: =IF(C31-D31>0,C31-D31,0) -> 0 | F31: =IF(C31-D31<0,(C31-D31)*-1,0) -> 0
A32: 27 | B32: （十四）与取得收入无关的支出 | C32: =调整表!D34 -> 10860 | D32: * | E32: =C32 -> 10860 | F32: *
A33: 28 | B33: （十五）境外所得分摊的共同支出 | C33: * | D33: * | E33: 0 | F33: *
A34: 29 | B34: （十六）党组织工作经费 | C34: =调整表!D20 -> 0 | D34: =调整表!E20 -> 0 | E34: =IF(C34-D34>0,C34-D34,0) -> 0 | F34: =IF(C34-D34<0,(C34-D34)*-1,0) -> 0
A35: 30 | B35: （十七）其他 | C35: =调整表!D35+调整表!D36+调整表!D37+调整表!D39+调整表!D47 -> 3224 | E35: =IF(C35-D35>0,C35-D35,0) -> 3224 | F35: =IF(C35-D35<0,(C35-D35)*-1,0) -> 0
A36: 31 | B36: 三、资产类调整项目（31+32+33+34） | C36: * | D36: * | E36: =SUM(E37:E40) -> 0 | F36: =SUM(F37:F40) -> 0
A37: 32 | B37: （一）资产折旧、摊销 （填写A105080） | C37: =A105080资产折旧、摊销情况及纳税调整明细表!E41 -> 6467.36 | D37: =A105080资产折旧、摊销情况及纳税调整明细表!H41 -> 6467.36 | E37: =IF(C37-D37>0,C37-D37,0) -> 0 | F37: =IF(C37-D37<0,(C37-D37)*-1,0) -> 0
A38: 33 | B38: （二）资产减值准备金 | C38: =调整表!D42 -> 0 | D38: * | E38: =IF(C38>0,C38,0) -> 0 | F38: =IF(C38<0,ABS(C38),0) -> 0
A39: 34 | B39: （三）资产损失（填写A105090） | C39: =A105090资产损失税前扣除及纳税调整明细表!C18 -> 0 | D39: =A105090资产损失税前扣除及纳税调整明细表!D18 -> 0 | E39: =IF(C39-D39>0,C39-D39,0) -> 0 | F39: =IF(C39-D39<0,(C39-D39)*-1,0) -> 0
A40: 35 | B40: （四）其他 | E40: =IF(C40-D40>0,C40-D40,0) -> 0 | F40: =IF(C40-D40<0,(C40-D40)*-1,0) -> 0
A41: 36 | B41: 四、特殊事项调整项目（37+38+…+42） | C41: * | D41: * | E41: =SUM(E42:E47) -> 7716155.9 | F41: =SUM(F42:F47) -> 19041551
A42: 37 | B42: （一）企业重组及递延纳税事项（填写A105100） | C42: =A105100企业重组纳税调整明细表!C21+A105100企业重组纳税调整明细表!F21 -> 0 | D42: =A105100企业重组纳税调整明细表!D21+A105100企业重组纳税调整明细表!G21 -> 0 | E42: =IF(C42-D42>0,C42-D42,0) -> 0 | F42: =IF(C42-D42<0,(C42-D42)*-1,0) -> 0
A43: 38 | B43: （二）政策性搬迁（填写A105110） | C43: * | D43: * | E43: =IF([14]A105110政策性搬迁纳税调整明细表!C27>0,[14]A105110政策性搬迁纳税调整明细表!C27,0) -> 0 | F43: 0
A44: 39 | B44: （三）特殊行业准备金（填写A105120） | E44: =IF(C44-D44>0,C44-D44,0) -> 0 | F44: =IF(C44-D44<0,(C44-D44)*-1,0) -> 0
A45: 40 | B45: （四）房地产开发企业特定业务计算的纳税调整额(填写A105010) | C45: * | D45: =调整表!E11-调整表!E12 -> -8673967.3 | E45: =A105010视同销售和房地产开发企业特定业务纳税调整明细表!C29 -> 7716155.9 | F45: =A105010视同销售和房地产开发企业特定业务纳税调整明细表!C33 -> 19041551
A46: 41 | B46: （五）有限合伙企业法人合伙方应分得的应纳税所得额
A47: 42 | B47: （五）其他 | C47: * | D47: *
A48: 43 | B48: 五、特别纳税调整应税所得 | C48: * | D48: *
A49: 44 | B49: 六、其他 | C49: * | D49: *
A50: 45 | B50: 合计（1+12+30+35+41+42） | C50: * | D50: * | E50: =E5+E16+E36+E41+E48+E49 -> 8276509.5 | F50: =F5+F16+F36+F41+F48+F49 -> 19041551

Sheet A105010视同销售和房地产开发企业特定业务纳税调整明细表
A1: A105010
A2: 视同销售和房地产开发企业特定业务纳税调整明细表
A3: 行次 | B3: 项 目 | C3: 税收金额 | D3: 纳税调整金额
C4: 1 | D4: 2
A5: 1 | B5: 一、视同销售（营业）收入（2+3+4+5+6+7+8+9+10） | C5: 0 | D5: 0
A6: 2 | B6: （一）非货币性资产交换视同销售收入 | D6: 0
A7: 3 | B7: （二）用于市场推广或销售视同销售收入 | D7: 0
A8: 4 | B8: （三）用于交际应酬视同销售收入 | D8: 0
A9: 5 | B9: （四）用于职工奖励或福利视同销售收入 | D9: 0
A10: 6 | B10: （五）用于股息分配视同销售收入 | D10: 0
A11: 7 | B11: （六）用于对外捐赠视同销售收入 | D11: 0
A12: 8 | B12: （七）用于对外投资项目视同销售收入 | D12: 0
A13: 9 | B13: （八）提供劳务视同销售收入 | D13: 0
A14: 10 | B14: （九）其他 | D14: 0
A15: 11 | B15: 二、视同销售（营业）成本（12+13+14+15+16+17+18+19+20） | C15: 0 | D15: 0
A16: 12 | B16: （一）非货币性资产交换视同销售成本 | D16: 0
A17: 13 | B17: （二）用于市场推广或销售视同销售成本 | D17: 0
A18: 14 | B18: （三）用于交际应酬视同销售成本 | D18: 0
A19: 15 | B19: （四）用于职工奖励或福利视同销售成本 | D19: 0
A20: 16 | B20: （五）用于股息分配视同销售成本 | D20: 0
A21: 17 | B21: （六）用于对外捐赠视同销售成本 | D21: 0
A22: 18 | B22: （七）用于对外投资项目视同销售成本 | D22: 0
A23: 19 | B23: （八）提供劳务视同销售成本 | D23: 0
A24: 20 | B24: （九）其他 | D24: 0
A25: 21 | B25: 三、房地产开发企业特定业务计算的纳税调整额（22-26） | C25: 0 | D25: 0
A26: 22 | B26: （一）房地产企业销售未完工开发产品特定业务计算的纳税调整额（24-25） | C26: 0 | D26: 0
A28: 23 | B28: 1.销售未完工产品的收入 | C28: 0 | D28: *
A29: 24 | B29: 2.销售未完工产品预计毛利额 | C29: =[18]Sheet1!$L$229/1.09*0.1 -> 7716155.9 | D29: =C29 -> 7716155.9
A30: 25 | B30: 3.实际发生的税金及附加、土地增值税 | D30: 0
A31: 26 | B31: （二）房地产企业销售的未完工产品转完工产品特定业务计算的纳税调整额（28-29） | C31: 0 | D31: 0
A33: 27 | B33: 1.销售未完工产品转完工产品确认的销售收入 | C33: 19041551 | D33: *
A34: 28 | B34: 2.转回的销售未完工产品预计毛利额 | D34: 0
A35: 29 | B35: 3.转回实际发生的税金及附加、土地增值税 | D35: 0

Sheet A105020未按权责发生制确认收入纳税调整明细表
A1: A105020
A2: 未按权责发生制确认收入纳税调整明细表
A3: 行次 | B3: 项 目 | C3: 合同金额（交易金额） | D3: 账载金额 | F3: 税收金额 | H3: 纳税调整金额
D4: 本年 | E4: 累计 | F4: 本年 | G4: 累计
C6: 1 | D6: 2 | E6: 3 | F6: 4 | G6: 5 | H6: 6（4-2）
A7: 1 | B7: 一、跨期收取的租金、利息、特许权使用费收入（2+3+4） | C7: =SUM(C8:C10) -> 0 | D7: =SUM(D8:D10) -> 0 | E7: =SUM(E8:E10) -> 0 | F7: =SUM(F8:F10) -> 0 | G7: =SUM(G8:G10) -> 0 | H7: =F7-D7 -> 0
A8: 2 | B8: （一）租金
A9: 3 | B9: （二）利息
A10: 4 | B10: （三）特许权使用费
A11: 5 | B11: 二、分期确认收入（6+7+8） | C11: =SUM(C12:C14) -> 0 | D11: =SUM(D12:D14) -> 0 | E11: =SUM(E12:E14) -> 0 | F11: =SUM(F12:F14) -> 0 | G11: =SUM(G12:G14) -> 0 | H11: =F11-D11 -> 0
A12: 6 | B12: （一）分期收款方式销售货物收入
A13: 7 | B13: （二）持续时间超过12个月的建造合同收入
A14: 8 | B14: （三）其他分期确认收入
A15: 9 | B15: 三、政府补助递延收入（10+11+12） | C15: =SUM(C16:C18) -> 0 | D15: =SUM(D16:D18) -> 0 | E15: =SUM(E16:E18) -> 0 | F15: =SUM(F16:F18) -> 0 | G15: =SUM(G16:G18) -> 0 | H15: =F15-D15 -> 0
A16: 10 | B16: （一）与收益相关的政府补助
A17: 11 | B17: （二）与资产相关的政府补助
A18: 12 | B18: （三）其他
A19: 13 | B19: 四、其他未按权责发生制确认收入
A20: 14 | B20: 合计（1+5+9+13） | C20: =C7+C11+C15+C19 -> 0 | D20: =D7+D11+D15+D19 -> 0 | E20: =E7+E11+E15+E19 -> 0 | F20: =F7+F11+F15+F19 -> 0 | G20: =G7+G11+G15+G19 -> 0 | H20: =F20-D20 -> 0

Sheet 5050职工薪酬调整表
A1: =其他业务收入、成本!A1 -> 新疆华政华政华瑞税务师事务所有限公司巴州分所工作底稿 | F1: 编 制： | G1: =Sheet1!F15 -> 王翠英 | H1: 日期： | I1: =Sheet1!H15 -> 46040
A2: =其他业务收入、成本!A2 -> 被审核单位: 新疆通力房地产开发有限公司库尔勒二分公司 | F2: 复 核： | G2: =Sheet1!F17 -> 刘洁 | H2: 日期： | I2: =Sheet1!H17 -> 46140
A3: =其他业务收入、成本!A3 -> 纳税年度: 2025年度 | F3: 索 引： | G3: C23
A4: 职工薪酬纳税调整明细鉴证表
A5: 行次 | B5: 项 目 | C5: 账载金额 | D5: 实际发生额 | E5: 税收规定扣除率 | F5: 以前年度累计结转扣除额 | G5: 税收金额 | H5: 纳税调整金额 | I5: 累计结转以后年度扣除额
C7: 1 | D7: 2 | E7: 3 | F7: 4 | G7: 5 | H7: 6（1-5） | I7: 7（1+4-5）
A8: 1 | B8: 一、工资薪金支出 | C8: =工资薪金和三项经费支出!C16 -> 3395912.4 | D8: =工资薪金和三项经费支出!C30 -> 3395912.4 | E8: * | F8: * | G8: =工资薪金和三项经费支出!C18 -> 3395912.4 | H8: =C8-G8 -> 0 | I8: *
A9: 2 | B9: 其中：股权激励 | E9: * | F9: * | H9: =C9-G9 -> 0 | I9: *
A10: 3 | B10: 二、职工福利费支出 | C10: =工资薪金和三项经费支出!D16 -> 39543.02 | D10: =工资薪金和三项经费支出!D30 -> 39543.02 | E10: 0.14 | F10: * | G10: =工资薪金和三项经费支出!D18 -> 39543.02 | H10: =C10-G10 -> 0 | I10: *
A11: 4 | B11: 三、职工教育经费支出 | C11: =工资薪金和三项经费支出!F16 -> 200051 | D11: =工资薪金和三项经费支出!F30 -> 200051 | E11: * | F11: =F12 -> 0 | G11: =工资薪金和三项经费支出!F18 -> 200051 | H11: =H12 -> 0 | I11: =MAX(C11+F11-G11,0) -> 0
A12: 5 | B12: 其中：按税收规定比例扣除的职工教育经费 | C12: =C11 -> 200051 | D12: =D11 -> 200051 | E12: 0.08 | F12: =工资薪金和三项经费支出!F17 -> 0 | G12: =G11 -> 200051 | H12: =工资薪金和三项经费支出!F19 -> 0 | I12: =MAX(C12+F12-G12,0) -> 0
A13: 6 | B13: 按税收规定全额扣除的职工培训费用 | E13: 1 | F13: * | G13: =D13 -> 0 | H13: =MAX(C13-G13,0) -> 0 | I13: *
A14: 7 | B14: 四、工会经费支出 | C14: =工资薪金和三项经费支出!E16 -> 67918.25 | D14: =工资薪金和三项经费支出!E30 -> 67918.25 | E14: 0.02 | F14: * | G14: =工资薪金和三项经费支出!E18 -> 67918.24 | H14: =C14-G14 -> 0.01 | I14: *
A15: 8 | B15: 五、各类基本社会保障性缴款 | C15: =工资薪金和三项经费支出!G16 -> 218390.18 | D15: =工资薪金和三项经费支出!G30 -> 218390.18 | E15: * | F15: * | G15: =工资薪金和三项经费支出!G18 -> 218390.18 | H15: =C15-G15 -> 0 | I15: *
A16: 9 | B16: 六、住房公积金 | C16: =工资薪金和三项经费支出!H16 -> 37300 | D16: =工资薪金和三项经费支出!H30 -> 37300 | E16: * | F16: * | G16: =工资薪金和三项经费支出!H18 -> 37300 | H16: =C16-G16 -> 0 | I16: *
A17: 10 | B17: 七、补充养老保险 | C17: =销售费用!C14+管理费用!C14 -> 0 | D17: =工资薪金和三项经费支出!I30 -> 0 | F17: * | G17: =工资薪金和三项经费支出!I18 -> 0 | H17: =C17-G17 -> 0 | I17: *
A18: 11 | B18: 八、补充医疗保险 | C18: =销售费用!C15+管理费用!C15 -> 0 | D18: =工资薪金和三项经费支出!J30 -> 0 | F18: * | G18: =工资薪金和三项经费支出!J18 -> 0 | H18: =C18-G18 -> 0 | I18: *
A19: 12 | B19: 九、其他 | E19: * | H19: =C19-G19 -> 0
A20: 13 | B20: 合计（1+3+4+7+8+9+10+11+12） | C20: =C8+C10+C11+C14++C15+C16+C17+C18+C19 -> 3959114.8 | D20: =D8+D10+D11+D14++D15+D16+D17+D18+D19 -> 3959114.8 | E20: * | G20: =G8+G10+G11+G14++G15+G16+G17+G18+G19 -> 3959114.8 | H20: =H8+H10+H11+H14++H15+H16+H17+H18+H19 -> 0.01 | I20: =I11 -> 0

Sheet A105060广告费和业务宣传费跨年度纳税调整明细表
A1: A105060
A2: 广告费和业务宣传费跨年度纳税调整明细表
A3: 行次 | B3: 项 目 | C3: 金 额
A4: 1 | B4: 一、本年广告费和业务宣传费支出 | C4: =调整表!D26 -> 963921.59
A5: 2 | B5: 减：不允许扣除的广告费和业务宣传费支出
A6: 3 | B6: 二、本年符合条件的广告费和业务宣传费支出（1-2） | C6: =C4-C5 -> 963921.59
A7: 4 | B7: 三、本年计算广告费和业务宣传费扣除限额的销售（营业）收入 | C7: =调整表!D49 -> 2.707136e+08
A8: 5 | B8: 税收规定扣除率 | C8: 0.15
A9: 6 | B9: 四、本企业计算的广告费和业务宣传费扣除限额（4×5） | C9: =C7*C8 -> 40607039
A10: 7 | B10: 五、本年结转以后年度扣除额（3＞6，本行=3-6；3≤6，本行=0） | C10: =IF(C6>C9,C6-C9,0) -> 0
A11: 8 | B11: 加：以前年度累计结转扣除额
A12: 9 | B12: 减：本年扣除的以前年度结转额[3＞6，本行=0；3≤6，本行=8或（6-3）孰小值]
A14: 10 | B14: 六、按照分摊协议归集至其他关联方的广告费和业务宣传费（10≤3或6孰小值）
A15: 11 | B15: 按照分摊协议从其他关联方归集至本企业的广告费和业务宣传费
A16: 12 | B16: 七、本年广告费和业务宣传费支出纳税调整金额（3＞6，本行=2+3-6+10-11；3≤6，本行=2+10-11-9） | C16: =IF(C6>C9,C5+C6-C9+C14-C15,C5+C14-C15-C12) -> 0
A18: 13 | B18: 八、累计结转以后年度扣除额（7+8-9） | C18: =C10+C11-C12 -> 0

Sheet A105070捐赠支出纳税调整明细表
A1: A105070 捐赠支出及纳税调整明细表
A3: 行次 | B3: 项 目 | C3: 账载金额 | D3: 以前年度结转可扣除的捐赠额 | E3: 按税收规定计算的扣除限额 | F3: 税收金额 | G3: 纳税调增金额 | H3: 纳税调减金额 | I3: 可结转以后年度扣除的捐赠额
C4: 1 | D4: 2 | E4: 3 | F4: 4 | G4: 5 | H4: 6 | I4: 7
A5: 1 | B5: 一、非公益性捐赠 | D5: * | E5: * | F5: * | G5: =C5 -> 0 | H5: * | I5: *
A6: 2 | B6: 二、全额扣除的公益性捐赠 | D6: * | E6: * | F6: =C6 -> 0 | G6: * | H6: * | I6: *
A7: 3 | B7: 三、限额扣除的公益性捐赠(4+5+6+7) | C7: =C11 -> 0 | D7: =D8+D9+D10 -> 0 | E7: =E11 -> 0 | F7: =F11 -> 0 | G7: =G11 -> 0 | H7: =H8+H9+H10 -> 0 | I7: =I9+I10+I11 -> 0
A8: 4 | B8: 前三年度（ 年） | C8: * | E8: * | F8: * | G8: * | I8: *
A9: 5 | B9: 前二年度（ 年） | C9: * | E9: * | F9: * | G9: *
A10: 6 | B10: 前一年度（ 年） | C10: * | E10: * | F10: * | G10: *
A11: 7 | B11: 本 年（ 年） | D11: * | H11: *
A12: 8 | B12: 合计（1+2+3） | C12: =C5+C6+C7 -> 0 | D12: =D7 -> 0 | E12: =E7 -> 0 | F12: =F6+F7 -> 0 | G12: =G5+G7 -> 0 | H12: =H7 -> 0 | I12: =I7 -> 0

Sheet A105080资产折旧、摊销情况及纳税调整明细表
A1: A105080 资产折旧、摊销及纳税调整明细表
A3: 行次 | B3: 项 目 | D3: 账载金额 | G3: 税收金额 | L3: 纳税调整金额
D4: 资产原值 | E4: 本年折旧、摊销额 | F4: 累计折旧、摊销额 | G4: 资产计税基础 | H4: 税收折旧额 | I4: 享受加速折旧政策的资产按税收一般规定计算的折旧、摊销额 | J4: 加速折旧统计额 | K4: 累计折旧、摊销额
D5: 1 | E5: 2 | F5: 3 | G5: 4 | H5: 5 | I5: 6 | J5: 7=5-6 | K5: 8 | L5: 9(2-5)
A6: 1 | B6: 一、固定资产（2+3+4+5+6+7） | D6: =SUM(D7:D12) -> 26910 | E6: =SUM(E7:E12) -> 6467.36 | F6: =SUM(F7:F12) -> 22140.07 | G6: =SUM(G7:G12) -> 26910 | H6: =SUM(H7:H12) -> 6467.36 | I6: * | J6: * | K6: =SUM(K7:K12) -> 22140.07 | L6: =E6-H6 -> 0
A7: 2 | B7: 所有固定资产 | C7: （一）房屋、建筑物 | D7: =固定资产折旧!D7 -> 0 | E7: =固定资产折旧!L7 -> 0 | F7: =固定资产折旧!M7 -> 0 | G7: =固定资产折旧!O7 -> 0 | H7: =固定资产折旧!P7 -> 0 | I7: * | J7: * | K7: =固定资产折旧!R7 -> 0 | L7: =E7-H7 -> 0
A8: 3 | C8: （二）飞机、火车、轮船、机器、机械和其他生产设备 | D8: =固定资产折旧!D12 -> 0 | E8: =固定资产折旧!L12 -> 0 | F8: =固定资产折旧!M12 -> 0 | G8: =固定资产折旧!O12 -> 0 | H8: =固定资产折旧!P12 -> 0 | I8: * | J8: * | K8: =固定资产折旧!R12 -> 0 | L8: =E8-H8 -> 0
A9: 4 | C9: （三）与生产经营活动有关的器具、工具、家具等 | D9: =固定资产折旧!D20 -> 0 | E9: =固定资产折旧!L20 -> 0 | F9: =固定资产折旧!M20 -> 0 | G9: =固定资产折旧!O20 -> 0 | H9: =固定资产折旧!P20 -> 0 | I9: * | J9: * | K9: =固定资产折旧!R20 -> 0 | L9: =E9-H9 -> 0
A10: 5 | C10: （四）飞机、火车、轮船以外的运输工具 | D10: =固定资产折旧!D32 -> 0 | E10: =固定资产折旧!L32 -> 0 | F10: =固定资产折旧!M32 -> 0 | G10: =固定资产折旧!O32 -> 0 | H10: =固定资产折旧!P32 -> 0 | I10: * | J10: * | K10: =固定资产折旧!R32 -> 0 | L10: =E10-H10 -> 0
A11: 6 | C11: （五）电子设备 | D11: 26910 | E11: =固定资产折旧!L37 -> 6467.36 | F11: =固定资产折旧!M37 -> 22140.07 | G11: =固定资产折旧!O37 -> 26910 | H11: =固定资产折旧!P37 -> 6467.36 | I11: * | J11: * | K11: =固定资产折旧!R37 -> 22140.07 | L11: =E11-H11 -> 0
A12: 7 | C12: （六）其他 | D12: =固定资产折旧!D49 -> 0 | E12: =固定资产折旧!L49 -> 0 | F12: =固定资产折旧!M49 -> 0 | G12: =固定资产折旧!O49 -> 0 | H12: =固定资产折旧!P49 -> 0 | I12: * | J12: * | K12: =固定资产折旧!R49 -> 0 | L12: =E12-H12 -> 0
A13: 8 | B13: 其中：享受固定资产加速折旧及一次性扣除政策的资产加速折旧额大于一般折旧额的部分 | C13: （一）重要行业固定资产加速折旧（不含一次性扣除） | L13: *
A14: 9 | C14: （二）其他行业研发设备加速折旧 | L14: *
A15: 10 | C15: （三）固定资产一次性扣除 | E15: =D15 -> 0 | F15: =D15 -> 0 | G15: =D15 -> 0 | H15: =G15 -> 0 | L15: *
A16: 11 | C16: （四）技术进步、更新换代固定资产 | J16: =H16-I16 -> 0 | K16: =H16 -> 0 | L16: *
A17: 12 | C17: （五）常年强震动、高腐蚀固定资产 | L17: *
A18: 13 | C18: （六）外购软件折旧 | L18: *
A19: 14 | C19: （七）集成电路企业生产设备 | L19: *
A20: 15 | B20: 二、生产性生物资产（19+20） | D20: =SUM(D21:D22) -> 0 | E20: =SUM(E21:E22) -> 0 | F20: =SUM(F21:F22) -> 0 | G20: =SUM(G21:G22) -> 0 | H20: =SUM(H21:H22) -> 0 | I20: * | J20: * | K20: =SUM(K21:K22) -> 0 | L20: =E20-H20 -> 0
A21: 16 | B21: （一）林木类 | D21: =生产性生物资产!C7 -> 0 | E21: =生产性生物资产!G7 -> 0 | F21: =生产性生物资产!H7 -> 0 | G21: =生产性生物资产!I7 -> 0 | H21: =生产性生物资产!J7 -> 0 | I21: * | J21: * | K21: =生产性生物资产!K7 -> 0 | L21: =E21-H21 -> 0
A22: 17 | B22: （二）畜类 | D22: =生产性生物资产!C11 -> 0 | E22: =生产性生物资产!G11 -> 0 | F22: =生产性生物资产!H11 -> 0 | G22: =生产性生物资产!I11 -> 0 | H22: =生产性生物资产!J11 -> 0 | I22: * | J22: * | K22: =生产性生物资产!K11 -> 0 | L22: =E22-H22 -> 0
A23: 18 | B23: 三、无形资产（22+23+24+25+26+27+28+30） | D23: =SUM(D24:D32)-D31 -> 0 | E23: =SUM(E24:E32)-E31 -> 0 | F23: =SUM(F24:F32)-F31 -> 0 | G23: =SUM(G24:G32)-G31 -> 0 | H23: =SUM(H24:H32)-H31 -> 0 | I23: * | J23: * | K23: =SUM(K24:K32)-K31 -> 0 | L23: =E23-H23 -> 0
A24: 19 | B24: （一）专利权 | D24: ='无形资产，长期待摊费用'!B8 -> 0 | E24: ='无形资产，长期待摊费用'!F8 -> 0 | F24: ='无形资产，长期待摊费用'!G8 -> 0 | G24: ='无形资产，长期待摊费用'!H8 -> 0 | H24: ='无形资产，长期待摊费用'!I8 -> 0 | I24: * | J24: * | K24: ='无形资产，长期待摊费用'!J8 -> 0 | L24: =E24-H24 -> 0
A25: 20 | B25: （二）商标权 | D25: ='无形资产，长期待摊费用'!B9 -> 0 | E25: ='无形资产，长期待摊费用'!F9 -> 0 | F25: ='无形资产，长期待摊费用'!G9 -> 0 | G25: ='无形资产，长期待摊费用'!H9 -> 0 | H25: ='无形资产，长期待摊费用'!I9 -> 0 | I25: * | J25: * | K25: ='无形资产，长期待摊费用'!J9 -> 0 | L25: =E25-H25 -> 0
A26: 21 | B26: （三）著作权 | D26: ='无形资产，长期待摊费用'!B10 -> 0 | E26: ='无形资产，长期待摊费用'!F10 -> 0 | F26: ='无形资产，长期待摊费用'!G10 -> 0 | G26: ='无形资产，长期待摊费用'!H10 -> 0 | H26: ='无形资产，长期待摊费用'!I10 -> 0 | I26: * | J26: * | K26: ='无形资产，长期待摊费用'!J10 -> 0 | L26: =E26-H26 -> 0
A27: 22 | B27: （四）土地使用权 | D27: ='无形资产，长期待摊费用'!B11 -> 0 | E27: ='无形资产，长期待摊费用'!F11 -> 0 | F27: ='无形资产，长期待摊费用'!G11 -> 0 | G27: ='无形资产，长期待摊费用'!H11 -> 0 | H27: ='无形资产，长期待摊费用'!I11 -> 0 | I27: * | J27: * | K27: ='无形资产，长期待摊费用'!J11 -> 0 | L27: =E27-H27 -> 0
A28: 23 | B28: （五）非专利技术 | D28: ='无形资产，长期待摊费用'!B15 -> 0 | E28: ='无形资产，长期待摊费用'!F15 -> 0 | F28: ='无形资产，长期待摊费用'!G15 -> 0 | G28: ='无形资产，长期待摊费用'!H15 -> 0 | H28: ='无形资产，长期待摊费用'!I15 -> 0 | I28: * | J28: * | K28: ='无形资产，长期待摊费用'!J15 -> 0 | L28: =E28-H28 -> 0
A29: 24 | B29: （六）特许权使用费 | D29: ='无形资产，长期待摊费用'!B16 -> 0 | E29: ='无形资产，长期待摊费用'!F16 -> 0 | F29: ='无形资产，长期待摊费用'!G16 -> 0 | G29: ='无形资产，长期待摊费用'!H16 -> 0 | H29: ='无形资产，长期待摊费用'!I16 -> 0 | I29: * | J29: * | K29: ='无形资产，长期待摊费用'!J16 -> 0 | L29: =E29-H29 -> 0
A30: 25 | B30: （七）软件 | D30: ='无形资产，长期待摊费用'!B17 -> 0 | E30: ='无形资产，长期待摊费用'!F17 -> 0 | F30: ='无形资产，长期待摊费用'!G17 -> 0 | G30: ='无形资产，长期待摊费用'!H17 -> 0 | H30: ='无形资产，长期待摊费用'!I17 -> 0 | I30: * | J30: * | K30: ='无形资产，长期待摊费用'!J17 -> 0 | L30: =E30-H30 -> 0
A31: 26 | B31: 其中：享受企业外购软件加速摊销政策 | D31: ='无形资产，长期待摊费用'!B22 -> 0 | E31: ='无形资产，长期待摊费用'!F22 -> 0 | F31: ='无形资产，长期待摊费用'!G22 -> 0 | G31: ='无形资产，长期待摊费用'!H22 -> 0 | H31: =E31 -> 0 | I31: ='无形资产，长期待摊费用'!I22 -> 0 | J31: =H31-I31 -> 0 | K31: ='无形资产，长期待摊费用'!K22 -> 0 | L31: *
A32: 27 | B32: （八）其他 | D32: ='无形资产，长期待摊费用'!B27 -> 0 | E32: ='无形资产，长期待摊费用'!F27 -> 0 | F32: ='无形资产，长期待摊费用'!G27 -> 0 | G32: ='无形资产，长期待摊费用'!H27 -> 0 | H32: ='无形资产，长期待摊费用'!I27 -> 0 | I32: * | J32: * | K32: ='无形资产，长期待摊费用'!J27 -> 0 | L32: =E32-H32 -> 0
A33: 28 | B33: 四、长期待摊费用（32+33+34+35+36） | D33: ='无形资产，长期待摊费用'!B28 -> 0 | E33: ='无形资产，长期待摊费用'!F28 -> 0 | F33: ='无形资产，长期待摊费用'!G28 -> 0 | G33: ='无形资产，长期待摊费用'!H28 -> 0 | H33: ='无形资产，长期待摊费用'!I28 -> 0 | I33: * | J33: * | K33: ='无形资产，长期待摊费用'!J28 -> 0 | L33: =E33-H33 -> 0
A34: 29 | B34: （一）已足额提取折旧的固定资产的改建支出 | D34: ='无形资产，长期待摊费用'!B29 -> 0 | E34: ='无形资产，长期待摊费用'!F29 -> 0 | F34: ='无形资产，长期待摊费用'!G29 -> 0 | G34: ='无形资产，长期待摊费用'!H29 -> 0 | H34: ='无形资产，长期待摊费用'!I29 -> 0 | I34: * | J34: * | K34: ='无形资产，长期待摊费用'!J29 -> 0 | L34: =E34-H34 -> 0
A35: 30 | B35: （二）租入固定资产的改建支出 | D35: ='无形资产，长期待摊费用'!B30 -> 0 | E35: ='无形资产，长期待摊费用'!F30 -> 0 | F35: ='无形资产，长期待摊费用'!G30 -> 0 | G35: ='无形资产，长期待摊费用'!H30 -> 0 | H35: ='无形资产，长期待摊费用'!I30 -> 0 | I35: * | J35: * | K35: ='无形资产，长期待摊费用'!J30 -> 0 | L35: =E35-H35 -> 0
A36: 31 | B36: （三）固定资产的大修理支出 | D36: ='无形资产，长期待摊费用'!B31 -> 0 | E36: ='无形资产，长期待摊费用'!F31 -> 0 | F36: ='无形资产，长期待摊费用'!G31 -> 0 | G36: ='无形资产，长期待摊费用'!H31 -> 0 | H36: ='无形资产，长期待摊费用'!I31 -> 0 | I36: * | J36: * | K36: ='无形资产，长期待摊费用'!J31 -> 0 | L36: =E36-H36 -> 0
A37: 32 | B37: （四）开办费 | D37: ='无形资产，长期待摊费用'!B34 -> 0 | E37: ='无形资产，长期待摊费用'!F34 -> 0 | F37: ='无形资产，长期待摊费用'!G34 -> 0 | G37: ='无形资产，长期待摊费用'!H34 -> 0 | H37: ='无形资产，长期待摊费用'!I34 -> 0 | I37: * | J37: * | K37: ='无形资产，长期待摊费用'!J34 -> 0 | L37: =E37-H37 -> 0
A38: 33 | B38: （五）其他 | D38: ='无形资产，长期待摊费用'!B35 -> 0 | E38: ='无形资产，长期待摊费用'!F35 -> 0 | F38: ='无形资产，长期待摊费用'!G35 -> 0 | G38: ='无形资产，长期待摊费用'!H35 -> 0 | H38: ='无形资产，长期待摊费用'!I35 -> 0 | I38: * | J38: * | K38: ='无形资产，长期待摊费用'!J35 -> 0 | L38: =E38-H38 -> 0
A39: 34 | B39: 五、油气勘探投资 | I39: * | J39: * | L39: =E39-H39 -> 0
A40: 35 | B40: 六、油气开发投资 | I40: * | J40: * | L40: =E40-H40 -> 0
A41: 36 | B41: 合计（1+18+21+31+37+38） | D41: =D6+D20+D23+D33+D39+D40 -> 26910 | E41: =E6+E20+E23+E33+E39+E40 -> 6467.36 | F41: =F6+F20+F23+F33+F39+F40 -> 22140.07 | G41: =G6+G20+G23+G33+G39+G40 -> 26910 | H41: =H6+H20+H23+H33+H39+H40 -> 6467.36 | I41: =SUM(I13:I19)+I31 -> 0 | J41: =SUM(J13:J19)+J31 -> 0 | K41: =K6+K20+K23+K33+K39+K40 -> 22140.07 | L41: =E41-H41 -> 0
A42: 附列资料 | C42: 全民所有制改制资产评估增值政策资产 | I42: * | J42: * | L42: =E42-H42 -> 0

Sheet A105090资产损失税前扣除及纳税调整明细表
A1: A105090 资产损失税前扣除及纳税调整明细表
A3: 行次 | B3: 项目 | C3: 资产损失的账载金额 | D3: 资产处置收入 | E3: 赔偿收入 | F3: 资产计税基础 | G3: 资产损失的税收金额 | H3: 纳税调整金额
C4: 1 | D4: 2 | E4: 3 | F4: 4 | G4: 5（4-2-3） | H4: 6（1-5）
A5: 1 | B5: 一、清单申报资产损失（2+3+4+5+6+7+8） | C5: =SUM(C6:C12) -> 0 | D5: =SUM(D6:D12) -> 0 | E5: =SUM(E6:E12) -> 0 | F5: =SUM(F6:F12) -> 0 | G5: =SUM(G6:G12) -> 0 | H5: =SUM(H6:H12) -> 0
A6: 2 | B6: （一）正常经营管理活动中，按照公允价格销售、转让、变卖非货币资产的损失 | G6: =F6-D6-E6 -> 0 | H6: =C6-G6 -> 0
A7: 3 | B7: （二）存货发生的正常损耗 | G7: =F7-D7-E7 -> 0 | H7: =C7-G7 -> 0
A8: 4 | B8: （三）固定资产达到或超过使用年限而正常报废清理的损失 | G8: =F8-D8-E8 -> 0 | H8: =C8-G8 -> 0
A9: 5 | B9: （四）生产性生物资产达到或超过使用年限而正常死亡发生的资产损失 | G9: =F9-D9-E9 -> 0 | H9: =C9-G9 -> 0
A10: 6 | B10: （五）按照市场公平交易原则，通过各种交易场所、市场等买卖债券、股票、期货、基金以及金融衍生产品等发生的损失 | G10: =F10-D10-E10 -> 0 | H10: =C10-G10 -> 0
A11: 7 | B11: （六）分支机构上报的资产损失 | G11: =F11-D11-E11 -> 0 | H11: =C11-G11 -> 0
A12: 8 | B12: （七）其他 | G12: =F12-D12-E12 -> 0 | H12: =C12-G12 -> 0
A13: 9 | B13: 二、专项申报资产损失（10+11+12+13） | C13: =SUM(C14:C17) -> 0 | D13: =SUM(D14:D17) -> 0 | E13: =SUM(E14:E17) -> 0 | F13: =SUM(F14:F17) -> 0 | G13: =SUM(G14:G17) -> 0 | H13: =SUM(H14:H17) -> 0
A14: 10 | B14: （一）货币资产损失 | G14: =F14-D14-E14 -> 0 | H14: =C14-G14 -> 0
A15: 11 | B15: （二）非货币资产损失 | G15: =F15-D15-E15 -> 0 | H15: =C15-G15 -> 0
A16: 12 | B16: （三）投资损失 | G16: =F16-D16-E16 -> 0 | H16: =C16-G16 -> 0
A17: 13 | B17: （四）其他 | G17: =F17-D17-E17 -> 0 | H17: =C17-G17 -> 0
A18: 14 | B18: 合计（1+9） | C18: =C5+C13 -> 0 | D18: =D5+D13 -> 0 | E18: =E5+E13 -> 0 | G18: =G5+G13 -> 0 | H18: =H5+H13 -> 0

Sheet A105100企业重组纳税调整明细表
A1: A105100
A2: 企业重组及递延纳税事项纳税调整明细表
A3: 行次 | B3: 项 目 | C3: 一般性税务处理 | F3: 特殊性税务处理 | I3: 纳税调整金额
C4: 账载金额 | D4: 税收金额 | E4: 纳税调整金额 | F4: 账载金额 | G4: 税收金额 | H4: 纳税调整金额
C5: 1 | D5: 2 | E5: 3(2-1) | F5: 4 | G5: 5 | H5: 6(5-4) | I5: 7(3+6)
A6: 1 | B6: 一、债务重组 | E6: =D6-C6 -> 0 | H6: =G6-F6 -> 0 | I6: =H6+E6 -> 0
A7: 2 | B7: 其中：以非货币性资产清偿债务 | E7: =D7-C7 -> 0 | H7: =G7-F7 -> 0 | I7: =H7+E7 -> 0
A8: 3 | B8: 债转股 | E8: =D8-C8 -> 0 | H8: =G8-F8 -> 0 | I8: =H8+E8 -> 0
A9: 4 | B9: 二、股权收购 | E9: =D9-C9 -> 0 | H9: =G9-F9 -> 0 | I9: =H9+E9 -> 0
A10: 5 | B10: 其中：涉及跨境重组的股权收购 | E10: =D10-C10 -> 0 | H10: =G10-F10 -> 0 | I10: =H10+E10 -> 0
A11: 6 | B11: 三、资产收购 | E11: =D11-C11 -> 0 | H11: =G11-F11 -> 0 | I11: =H11+E11 -> 0
A12: 7 | B12: 其中：涉及跨境重组的资产收购 | E12: =D12-C12 -> 0 | H12: =G12-F12 -> 0 | I12: =H12+E12 -> 0
A13: 8 | B13: 四、企业合并（9+10） | C13: =C14+C15 -> 0 | D13: =D14+D15 -> 0 | E13: =D13-C13 -> 0 | F13: =F14+F15 -> 0 | G13: =G14+G15 -> 0 | H13: =G13-F13 -> 0 | I13: =H13+E13 -> 0
A14: 9 | B14: 其中：同一控制下企业合并 | E14: =D14-C14 -> 0 | H14: =G14-F14 -> 0 | I14: =H14+E14 -> 0
A15: 10 | B15: 非同一控制下企业合并 | E15: =D15-C15 -> 0 | H15: =G15-F15 -> 0 | I15: =H15+E15 -> 0
A16: 11 | B16: 五、企业分立 | E16: =D16-C16 -> 0 | H16: =G16-F16 -> 0 | I16: =H16+E16 -> 0
A17: 12 | B17: 六、非货币性资产对外投资 | E17: =D17-C17 -> 0 | H17: =G17-F17 -> 0 | I17: =H17+E17 -> 0
A18: 13 | B18: 七、技术入股 | E18: =D18-C18 -> 0 | H18: =G18-F18 -> 0 | I18: =H18+E18 -> 0
A19: 14 | B19: 八、股权划转、资产划转 | E19: =D19-C19 -> 0 | H19: =G19-F19 -> 0 | I19: =H19+E19 -> 0
A20: 15 | B20: 九、其他 | E20: =D20-C20 -> 0 | H20: =G20-F20 -> 0 | I20: =H20+E20 -> 0
A21: 16 | B21: 合计（1+4+6+8+11+12+13+14+15） | C21: =C6+C9+C11+C13+C16+C17+C18+C19+C20 -> 0 | D21: =D6+D9+D11+D13+D16+D17+D18+D19+D20 -> 0 | E21: =E6+E9+E11+E13+E16+E17+E18+E19+E20 -> 0 | F21: =F6+F9+F11+F13+F16+F17+F18+F19+F20 -> 0 | G21: =G6+G9+G11+G13+G16+G17+G18+G19+G20 -> 0 | H21: =H6+H9+H11+H13+H16+H17+H18+H19+H20 -> 0 | I21: =I6+I9+I11+I13+I16+I17+I18+I19+I20 -> 0

Sheet A106000企业所得税弥补亏损明细表
A1: A106000
A2: 企业所得税弥补亏损明细表
A3: 行次 | B3: 项目 | C3: 年度 | D3: 当年境内所得额 | E3: 分立转出的亏损额 | F3: 合并、分立转入 | H3: 弥补亏损企业类型 | I3: 当年亏损额 | J3: 当年待弥补的亏损额 | K3: 用本年度所得额弥补的以前年度亏损额 | M3: 当年可结转以后年度弥补的亏损额
F4: 的亏损额
F5: 可弥补年限5年 | G5: 可弥补年限10年 | K5: 使用境内所得弥补 | L5: 使用境外所得弥补
C6: 1 | D6: 2 | E6: 3 | F6: 4 | G6: 5 | H6: 6 | I6: 7 | J6: 8 | K6: 9 | L6: 10 | M6: 11
A7: 1 | B7: 前十年度 | C7: 2008 | M7: 0
A8: 2 | B8: 前九年度 | C8: 2009 | M8: =J8-K8-L8 -> 0
A9: 3 | B9: 前八年度 | C9: 2010 | M9: =J9-K9-L9 -> 0
A10: 4 | B10: 前七年度 | C10: 2011 | M10: =J10-K10-L10 -> 0
A11: 5 | B11: 前六年度 | C11: 2012 | M11: =J11-K11-L11 -> 0
A12: 6 | B12: 前五年度 | C12: 2013 | D12: =弥补亏损!D10 -> 0 | M12: =J12-K12-L12 -> 0
A13: 7 | B13: 前四年度 | C13: 2014 | D13: =弥补亏损!D11 -> 0 | M13: =J13-K13-L13 -> 0
A14: 8 | B14: 前三年度 | C14: 2015 | D14: =弥补亏损!D12 -> 0 | M14: =J14-K14-L14 -> 0
A15: 9 | B15: 前二年度 | C15: 2016 | D15: =弥补亏损!D13 -> 0 | M15: =J15-K15-L15 -> 0
A16: 10 | B16: 前一年度 | C16: 2017 | D16: =弥补亏损!D14 -> 0 | M16: =J16-K16-L16 -> 0
A17: 11 | B17: 本年度 | C17: 2018 | D17: =弥补亏损!D15 -> 40000334 | K17: =SUM(K7:K16) -> 0 | L17: =SUM(L7:L16) -> 0 | M17: =J17 -> 0
A18: 12 | B18: 可结转以后年度弥补的亏损额合计 | M18: =SUM(M7:M17) -> 0
A20: （一）表内关系
A21: 1.当第2列＜0且第3列＞0时，第3列＜第2列的绝对值；当第2列≥0时，则第3列＝0。
A22: 2.第9列第11行＝第9列第1+2+3+4+5+6+7+8+9+10行；当第2列第11行≤0时，第9列第1行至第11行＝0；当第2列第11行＞0时，第9列第11行≤第2列第11行。
A23: 3.第10列第11行＝第10列第1+2+3+4+5+6+7+8+9+10行。
A24: 4.第11列第12行＝第11列第1+2+3+4+5+6+7+8+9+10+11行。
A25: 5.第1行第11列＝0；第2至10行第11列＝第8-9-10列；第11行第11列＝第8列。
A26: （二）表间关系
A27: 1.第11行第2列＝表A100000第19-20行。
A28: 2.第11行第9列＝表A100000第21行。
A29: 3.第11行第10列＝表A108000第10行第6列-表A100000第18行。

Sheet A107011股息红利优惠明细表
A1: A107011
A2: 符合条件的居民企业之间的股息、红利等权益性投资收益优惠明细表
A4: 行次 | B4: 被投资企业 | C4: 被投资企业统一社会信用代码（纳税人识别号） | D4: 投资性质 | E4: 投资成本 | F4: 投资比例 | G4: 被投资企业利润分配确认金额 | I4: 被投资企业清算确认金额 | L4: 撤回或减少投资确认金额 | R4: 合计
C5: 2
G6: 被投资企业做出利润分配或转股决定时间 | H6: 依决定归属于本公司的股息、红利等权益性投资收益金额 | I6: 分得的被投资企业清算剩余资产 | J6: 被清算企业累计未分配利润和累计盈余公积应享有部分 | K6: 应确认的股息所得 | L6: 从被投资企业撤回或减少投资取得的资产 | M6: 减少投资比例 | N6: 收回初始投资成本 | O6: 取得资产中超过收回初始投资成本部分 | P6: 撤回或减少投资应享有被投资企业累计未分配利润和累计盈余公积 | Q6: 应确认的股息所得
B15: 1 | C15: 2 | D15: 3 | E15: 4 | F15: 5 | G15: 6 | H15: 7 | I15: 8 | J15: 9 | K15: 10(8与9孰小) | L15: 11 | M15: 12 | N15: 13(4×12) | O15: 14(11-13) | P15: 15 | Q15: 16(14与15孰小) | R15: 17(7+10+16)
A16: 1 | N16: =E16*M16 -> 0 | O16: =L16-N16 -> 0 | R16: =H16+K16+Q16 -> 0
A17: 2 | N17: =E17*M17 -> 0 | O17: =L17-N17 -> 0 | R17: =H17+K17+Q17 -> 0
A18: 3 | N18: =E18*M18 -> 0 | O18: =L18-N18 -> 0 | R18: =H18+K18+Q18 -> 0
A19: 4 | N19: =E19*M19 -> 0 | O19: =L19-N19 -> 0 | R19: =H19+K19+Q19 -> 0
A20: 5 | N20: =E20*M20 -> 0 | O20: =L20-N20 -> 0 | R20: =H20+K20+Q20 -> 0
A21: 6 | N21: =E21*M21 -> 0 | O21: =L21-N21 -> 0 | R21: =H21+K21+Q21 -> 0
A22: 7 | N22: =E22*M22 -> 0 | O22: =L22-N22 -> 0 | R22: =H22+K22+Q22 -> 0
A23: 8 | N23: =E23*M23 -> 0 | O23: =L23-N23 -> 0 | R23: =H23+K23+Q23 -> 0
A24: 9 | N24: =E24*M24 -> 0 | O24: =L24-N24 -> 0 | R24: =H24+K24+Q24 -> 0
A25: 10 | B25: 合计 | C25: * | D25: * | E25: * | F25: * | G25: * | H25: =SUM(H16:H24) -> 0 | I25: * | J25: * | K25: =SUM(K16:K24) -> 0 | L25: * | M25: * | N25: * | O25: * | P25: * | Q25: =SUM(Q16:Q24) -> 0 | R25: =H25+K25+Q25 -> 0

Sheet 4-5-1应收账款
A1: ='[15]3-1、3-6主营业务收入、成本鉴证表'!A1 -> #REF! | I1: 编 制： | J1: =调整表!E1 -> 王翠英
I2: 日 期： | J2: =调整表!G1 -> 46040
